Workbook

Sheet RREO
A1: Prefeitura Municipal de Cacapava do Sul - RS
A2: Relatório Resumido da Execução Orçamentária
A3: Demonstrativo Simplificado do Relatório Resumido da Execução Orçamentária
A4: Orçamentos Fiscal e da Seguridade Social
A5: Janeiro a Outubro 2021/Bimestre Setembro-Outubro
A6: RREO - Anexo 14 (LRF, Art. 48) | F6: Em Reais
A7: BALANÇO ORÇAMENTÁRIO | D7: Até o bimestre
A8: RECEITAS
B9: Previsão Inicial | D9: 1.4036171e+08
B10: Previsão Atualizada | D10: 1.4760926e+08
B11: Receitas Realizadas | D11: 1.2020665e+08
B12: Déficit Orçamentário | D12: -
B13: Saldos de Exercícios Anteriores(Utilizados para Créditos Adicionais) | D13: 6768730.7
A14: DESPESAS
B15: Dotação Inicial | D15: 1.3739269e+08
B16: Dotação Atualizada | D16: 1.5235986e+08
B17: Despesas Empenhadas | D17: 1.1178124e+08
B18: Despesas Liquidadas | D18: 1.0732552e+08
B19: Despesas Pagas | D19: 1.0239844e+08
B20: Superávit Orçamentário | D20: 12881132
A22: DESPESAS POR FUNÇÃO/SUBFUNÇÃO | D22: Até o bimestre
A23: Despesas Empenhadas | D23: 1.1178124e+08
A24: Despesas Liquidadas | D24: =108578370.1-880000 -> 1.0769837e+08
A26: RECEITA CORRENTE LÍQUIDA - RCL | D26: Até o bimestre
A27: Receita Corrente Líquida | D27: =109028370.1 -> 1.0902837e+08
A28: Receita Corrente Líquida Ajustada para Cálculo dos Limites de Endividamento | D28: =108578370.1-880000 -> 1.0769837e+08
A29: Receita Corrente Líquida Ajustada para Cálculo dos Limites da Despesa com Pessoal | D29: =108578370.1-880000 -> 1.0769837e+08
A31: RECEITAS E DESPESAS DO REGIME PRÓPRIO DE PREVIDÊNCIA DOS SERVIDORES | D31: Até o bimestre
A32: Regime Próprio de Previdência Social dos Servidores - PLANO PREVIDENCIÁRIO
B33: Receitas Previdenciárias Realizadas | D33: 13024053
B34: Despesas Previdenciárias Empenhadas | D34: 18626473
B35: Despesas Previdenciárias Liquidadas | D35: 18626473
B36: Resultado Previdenciário | D36: -5602420.1
A37: Regime Próprio de Previdência Social dos Servidores - PLANO FINANCEIRO
B38: Receitas Previdenciárias Realizadas | D38: 0
B39: Despesas Previdenciárias Empenhadas | D39: 0
B40: Despesas Previdenciárias Liquidadas | D40: 0
B41: Resultado Previdenciário | D41: 0
A43: RESULTADOS PRIMÁRIO E NOMINAL | D43: Meta Fixada no | E43: Resultado Apurado | F43: % em Relação à Meta
D44: Anexo de Metas | E44: Até o Bimestre
D45: Fiscais da LDO
D46: (a) | E46: (b) | F46: (b/a)
A47: Resultado Primário | D47: 1.2674926e+08 | E47: 9552005.1 | F47: 7.54
A48: Resultado Nominal | D48: 5797498.7 | E48: 9796197.7 | F48: 168.97
A50: RESTOS A PAGAR POR PODER E MINISTÉRIO PÚBLICO | D50: Inscrição | E50: Cancelamento | F50: Pagamento | G50: Saldo
E51: Até o bimestre | F51: Até o bimestre | G51: a Pagar
B52: RESTOS A PAGAR PROCESSADOS | D52: 26684024 | E52: 7518.73 | F52: 6622066.2 | G52: 20054439
C53: Poder Executivo | D53: 26681873 | E53: 7518.73 | F53: 6619915.2 | G53: 20054439
C54: Poder Legislativo | D54: 2150.91 | E54: 0 | F54: 2150.91 | G54: 0
B55: RESTOS A PAGAR NÃO-PROCESSADOS | D55: 2756615.1 | E55: 3887.19 | F55: 1129516.2 | G55: 1623211.8
C56: Poder Executivo | D56: 2756615.1 | E56: 3887.19 | F56: 1129516.2 | G56: 1623211.8
C57: Poder Legislativo | D57: 0 | E57: 0 | F57: 0 | G57: 0
A58: TOTAL | D58: 29440639 | E58: 11405.92 | F58: 7751582.3 | G58: 21677651
E60: Limites Constitucionais Anuais
A61: DESPESAS COM MANUTENÇÃO E DESENVOLVIMENTO DO ENSINO | D61: Valor Apurado | E61: % Mínimo a | F61: % Aplicado Até o
D62: Até o Bimestre | E62: Aplicar no Exercício | F62: Bimestre
A63: Mínimo Anual de 25% das Receitas de Impostos na Manutenção e Desenvolvimento do Ensino | D63: =13962651.26 -> 13962651 | E63: 0.25 | F63: 20.88
A64: Mínimo Anual de 70% do FUNDEB na Remuneração dos Profissionais da Educação Básica | D64: 0 | E64: 0.7 | F64: 0
A65: Percentual de 50% da Complementação da União ao FUNDEB (VAAT) na Educação Infantil | D65: 0 | E65: 0.5 | F65: 0
A66: Mínimo de 15% da Complementação da União ao FUNDEB (VAAT) em Despesas de Capital | D66: 0 | E66: 0.15 | F66: 0
D68: Valor Apurado | E68: Limite Constitucional Anual
A69: DESPESAS COM AÇÕES E SERVIÇOS PÚBLICOS DE SAÚDE | D69: Até o Bimestre | E69: % Mínimo a | F69: % Aplicado Até o Bimestre
E70: Aplicar no exercicio
A71: Despesas com Ações e Serviços Públicos de Saúde executadas com recursos de impostos | D71: =13944799.05 -> 13944799 | E71: 0.15 | F71: 20.86
A73: DESPESAS DE CARÁTER CONTINUADO DERIVADAS DE PPP | D73: Valor Apurado no Exercício Corrente
A74: Total das Despesas/RCL (%) | D74: 0
B81: Giovani Amestoy da Silva | D81: Ihoko Nakashima Mota | F81: Arlei Lopes Souza
B82: Prefeito Municipal | D82: Secret. de Município da Fazenda | F82: Contador - CRC/RS: 068452/O-6

Sheet RCL
B1: DEMONSTRATIVO DA RECEITA CORRENTE LÍQUIDA | E1: INSTRUÇÃO NORMATIVA nº 4/2021 - TCE/RS. | H1: Página: 1/2 | I1: DEMONSTRATIVO DA RECEITA CORRENTE LÍQUIDA | M1: INSTRUÇÃO NORMATIVA nº 4/2021 - TCE/RS. | U1: Página: 2/2
C2: TOTAIS: | D2: 44470 | E2: 44440 | F2: 44409 | G2: 44378 | H2: 44348 | I2: 44317 | J2: 44287 | K2: 44256 | L2: 44228 | M2: 44197 | N2: 44166 | O2: 44136
A3: Lei Complementar Federal Nº 101/2000 - Inciso I do Artigo 53 | D3: 12º Mês | E3: 11º mês | F3: 10º Mês | G3: 09º mês | H3: 08º Mês | I3: 07º mês | J3: 06º Mês | K3: 05º Mês | L3: 04º Mês | M3: 03º Mês | N3: 02º Mês | O3: 01º Mês
A4: Discriminação | B4: Códificação: | C4: =SUM(D4:O4) -> 0
A5: I - RECEITAS CORRENTES | C5: =SUM(D5:O5) -> 1.1978675e+08 | D5: =D6-D7 -> 11215125 | E5: =E6-E7 -> 8599619.9 | F5: =F6-F7 -> 9409782.6 | G5: =G6-G7 -> 12193906 | H5: =H6-H7 -> 8870336.5 | I5: =I6-I7 -> 9932379.9 | J5: =J6-J7 -> 9629502.4 | K5: =K6-K7 -> 9014518.8 | ... O5: =O6-O7 -> 8375628.6
A6: Receitas Correntes | B6: 1.0.0.0.0.00.00.00 | C6: =SUM(D6:O6) -> 1.3502973e+08 | D6: 13127308 | E6: 9720598.5 | F6: =10728421.86 -> 10728422 | G6: 13657496 | H6: =9968466.03 -> 9968466 | I6: 11100660 | J6: =10680236.85 -> 10680237 | K6: 10150954 | L6: =9916523.05 -> 9916523.1 | M6: =11591995.86 -> 11591996 | N6: =15002415.79 -> 15002416 | O6: =9384652.81 -> 9384652.8
A7: (R) Deduções das Receitas Correntes | B7: 9.1.0.0.0.00.0.0.00.00.00.00 | C7: =SUM(D7:O7) -> 15242977 | D7: 1912183 | E7: =1120978.6 -> 1120978.6 | F7: =1318639.3 -> 1318639.3 | G7: 1463590.1 | H7: =1098129.55 -> 1098129.6 | I7: =1168280.37 -> 1168280.4 | J7: 1050734.4 | K7: 1136435.2 | L7: 1150006.5 | M7: 1492920.3 | N7: 1322055.5 | O7: 1009024.2
A8: II - DEDUÇÕES | C8: =SUM(D8:O8) -> 10758382 | D8: =SUM(D9:D30) -> 758296.16 | E8: =SUM(E9:E30) -> 789004.97 | F8: =SUM(F9:F30) -> 672336.2 | G8: =SUM(G9:G30) -> 678619.85 | H8: =SUM(H9:H30) -> 698021.15 | I8: =SUM(I9:I30) -> 853276.06 | J8: =SUM(J9:J30) -> 953538.44 | K8: =SUM(K9:K30) -> 694792.87 | ... O8: =SUM(O9:O30) -> 1092407.8
A9: Ativos/Inativos Poder Executivo/Indiretas | B9: 1.1.1.3.03.1.1.01 | C9: =SUM(D9:O9) -> 536009.37 | N9: 352766.44 | O9: 183242.93
A10: Ativos/Inativos Poder Legislativo | B10: 1.1.1.3.03.1.1.02 | C10: =SUM(D10:O10) -> 58081.91 | N10: 43092.75 | O10: 14989.16
A11: Contribuições para Custeio dos Sistemas Previdenciário e Assistencial
A12: Contribuições Sociais Específicas de Estados, DF e Municípios | B12: 1.2.1.8.00.0.0.00.00.00
A13: Contribuição para o RPPS do Servidor Público | B13: 1.2.1.8.01 | C13: =SUM(D13:O13) -> 5075995.2 | D13: =293539.42+89308.42+5470.32 -> 388318.16 | E13: =299513.45+89308.42+5470.32 -> 394292.19 | F13: =294469.34+89696.81+5886.79 -> 390052.94 | G13: =296366.8+88943.6+5398.89 -> 390709.29 | H13: =298472.38+5398.89+88625.3 -> 392496.57 | I13: =298361.17+88371.47+5398.89 -> 392131.53 | J13: =313926.32+96754.49+6252.66 -> 416933.47 | K13: =318012.38+94784+6494.53 -> 419290.91 | L13: =307814.79+84619.56+4732.59 -> 397166.94 | M13: =302663.53+89412.23+5381.31 -> 397457.07 | N13: =628085.06+173817.83+10572.17 -> 812475.06 | O13: =282880.52+1399.1+391.41 -> 284671.03
A14: Contribuição Social para o Financiamento da Seguridade Social | B14: 1.2.1.9.99.1.1.03 e .04 | C14: =SUM(D14:O14) -> 1616910.1 | D14: =97373.51+54029.42 -> 151402.93 | E14: =78297.89+53855.24 -> 132153.13 | F14: =79675.55+54607.44 -> 134282.99 | G14: =79600.29+53390.39 -> 132990.68 | H14: =80247.08+53261.04 -> 133508.12 | I14: =79557.62+53143.65 -> 132701.27 | J14: =81236.98+55047.24 -> 136284.22 | K14: =79585.02+54161.84 -> 133746.86 | L14: =77926.13+51030.99 -> 128957.12 | M14: =90346.65+50949.34 -> 141295.99 | N14: =79963.94+50813.43 -> 130777.37 | O14: =77968.47+50840.92 -> 128809.39
A15: Compensação Previdenciária ao RPPS | C15: =SUM(D15:O15) -> 0
A16: Compensação Financeira entre o Regime Geral e os Regimes Próprios de Previdência dos Servidores (312) | B16: 1.9.9.0.03.1.1.00.00.00 | C16: =SUM(D16:O16) -> 457598.99 | D16: 41374.67 | E16: 41374.67 | F16: =41374.67 -> 41374.67 | G16: 41374.67 | H16: 41374.67 | I16: =41257.47 -> 41257.47 | J16: 41167.85 | K16: 41167.85 | N16: 84754.98 | O16: =42377.49 -> 42377.49
A17: Receitas do RPPS - Remuneração e Outras Receitas | C17: =SUM(D17:O17) -> 0
A18: Remuneração dos Recurso do Regime Próprio de Previdências Social - RPPS (310) | B18: 1.3.2.1.00.4.0.00.00.00 | C18: =SUM(D18:O18) -> 1496910.6 | D18: =356724.71-334520.02 -> 22204.69 | E18: =207190.52-117856.34 -> 89334.18 | F18: =93050.89-139895.26 -> -46844.37 | G18: =73898.94-87402.27 -> -13503.33 | H18: =48213.11-50509.62 -> -2296.51 | I18: =196118.17-25818.29 -> 170299.88 | J18: =248546.13-11575.91 -> 236970.22 | K18: =70335.98-81867.41 -> -11531.43 | L18: =7644.48 -> 7644.48 | M18: =21390.5-13008.99 -> 8381.51 | N18: 693735.59 | O18: =342515.73 -> 342515.73
A19: Outras Receitas Receitas Diretamente Arrecadadas pelo RPPS (1.2.1.8.03.1.1) 326 | B19: 1.9.9.0.99.1.X.01.00.00 | C19: =SUM(D19:O19) -> 14733.87 | G19: 1056.75 | H19: 1981.34 | I19: 1981.34 | J19: =1981.34 -> 1981.34 | K19: =1981.34 -> 1981.34 | L19: 1437.94 | M19: 1437.94 | N19: =1437.94 -> 1437.94 | O19: 1437.94
A20: Receitas do Fundo de Assistência Social Social dos Servidores | B20: 1.3.2.1.00.1.1.01.10 | C20: =SUM(D20:O20) -> 0
A21: Remuneração de Depósitos Bancários de Recursos Vinculados - Fundo de Assistência Social | B21: 1.3.2.1.00.1.X.01.09
A22: Receitas Diretamente Arrecadadas pelo Fundo de Assistência Social dos Servidores | B22: 1.9.9.0.99.1.X.02.00.00 | C22: =SUM(D22:O22) -> 0
A23: Receitas do Fundo de Assistência à Saúde do Servidor | C23: =SUM(D23:O23) -> 0
A24: Remuneração de Depósito Bancários de Recursos Vínculados - Fundo de Assistência à Saúde do Servidor (341) | B24: 1.3.2.1.00.1.X.01.10.00 | C24: =SUM(D24:O24) -> 26730.75 | D24: 3251.51 | E24: 3466.3 | F24: =3240.91 -> 3240.91 | G24: =2716.37 -> 2716.37 | H24: =3681.13 -> 3681.13 | I24: =2624.65 -> 2624.65 | J24: =390.81 -> 390.81 | K24: 1595.84 | L24: 1427.22 | M24: =1444.23 -> 1444.23 | N24: 1446.92 | O24: 1444.86
A25: Receitas Diretamente Arrecadadas pelo Fundo de Assistência à Saúde dos Servidores (343) | B25: 1.9.9.0.99.1.X.03.00.00 | C25: =SUM(D25:O25) -> 1475411.4 | D25: 151744.2 | E25: =128384.5 -> 128384.5 | F25: =150351.34-122.28 -> 150229.06 | G25: =123275.42 -> 123275.42 | H25: =127275.83 -> 127275.83 | I25: =112279.92 -> 112279.92 | J25: =119852.53-42 -> 119810.53 | K25: =108541.5 -> 108541.5 | L25: =119962.13-2155.23 -> 117806.9 | M25: =107183.73-259.75 -> 106923.98 | N25: 136220.31 | O25: =93159.28-240 -> 92919.28
A26: Outras Contribuições Sociais | C26: =SUM(D26:O26) -> 0
A27: Outras Contribuições Sociais (1) | B27: 1.2.1.9.00.0.0.00.00.00 | C27: =SUM(D27:O27) -> 0
A28: ( - ) Compensação Previdenciárfia à Prefeitura Municipal | B28: (1.2.1.9.99.1.X.01.00.00) | C28: =SUM(D28:O28) -> 0
A29: ( - ) Contribuição dos Inativos e Pensionistas à Prefeitura Municipal | B29: (1.2.1.9.99.1.X.02.00.00) | C29: =SUM(D29:O29) -> 0
A30: ( R ) Todas as contas dedutoras de receita correspondentes às utilizadas acima | C30: =SUM(D30:O30) -> 0
A31: III - SUBTOTAL (III = I - II) | C31: =SUM(D31:O31) -> 1.0902837e+08 | D31: =D5-D8 -> 10456829 | E31: =E5-E8 -> 7810614.9 | F31: =F5-F8 -> 8737446.4 | G31: =G5-G8 -> 11515286 | H31: =H5-H8 -> 8172315.3 | I31: =I5-I8 -> 9079103.9 | J31: =J5-J8 -> 8675964 | K31: =K5-K8 -> 8319725.9 | ... O31: =O5-O8 -> 7283220.8
A32: IV - ( + ) Perda para o FUNDEB | C32: =SUM(D32:O32) -> 0
A33: V - RECEITA CORRENTE LÍQUIDA (V = III + V) | C33: =SUM(D33:O33) -> 1.0902837e+08 | D33: =D31+D32 -> 10456829 | E33: =E31+E32 -> 7810614.9 | F33: =F31+F32 -> 8737446.4 | G33: =G31+G32 -> 11515286 | H33: =H31+H32 -> 8172315.3 | I33: =I31+I32 -> 9079103.9 | J33: =J31+J32 -> 8675964 | K33: =K31+K32 -> 8319725.9 | ... O33: =O31+O32 -> 7283220.8
A34: VI - Valor das Emendas Parlamentares de Individuais | C34: =SUM(D34:O34) -> 1330000 | D34: =880000 -> 880000 | G34: 350000 | N34: 100000
A35: VII - RECEITA CORRENTE LÍQUIDA Endividamento) (VIII = V - VI) | C35: =SUM(D35:O35) -> 1.0769837e+08 | D35: =D33-D34 -> 9576828.8 | E35: =E33-E34 -> 7810614.9 | F35: =F33-F34 -> 8737446.4 | G35: =G33-G34 -> 11165286 | H35: =H33-H34 -> 8172315.3 | I35: =I33-I34 -> 9079103.9 | J35: =J33-J34 -> 8675964 | K35: =K33-K34 -> 8319725.9 | ... O35: =O33-O34 -> 7283220.8
A36: VIII - Valor das Emendas Parlamentares de Bancada | C36: =SUM(D36:O36) -> 0
A37: IX - RECEITA CORRENTE LIQUIDA (Despesas com Pessoal) (IX = VII - VIII) | C37: =SUM(D37:O37) -> 1.0769837e+08 | D37: =D35-D36 -> 9576828.8 | E37: =E35-E36 -> 7810614.9 | F37: =F35-F36 -> 8737446.4 | G37: =G35-G36 -> 11165286 | H37: =H35-H36 -> 8172315.3 | I37: =I35-I36 -> 9079103.9 | J37: =J35-J36 -> 8675964 | K37: =K35-K36 -> 8319725.9 | ... O37: =O35-O36 -> 7283220.8
A38: Fonte da Metodologia TCE/RS. (OBS.: Foi deduzidos os valores das Emendandas Parlamentares) | C38: =108578370.1-880000 -> 1.0769837e+08 | D38: =10456828.75-D37 -> 880000 | E38: =7810614.92-E37 -> 0 | F38: =8737446.36-F37 -> 0 | G38: =11515286.49-G37 -> 350000 | H38: =8172315.33-H37 -> 0 | I38: =9079103.88-I37 -> 0
A39: ( 1 ) A Natureza de Receita 1.2.9.99.1.0.00.00.00 - Demais Contribuições Socias deverá ser detalhada conforme a necessidade do Orgão para a contabilização das contribuições para Fundos de Assitência Médica dos Servidores Municipais.
A40: ( 2 ) Valor correspondente à Soma das Receitas Arrecadadas no período com os complementos de recurso vínculado código 3110 - transferências da União decorrentes de Emendas Pralamentares Individuais e 3410 - TransferÊncias da União decorrentes de Emndas Parlamentares Individuais - COVID-19.
A41: ( 3 ) Valor correspondente à Soma das Receitas Arrecadadas no período com os complementos de recurso vínculado código 3120 - transferências da União decorrentes de Emendas Parlamentares de bancada e 3150 - Transferências da União decorrentes de Mendas Parlamentares de Emndas Parlamentares de Bancada - COVID-19.
A44: Giovani Amestoy da Silva | C44: Ihoko Nakashima Mota | G44: Arlei Lopes Souza
A45: Prefeito Municipal | C45: Secret. de Município da Fazenda | G45: Contador - CRC/RS: 068452/O-6

Sheet DCLP
B1: Modelo 2 - Demonstrativo da Despesa com Pessoal | H1: INSTRUÇÃO NORMATIVA nº 4/2021 - TCE/RS. | K1: Página: 1/2 | M1: Modelo 2 - Demonstrativo da Despesa com Pessoal | R1: INSTRUÇÃO NORMATIVA nº 4/2021 - TCE/RS. | W1: Página: 2/2
A2: Lei Complementar Federal nº 101/2000, artigo 54 e alínea "a" do inciso I do artigo 55
A3: Despesa Líquidada | B3: 9000 - Prefeitura e Fundos: | H3: Total dos últimos | I3: =RCL!D2 -> 44470 | J3: =RCL!E2 -> 44440 | K3: =RCL!F2 -> 44409 | L3: =RCL!G2 -> 44378 | M3: =RCL!H2 -> 44348 | N3: =RCL!I2 -> 44317 | O3: =RCL!J2 -> 44287 | P3: =RCL!K2 -> 44256 | ... T3: =RCL!O2 -> 44136
A4: Discriminação | B4: Detalhamento: | G4: Codificação: | H4: 12 meses | I4: 12º Mês | J4: 11º mês | K4: 10º Mês | L4: 9º Mês | M4: 8º Mês | N4: 7º Mês | O4: 6º Mês | P4: 5º Mês | Q4: 4º Mês | R4: 3º Mês | S4: 2º Mês | T4: 1º Mês
A5: I - NATUREZA DE DESPESA | H5: =SUM(I5:T5) -> 94196364 | I5: =I6+I7 -> 7307481.9 | J5: =J6+J7 -> 7201087.4 | K5: =K6+K7 -> 7291245.3 | L5: =L6+L7 -> 7457935.2 | M5: =M6+M7 -> 7299492 | N5: =N6+N7 -> 7278817.8 | O5: =O6+O7 -> 7237452.5 | P5: =P6+P7 -> 7701416.3 | ... T5: =T6+T7 -> 6729344.3
A6: Pessoal e encargos sociais | G6: 3.1.00.00.00.00 | H6: =SUM(I6:T6) -> 93214777 | I6: 7235984.9 | J6: =7106261.44 -> 7106261.4 | K6: =7167386.63 -> 7167386.6 | L6: =7526337.83-236922.78 -> 7289415 | M6: =7170867.52 -> 7170867.5 | N6: =7046389.84 -> 7046389.8 | O6: =7237452.49 -> 7237452.5 | P6: 7577072.3 | Q6: =7501662.83 -> 7501662.8 | R6: 7252406.9 | S6: 13900533 | T6: =6729344.26 -> 6729344.3
A7: Outras Despesas de Pessoal de Contratos de Terceirização - Substituição de mão de obra (art. 18, § 1º da LRF) | G7: 3.3.XX.34.01.00 | H7: =SUM(I7:T7) -> 981586.31 | I7: 71497 | J7: =94826 -> 94826 | K7: =123858.67 -> 123858.67 | L7: 168520.14 | M7: =128624.5 -> 128624.5 | N7: =232428 -> 232428 | P7: 124344 | Q7: 37488
A8: II - DEDUÇÕES | H8: =SUM(I8:T8) -> 29165943 | I8: =SUM(I9:I23) -> 1927648.6 | J8: =SUM(J9:J23) -> 1936051.9 | K8: =SUM(K9:K23) -> 2131854.3 | L8: =SUM(L9:L23) -> 2152315.4 | M8: =SUM(M9:M23) -> 2015189.9 | N8: =SUM(N9:N23) -> 1893137 | O8: =SUM(O9:O23) -> 2101713.6 | P8: =SUM(P9:P23) -> 2293464.9 | ... T8: =SUM(T9:T23) -> 2792799.6
A9: Aposentadoria do RPPS, Reserva Remunerada e Reformas dos Militares (com recursos do RPPS) | G9: 3.1.90.01 | H9: =SUM(I9:T9) -> 21122406 | I9: 1651696.4 | J9: =1649833.24 -> 1649833.2 | K9: =1648483.54 -> 1648483.5 | L9: 1652132.2 | M9: =1649294.67 -> 1649294.7 | N9: =1642118.8 -> 1642118.8 | O9: =1638614.89 -> 1638614.9 | P9: =1695217.98 -> 1695218 | Q9: =1674599.82 -> 1674599.8 | R9: 1578605.8 | S9: 3078459.2 | T9: 1563349
A10: Pensões do RPPS e do Militar (com Recursos do RPPS) | G10: 3.1.90.03 | H10: =SUM(I10:T10) -> 2729945 | I10: 214871 | J10: =214871 -> 214871 | K10: =214871 -> 214871 | L10: 231683.43 | M10: =210844.25 -> 210844.25 | N10: =210918.91 -> 210918.91 | O10: =209700.26 -> 209700.26 | P10: =219471.11 -> 219471.11 | Q10: =222290.44 -> 222290.44 | R10: =196354.43 -> 196354.43 | S10: 388793.29 | T10: 195275.91
A11: Ajuda de Custo | G11: 3.1.90.16.99.01 | H11: =SUM(I11:T11) -> 0
A12: Remoções | G12: 3.1.90.16.99.02 | H12: =SUM(I12:T12) -> 0
A13: Despesas de Exercícios Anteriores | G13: 3.1.90.92 | H13: =SUM(I13:T13) -> 0
A14: Indenizações e Restituições Trabalhistas | G14: 3.1.9.0.94 | H14: =SUM(I14:T14) -> 2458127.9 | I14: 61081.18 | J14: =71347.66 -> 71347.66 | K14: 268499.77 | L14: 268499.77 | M14: =155051.03 -> 155051.03 | N14: =40099.27 -> 40099.27 | O14: =253398.44 -> 253398.44 | P14: =378775.85 -> 378775.85 | Q14: 365064.69 | R14: 431221.06 | S14: =127016.84 -> 127016.84 | T14: =38072.38 -> 38072.38
A15: LICENCA PREMIO INDENIZADA | G15: 3.1.9.0.11.48 | H15: =SUM(I15:T15) -> 0
A16: OUTROS BENEFICIOS PREVIDENCIARIOS - PESSOAL INATIVO | G16: 3.1.90.05.00.02 | H16: =SUM(I16:T16) -> 0
A17: 3.3.90.08 = Outros Benefícios Previdenciários do Servidor | G17: 3.1.9.0.08 | H17: =SUM(I17:T17) -> 3135 | S17: =1045 -> 1045 | T17: 2090
A18: Abono de Permanência | G18: 3.1.9.0.11.07 | H18: =SUM(I18:T18) -> 51183.94 | S18: =38202.42 -> 38202.42 | T18: 12981.52
A19: PRECATORIOS - PENSIONISTA CIVIL | G19: 3.1.9.0.91.36 | H19: =SUM(I19:T19) -> 2671.84 | S19: =1335.92 -> 1335.92 | T19: 1335.92
A20: Contribuições Patronais para o RPPS - Pensionista = 3.1.9.1.13.03.03 | G20: 3.1.91.13.10.02 | H20: =SUM(I20:T20) -> 23845.46 | S20: 15801.22 | T20: =8044.24 -> 8044.24
A21: 08.11.02+08.11.03 Plano de Seguridade Social do Servidor - Pessoal Ativo 3.1.9.1.13.08 = AUXILIO-SAUDE | G21: 3.3.91.08.11.01 | H21: =SUM(I21:T21) -> 270212 | S21: 141295.99 | T21: =128916.01 -> 128916.01
A22: Amortização do Passivo Atuarial com RPPS - Alíquota Suplementar (20.00; 21.01 e 20.02) | G22: 3.1.91.13.20 | H22: =SUM(I22:T22) -> 1968407.2 | S22: =1308915.48 -> 1308915.5 | T22: =659491.72 -> 659491.72
A23: Ativos/Inativos Poder Executivo/Indiretas | G23: 3.1.91.13.03.01 | H23: =SUM(I23:T23) -> 536009.37 | S23: =RCL!N9 -> 352766.44 | T23: =RCL!O9 -> 183242.93
A24: III - TOTAL DAS NATUREZAS DE DESPESA (I - II) | H24: =SUM(I24:T24) -> 65030420 | I24: =I5-I8 -> 5379833.4 | J24: =J5-J8 -> 5265035.5 | K24: =K5-K8 -> 5159391 | L24: =L5-L8 -> 5305619.8 | M24: =M5-M8 -> 5284302.1 | N24: =N5-N8 -> 5385680.9 | O24: =O5-O8 -> 5135738.9 | P24: =P5-P8 -> 5407951.4 | ... T24: =T5-T8 -> 3936544.6
A25: Recursos para cobertura de Insuficências Financeiras | G25: 3.5.1.3.2.01.01 | H25: =SUM(I25:T25) -> 0
A26: Recursos para cobertura de Déficit Financeiro | G26: 3.5.1.3.2.02.01 | H26: =SUM(I26:T26) -> 0
A27: IV - TOTAL DAS CONTAS PATRIMONIAIS | H27: =SUM(I27:T27) -> 0 | I27: =SUM(I25:I26) -> 0 | J27: =SUM(J25:J26) -> 0 | K27: =SUM(K25:K26) -> 0 | L27: =SUM(L25:L26) -> 0 | M27: =SUM(M25:M26) -> 0 | N27: =SUM(N25:N26) -> 0 | O27: =SUM(O25:O26) -> 0 | P27: =SUM(P25:P26) -> 0 | ... T27: =SUM(T25:T26) -> 0
A28: Cálculo Despesa c/ Pessoal 1º e 2º Quadrimestre/1º Semestre: Emp. Não Liquidados | B28: Cálculo das contas das naturezas de despesas de pessoal dos Itens I e II | H28: =SUM(I28:T28) -> 113004.45 | I28: =(7229419.31+71497)-(I6+I7) -> -6565.63 | J28: =(7097448.16+94826)-(J6+J7) -> -8813.28 | K28: =(7085042.58+123858.67)-(K6+K7) -> -82344.05 | L28: =(7280601.77+109820.64)-(L6+L7) -> -67512.78 | M28: =7154869.31-(M6+M70) -> -15998.21 | N28: =7045109.36-N6+355000-N7 -> 121291.52 | O28: =7228639.21-O6+1584-O7 -> -7229.28 | P28: =7670632.48-P6+70000-P7 -> 39216.16 | Q28: =7447735.4-Q6+155000-Q7 -> 63584.57 | R28: =7329782.33-R6 -> 77375.43
A29: Cálculo Despesa c/ Pessoal 3º Quadrimestre/2º Semestre: Restos a Pagar Não Processados | B29: Cálculo das contas das naturezas de despesas de pessoal dos Itens I e II | H29: =SUM(I29:T29) -> 0
A30: V - TOTAL DOS EMPENHOS NÃO LÍQUIDADOS - RESTOS A PAGAR NÃO PROCESSADOS | H30: =SUM(I30:T30) -> 113004.45 | I30: =SUM(I28:I29) -> -6565.63 | J30: =SUM(J28:J29) -> -8813.28 | K30: =SUM(K28:K29) -> -82344.05 | L30: =SUM(L28:L29) -> -67512.78 | M30: =SUM(M28:M29) -> -15998.21 | N30: =SUM(N28:N29) -> 121291.52 | O30: =SUM(O28:O29) -> -7229.28 | P30: =SUM(P28:P29) -> 39216.16 | ... T30: =SUM(T28:T29) -> 0
B31: Informação da Execução do Consórcio p/ consolidação - maio a Dez | G31: 8.5.3.2.4.01.01 | H31: =SUM(I31:T31) -> 0
A32: Contas Aplicáveis ao 1º Quadrimestre (1) | B32: Informação da Execução do Consórcio p/ consolidação - Exercício atual - 1º Bimestre | G32: 8.5.3.2.4.02.01 | H32: =SUM(I32:T32) -> 0
B33: Informação da Execução do Consórcio p/ consolidação - Exercício atual - 2º Bimestre | G33: 8.5.3.2.4.02.02 | H33: =SUM(I33:T33) -> 0
B34: Informação da Execução do Consórcio p/ consolidação - julho a Dez | G34: 8.5.3.2.4.01.02 | H34: =SUM(I34:T34) -> 0
A35: Contas Aplicáveis ao 1º Semestre (1) | B35: Informação da Execução do Consórcio p/ consolidação - Exercício atual - 1º Bimestre | G35: 8.5.3.2.4.02.01 | H35: =SUM(I35:T35) -> 0
B36: Informação da Execução do Consórcio p/ consolidação - Exercício atual - 2º Bimestre | G36: 8.5.3.2.4.02.02 | H36: =SUM(I36:T36) -> 0
B37: Informação da Execução do Consórcio p/ consolidação - Exercício atual - 3º Bimestre | G37: 8.5.3.2.4.02.03 | H37: =SUM(I37:T37) -> 0
B38: Informação da Execução do Consórcio p/ consolidação - Setembro a Dez | G38: 8.5.3.2.4.01.03 | H38: =SUM(I38:T38) -> 0
B39: Informação da Execução do Consórcio p/ consolidação - Exercício atual - 1º Bimestre | G39: 8.5.3.2.4.02.01 | H39: =SUM(I39:T39) -> 0
A40: Contas Aplicáveis ao 2º Quadrimestre (1) | B40: Informação da Execução do Consórcio p/ consolidação - Exercício atual - 2º Bimestre | G40: 8.5.3.2.4.02.02 | H40: =SUM(I40:T40) -> 0
B41: Informação da Execução do Consórcio p/ consolidação - Exercício atual - 3º Bimestre | G41: 8.5.3.2.4.02.03 | H41: =SUM(I41:T41) -> 0
B42: Informação da Execução do Consórcio p/ consolidação - Exercício atual - 4º Bimestre | G42: 8.5.3.2.4.02.04 | H42: =SUM(I42:T42) -> 0
B43: Informação da Execução do Consórcio p/ consolidação - Exercício atual - 1º Bimestre | G43: 8.5.3.2.4.02.01 | H43: =SUM(I43:T43) -> 0
B44: Informação da Execução do Consórcio p/ consolidação - Exercício atual - 2º Bimestre | G44: 8.5.3.2.4.02.02 | H44: =SUM(I44:T44) -> 0
A45: Contas Aplicáveis ao 3º Quadrimestre e ao 2º Semestre (1) | B45: Informação da Execução do Consórcio p/ consolidação - Exercício atual - 3º Bimestre | G45: 8.5.3.2.4.02.03 | H45: =SUM(I45:T45) -> 0
B46: Informação da Execução do Consórcio p/ consolidação - Exercício atual - 4º Bimestre | G46: 8.5.3.2.4.02.04 | H46: =SUM(I46:T46) -> 0
B47: Informação da Execução do Consórcio p/ consolidação - Exercício atual - 5º Bimestre | G47: 8.5.3.2.4.02.05 | H47: =SUM(I47:T47) -> 0
B48: Informação da Execução do Consórcio p/ consolidação - Exercício atual - 6º Bimestre | G48: 8.5.3.2.4.02.06 | H48: =SUM(I48:T48) -> 0
A49: VI - TOTAL DAS CONTAS CONTÁBEIS DE CPONTROLE | C49: EXECUÇÃO DOS CONSÓRCIOS PÚBLICOS | H49: =SUM(I49:T49) -> 0 | I49: =SUM(I31:I48) -> 0 | J49: =SUM(J31:J48) -> 0 | K49: =SUM(K31:K48) -> 0 | L49: =SUM(L31:L48) -> 0 | M49: =SUM(M31:M48) -> 0 | N49: =SUM(N31:N48) -> 0 | O49: =SUM(O31:O48) -> 0 | P49: =SUM(P31:P48) -> 0 | ... T49: =SUM(T31:T48) -> 0
A50: VII - TOTAL DA DESPESA COM PESSOAL ATIVO / INATIVO DA ENTIDADE VII = (III + IV + V - VI) | H50: =H24+H27+H30-H49 -> 65143425 | I50: =I24+I27+I30-I49 -> 5373267.7 | J50: =J24+J27+J30-J49 -> 5256222.3 | K50: =K24+K27+K30-K49 -> 5077046.9 | L50: =L24+L27+L30-L49 -> 5238107 | M50: =M24+M27+M30-M49 -> 5268303.9 | N50: =N24+N27+N30-N49 -> 5506972.4 | O50: =O24+O27+O30-O49 -> 5128509.6 | ... T50: =T24+T27+T30-T49 -> 3936544.6
A51: Fonte: Demonstrativo da Despesa Orçamentária Empenhada e liquidada ao Mês e a Metodologia a fonte é o TCE/RS. | H51: 65143425
A52: Nota Explicativa: Nos Meses de julho e agosto de 2021 foi retificado os campos: "31 - Pessoal e Encargos Sociais" e "Cálculo Despesa c/ Pessoal 1º e 2º Quadrimestre/1º Semestre: Emp. Não Liquidados" este ajuste impactou em 0,11% a menos o indice da Despesa em outubro, após a retificação.
M53: Giovani Amestoy da Silva | P53: Ihoko Nakashima Mota | S53: Arlei Lopes Souza
M54: Prefeito Municipal | P54: Secret. de Município da Fazenda | S54: Contador - CRC/RS: 068452/O-6

Sheet DCLP_RCL
C2: Evolução Mensal da Despesa Liquidada com Pessoal | J2: INSTRUÇÃO NORMATIVA nº 4/2021 - TCE/RS.
D4: =DCLP!I3 -> 44470 | E4: =DCLP!J3 -> 44440 | F4: =DCLP!K3 -> 44409 | G4: =DCLP!L3 -> 44378 | H4: =DCLP!M3 -> 44348 | I4: =DCLP!N3 -> 44317 | J4: =DCLP!O3 -> 44287 | K4: =DCLP!P3 -> 44256 | ... O4: =DCLP!T3 -> 44136
B5: TOTAIS DOS ÚLTIMOS 12 MESES | D5: 12º Mês | E5: 11º mês | F5: 10º Mês | G5: 9º Mês | H5: 8º Mês | I5: 7º Mês | J5: 6º Mês | K5: 5º Mês | L5: 4º Mês | M5: 3º Mês | N5: 2º Mês | O5: 1º Mês
B6: Despesa Liquida c/ Pessoal | C6: =(SUM(D6:O6)) -> 65143425 | D6: =DCLP!I50 -> 5373267.7 | E6: =DCLP!J50 -> 5256222.3 | F6: =DCLP!K50 -> 5077046.9 | G6: =DCLP!L50 -> 5238107 | H6: =DCLP!M50 -> 5268303.9 | I6: =DCLP!N50 -> 5506972.4 | J6: =DCLP!O50 -> 5128509.6 | K6: =DCLP!P50 -> 5447167.5 | ... O6: =DCLP!T50 -> 3936544.6
B7: Receita Corrente Líquida | C7: =SUM(D7:O7) -> 1.0769837e+08 | D7: =RCL!D37 -> 9576828.8 | E7: =RCL!E37 -> 7810614.9 | F7: =RCL!F37 -> 8737446.4 | G7: =RCL!G37 -> 11165286 | H7: =RCL!H37 -> 8172315.3 | I7: =RCL!I37 -> 9079103.9 | J7: =RCL!J37 -> 8675964 | K7: =RCL!K37 -> 8319725.9 | ... O7: =RCL!O37 -> 7283220.8
B8: Índice da DCLP s/ a RCL | C8: =C6/C7 -> 0.60486918 | D8: =D6/D7 -> 0.56106963 | E8: =E6/E7 -> 0.67295883 | F8: =F6/F7 -> 0.58106759 | G8: =G6/G7 -> 0.46914219 | H8: =H6/H7 -> 0.64465254 | I8: =I6/I7 -> 0.60655462 | J8: =J6/J7 -> 0.59111698 | ... O8: =O6/O7 -> 0.54049503
B9: Limite Máximo do Índice | C9: 0.54 | D9: 0.54 | E9: 0.54 | F9: 0.54 | G9: 0.54 | H9: 0.54 | I9: 0.54 | J9: 0.54 | K9: 0.54 | L9: 0.54 | M9: 0.54 | N9: 0.54 | O9: 0.54
B10: OBS.: | C10: No Valor da RCL foi deduzidos os valores das Emendandas Parlamentares do Período.
B53: Fonte: | C53: Demonstrativos apurados pela Contabilidade da Receita Corrente Realizada e da Despesa Líquidada Orçamentarias.
C57: Giovani Amestoy da Silva | F57: Ihoko Nakashima Mota | J57: Arlei Lopes Souza
C58: Prefeito Municipal | F58: Secret. de Município da Fazenda | J58: Contador - CRC/RS: 068452/O-6

Sheet AcompFAPS
A2: Aliquotas vigentes em 2021 do FAPS/RPPS
A3: ENTE | B3: SEGURADO
A4: Normal | B4: Normal
A5: 0.1999 | B5: 0.1184
A6: Suplementar | B6: Média dos Segurados
A7: 0.33
F9: Período: | G9: 2021 | H9: 2021 | I9: 2022 | J9: 2023 | K9: 2024 | L9: 2025
F10: L. M. Nº 4167 de 04/08/2020 - Art. 4º - Aliquota do Passivo Atuarial. | G10: 0.33 | H10: 0.335 | I10: 0.4 | J10: 0.5 | K10: 0.74 | L10: 0.72
F11: L. M. Nº 4.244 de 22/07/2021 - Art. 4º - Aliquota do Passivo Atuarial.
B14: Ano: 2021 | D14: Janeiro | E14: Fevereiro | F14: Março | G14: Abril | H14: Maio | I14: Junho | J14: Julho | K14: Agosto | L14: Setembro | M14: Outubro | N14: TOTAIS:
B15: Aportes Periodicos
A16: 7.9.9.0.01.1.1 | B16: Amortiz Deficit Atuarial | C16: 311 | D16: 646851.22 | E16: 1584309.8 | F16: 1110585.6 | G16: 1101862.1 | H16: =1041204.38 -> 1041204.4 | I16: 1041463.5 | J16: 1038282 | K16: 1036421.9 | L16: 1047813.3 | M16: 1031939.7 | N16: =SUM(D16:M16) -> 10680734 | O16: =10680733.5-N16 -> 0
A17: 7.9.9.0.01.1.3 | B17: Deficit Atuarial - Div Ativa | C17: 320 | D17: 40013.54 | E17: 25467.31 | F17: =43738.35 -> 43738.35 | G17: 147124.29 | H17: =167667.79 -> 167667.79 | I17: 197063.87 | J17: 79480.33 | K17: 114330.75 | L17: 39881.89 | M17: 76483.03 | N17: =SUM(D17:M17) -> 931251.15 | O17: =931251.15-N17 -> 0
B18: 1. Receitas Totais | D18: 1821306.7 | E18: 3418373.4 | F18: 2477692 | G18: 2713144.4 | H18: =2527081.2 -> 2527081.2 | I18: 2358458.2 | J18: 2342207.5 | K18: =2308046.36 -> 2308046.4 | L18: 2466047.5 | M18: 2370360.4 | N18: =SUM(D18:M18) -> 24802718 | O18: =24802717.52-N18 -> 0
B19: 2. Total da Despesa Paga | D19: 1774960.3 | E19: 1892028.5 | F19: 1916270.8 | G19: 1847527.9 | H19: 1862823.2 | I19: =1860508.85 -> 1860508.9 | J19: 1888869.8 | K19: 1864374.6 | L19: =1864704.24 -> 1864704.2 | M19: 1868149.1 | N19: =SUM(D19:M19) -> 18640217 | O19: =18640217.29-N19 -> 0
B20: 3. Resultado: 1. - 2. = | C20: (- ) | D20: =D18-D19 -> 46346.42 | E20: =E18-E19 -> 1526344.8 | F20: =F18-F19 -> 561421.16 | G20: =G18-G19 -> 865616.53 | H20: =H18-H19 -> 664258.01 | I20: =I18-I19 -> 497949.35 | J20: =J18-J19 -> 453337.71 | K20: =K18-K19 -> 443671.71 | ... M20: =M18-M19 -> 502211.27 | N20: =SUM(D20:M20) -> 6162500.2
B22: Valor do déficit para cobertura do Passivo Atuarial: | C22: ( = ) | D22: =SUM(D16:D17)-D20 -> 640518.34 | E22: =SUM(E16:E17)-E20 -> 83432.26 | F22: =SUM(F16:F17)-F20 -> 592902.82 | G22: =SUM(G16:G17)-G20 -> 383369.85 | H22: =SUM(H16:H17)-H20 -> 544614.16 | I22: =SUM(I16:I17)-I20 -> 740577.99 | J22: =SUM(J16:J17)-J20 -> 664424.66 | K22: =SUM(K16:K17)-K20 -> 707080.93 | ... M22: =SUM(M16:M17)-M20 -> 606211.48 | N22: =SUM(D22:L22) -> 4843272.9
B23: Progressão do Déficit no período | E23: =D22+E22 -> 723950.6 | F23: =E23+F22 -> 1316853.4 | G23: =F23+G22 -> 1700223.3 | H23: =G23+H22 -> 2244837.4 | I23: =H23+I22 -> 2985415.4 | J23: =I23+J22 -> 3649840.1 | K23: =J23+K22 -> 4356921 | L23: =K23+L22 -> 4843272.9 | M23: =L23+M22 -> 5449484.4
B25: Rendimentos Líquidos Auferidos do Período: | D25: =21390.5-13008.99 -> 8381.51 | E25: 7644.48 | F25: =70335.98-81867.41 -> -11531.43 | G25: 236970.22 | H25: =196118.17-25818.29 -> 170299.88 | I25: =48213.11-50509.62 -> -2296.51 | J25: =73898.94-87402.27 -> -13503.33 | K25: =93050.89-139895.26 -> -46844.37 | L25: =207190.52-117856.34 -> 89334.18 | M25: =356724.71-334520.02 -> 22204.69 | N25: =SUM(D25:M25) -> 460659.32
B28: Saldo dos Valores Aplicados: | D28: 33033587 | E28: 32875957 | F28: 34457888 | G28: 35776936 | H28: 35898682 | I28: =35480656.82 -> 35480657 | J28: =35920808.42 -> 35920808 | K28: 36369533 | L28: =36874615.14 -> 36874615 | M28: 37473088 | N28: TOTAIS:
E29: =E28-D28 -> -157630.07 | F29: =F28-E28 -> 1581931.6 | G29: =G28-F28 -> 1319048 | H29: =H28-G28 -> 121746.14 | I29: =I28-H28 -> -418025.45 | J29: =J28-I28 -> 440151.6 | K29: =K28-J28 -> 448724.77 | L29: =L28-K28 -> 505081.95 | M29: =M28-L28 -> 598472.56 | N29: =SUM(E29:M29) -> 4439501.1 | O29: =M28-D28-N29 -> 0
C31: Percentual dos Rendimentos em relação ao Saldo: | D31: =D25/D28 -> 0.00025372691 | E31: =E25/E28 -> 0.00023252495 | F31: =F25/F28 -> -0.00033465284 | G31: =G25/G28 -> 0.0066235471 | H31: =H25/H28 -> 0.0047439034 | I31: =I25/I28 -> -6.472569e-05 | J31: =J25/J28 -> -0.00037591943 | K31: =K25/K28 -> -0.0012880113 | ... M31: =M25/M28 -> 0.00059255032 | N31: =SUM(D31:M31) -> 0.01280559
B35: Giovani Amestoy da Silva | E35: Ihoko Nakashima Mota | H35: Arlei Lopes Souza
B36: Prefeito Municipal | E36: Secret. de Município da Fazenda | H36: Contador - CRC/RS: 068452/O-6

Sheet Cronogra
E1: ANEXO II DO CRONOGRAMA DE DESEMBOLSO PARA 2021 | U1: ANEXO III - CRONOGRAMA DE REEMBOLSO E DESEMBOLSO AO MÊS PARA 2021
U2: CRONOGRAMA DE DESEMBOLSO POR ORGÃO PARA O EXERCÍCIO DE 2021
A3: Cronograma | B3: RECEITA CONSOLIDADA REALIZADA | L3: PREVISTO | N3: REESTIMADA | Q3: Seq. | R3: ÓRGÃOS | S3: JANEIRO | T3: FEVEREIRO | U3: MARÇO | V3: ABRIL | W3: MAIO | X3: JUNHO | Y3: JULHO | Z3: AGOSTO | AA3: SETEMBRO | AB3: OUTUBRO | AC3: NOVEMBRO | AD3: DEZEMBRO | AE3: TOTAL
A4: MESES | B4: 2016 | C4: % | D4: 2017 | F4: 2018 | G4: % | H4: 2019 | I4: % | J4: 2020 | K4: % | L4: 2021 | M4: % | N4: 2022 | O4: 2023 | Q4: 1 | R4: Câmara | S4: =4189000/12 -> 349083.33 | T4: =4189000/12 -> 349083.33 | U4: =4189000/12 -> 349083.33 | V4: =4189000/12 -> 349083.33 | W4: =4189000/12 -> 349083.33 | X4: =4189000/12 -> 349083.33 | Y4: =4189000/12 -> 349083.33 | Z4: =4189000/12 -> 349083.33 | ... AD4: =4189000/12 -> 349083.33 | AE4: =SUM(S4:AD4) -> 4189000 | AF4: =AE4/$AE$20 -> 0.029840899
A5: Janeiro | B5: =14399728.14-6630054.7 -> 7769673.4 | C5: =B5/B17 -> 0.08438993 | D5: 8128227.2 | E5: =D5/D17 -> 0.077766632 | F5: 7522241.3 | G5: =F5/F17 -> 0.079831482 | H5: 10690470 | I5: =H5/H17 -> 0.092128812 | J5: 10229896 | K5: =J5/J17 -> 0.082588546 | L5: 11654887 | M5: =L5/L17 -> 0.083025137 | N5: =((F5+H5+J5+L5)/3.15)-354050.16 -> 12375313 | O5: =(H5+J5+L5+N5)/3.15 -> 14270021 | Q5: 2 | R5: Gabinete | S5: =2321581.45*M5 -> 192749.62 | T5: =2321581.45*M6 -> 196936.61 | U5: =2321581.45*M7 -> 184177.54 | V5: =2321581.45*M8 -> 191029.57 | W5: =2321581.45*M9 -> 188976.51 | X5: =2321581.45*M10 -> 171768.81 | Y5: =2321581.45*M11 -> 200982.46 | Z5: =2321581.45*M12 -> 175552.85 | AA5: =2321581.45*M13 -> 173706.73 | AB5: =2321581.45*M14 -> 188600.43 | AC5: =2321581.45*M15 -> 176054.69 | AD5: =2321581.45*M16 -> 281045.64 | AE5: =SUM(S5:AD5) -> 2321581.4 | AF5: =AE5/$AE$20 -> 0.016538094
A6: Fevereiro | B6: 6630054.7 | C6: =B6/B17 -> 0.072012017 | D6: 8406126.3 | E6: =D6/D17 -> 0.080425426 | F6: =7197732.78 -> 7197732.8 | G6: =F6/F17 -> 0.076387563 | H6: =8384491.75 -> 8384491.8 | I6: =H6/H17 -> 0.07225625 | J6: =10875208.14 -> 10875208 | K6: =J6/J17 -> 0.087798312 | L6: 11908060 | M6: =L6/L17 -> 0.084828646 | N6: =(F6+H6+J6+L6)/3.15 -> 12179521 | O6: =(H6+J6+L6+N6)/3.15 -> 13761042 | Q6: 3 | R6: SGM | S6: =1262392.3*M5 -> 104810.29 | T6: =1262392.3*M6 -> 107087.03 | U6: =1262392.3*M7 -> 100149.11 | V6: =1262392.3*M8 -> 103874.99 | W6: =1262392.3*M9 -> 102758.61 | X6: =1262392.3*M10 -> 93401.685 | Y6: =1262392.3*M11 -> 109287.02 | Z6: =1262392.3*M12 -> 95459.309 | AA6: =1262392.3*M13 -> 94455.46 | AB6: =1262392.3*M14 -> 102554.11 | AC6: =1262392.3*M15 -> 95732.191 | AD6: =1262392.3*M16 -> 152822.49 | AE6: =SUM(S6:AD6) -> 1262392.3 | AF6: =AE6/$AE$20 -> 0.0089928194
A7: Março | B7: 6582277.3 | C7: =B7/B17 -> 0.071493085 | D7: =8078817.9 -> 8078817.9 | E7: =D7/D17 -> 0.07729391 | F7: 7899052.6 | G7: =F7/F17 -> 0.083830478 | H7: 8599525.4 | I7: =H7/H17 -> 0.074109377 | J7: 9752914.4 | K7: =J7/J17 -> 0.07873775 | L7: =((D7+F7+H7+J7)/3.15)+238052.79 -> 11136564 | M7: =L7/L17 -> 0.079332795 | N7: =(F7+H7+J7+L7)/3.15 -> 11869224 | O7: =(H7+J7+L7+N7)/3.15 -> 13129596 | Q7: 4 | R7: SMCP | S7: =1831204.8*M5 -> 152036.03 | T7: =1831204.8*M6 -> 155338.62 | U7: =1831204.8*M7 -> 145274.59 | V7: =1831204.8*M8 -> 150679.3 | W7: =1831204.8*M9 -> 149059.89 | X7: =1831204.8*M10 -> 135486.9 | Y7: =1831204.8*M11 -> 158529.89 | Z7: =1831204.8*M12 -> 138471.65 | AA7: =1831204.8*M13 -> 137015.48 | AB7: =1831204.8*M14 -> 148763.25 | AC7: =1831204.8*M15 -> 138867.49 | AD7: =1831204.8*M16 -> 221681.7 | AE7: =SUM(S7:AD7) -> 1831204.8 | AF7: =AE7/$AE$20 -> 0.013044831
A8: Abril | B8: 7609123.8 | C8: =B8/B17 -> 0.082646128 | D8: 8695190.6 | E8: =D8/D17 -> 0.083191042 | F8: 7799663.9 | G8: =F8/F17 -> 0.082775693 | H8: =10080023.23 -> 10080023 | I8: =H8/H17 -> 0.086868078 | J8: =9810398.72 -> 9810398.7 | K8: =J8/J17 -> 0.079201836 | L8: =((D8+F8+H8+J8)/3.15) -> 11550881 | M8: =L8/L17 -> 0.08228424 | N8: =(F8+H8+J8+L8)/3.15 -> 12457450 | O8: =(H8+J8+L8+N8)/3.15 -> 13936112 | Q8: 5 | R8: SMA | S8: =7750365.63*M5 -> 643475.17 | T8: =7750365.63*M6 -> 657453.02 | U8: =7750365.63*M7 -> 614858.16 | V8: =7750365.63*M8 -> 637732.94 | W8: =7750365.63*M9 -> 630879.01 | X8: =7750365.63*M10 -> 573432.85 | Y8: =7750365.63*M11 -> 670959.69 | Z8: =7750365.63*M12 -> 586065.48 | AA8: =7750365.63*M13 -> 579902.42 | AB8: =7750365.63*M14 -> 629623.52 | AC8: =7750365.63*M15 -> 587740.82 | AD8: =7750365.63*M16 -> 938242.54 | AE8: =SUM(S8:AD8) -> 7750365.6 | AF8: =AE8/$AE$20 -> 0.05521076
A9: Maio | B9: 7587298.9 | C9: =B9/B17 -> 0.082409078 | D9: =8219532.42 -> 8219532.4 | E9: =D9/D17 -> 0.078640193 | F9: =7664973.99 -> 7664974 | G9: =F9/F17 -> 0.081346265 | H9: =9454030.45 -> 9454030.4 | I9: =H9/H17 -> 0.081473369 | J9: =10655694.71 -> 10655695 | K9: =J9/J17 -> 0.086026124 | L9: =((D9+F9+H9+J9)/3.15) -> 11426740 | M9: =L9/L17 -> 0.081399903 | N9: =(F9+H9+J9+L9)/3.15 -> 12444901 | O9: =((H9+J9+L9+N9)/3.15)-5409.33 -> 13956929 | Q9: 6 | R9: SMF | S9: =3547551.94*M5 -> 294535.99 | T9: =3547551.94*M6 -> 300934.03 | U9: =3547551.94*M7 -> 281437.21 | V9: =3547551.94*M8 -> 291907.61 | W9: =3547551.94*M9 -> 288770.38 | X9: =3547551.94*M10 -> 262475.72 | Y9: =3547551.94*M11 -> 307116.39 | Z9: =3547551.94*M12 -> 268258.02 | AA9: =3547551.94*M13 -> 265437.02 | AB9: =3547551.94*M14 -> 288195.71 | AC9: =3547551.94*M15 -> 269024.87 | AD9: =3547551.94*M16 -> 429458.98 | AE9: =SUM(S9:AD9) -> 3547551.9 | AF9: =AE9/$AE$20 -> 0.025271458
A10: Junho | B10: 6475322.6 | C10: =B10/B17 -> 0.070331402 | D10: 7486671.7 | E10: =D10/D17 -> 0.071628564 | F10: =7453635.72+55.15 -> 7453690.9 | G10: =F10/F17 -> 0.079103976 | H10: =8906802.9 -> 8906802.9 | I10: =H10/H17 -> 0.076757447 | J10: =8869527.04 -> 8869527 | K10: =J10/J17 -> 0.07160594 | L10: =((D10+F10+H10+J10)/3.15) -> 10386252 | M10: =L10/L17 -> 0.073987844 | N10: =(F10+H10+J10+L10)/3.15 -> 11306753 | O10: =(H10+J10+L10+N10)/3.15 -> 12529948 | Q10: 7 | R10: SMTur | S10: =1229036.08*M5 -> 102040.89 | T10: =1229036.08*M6 -> 104257.47 | U10: =1229036.08*M7 -> 97502.867 | V10: =1229036.08*M8 -> 101130.3 | W10: =1229036.08*M9 -> 100043.42 | X10: =1229036.08*M10 -> 90933.73 | Y10: =1229036.08*M11 -> 106399.32 | Z10: =1229036.08*M12 -> 92936.986 | AA10: =1229036.08*M13 -> 91959.662 | AB10: =1229036.08*M14 -> 99844.324 | AC10: =1229036.08*M15 -> 93202.657 | AD10: =1229036.08*M16 -> 148784.46 | AE10: =SUM(S10:AD10) -> 1229036.1 | AF10: =AE10/$AE$20 -> 0.008755202
A11: Julho | B11: 6763469.2 | C11: =B11/B17 -> 0.073461092 | D11: 9406077.2 | E11: =D11/D17 -> 0.089992433 | F11: 8077958 | G11: =F11/F17 -> 0.085729151 | H11: 9979327.4 | I11: =H11/H17 -> 0.086000296 | J11: =10817635.8 -> 10817636 | K11: =J11/J17 -> 0.087333516 | L11: =((D11+F11+H11+J11)/3.15) -> 12152698 | M11: =L11/L17 -> 0.08657136 | N11: =(F11+H11+J11+L11)/3.15 -> 13024641 | O11: =(H11+J11+L11+N11)/3.15 -> 14595017 | Q11: 8 | R11: SMTSUI | S11: =12475764.3*M5 -> 1035802 | T11: =12475764.3*M6 -> 1058302.2 | U11: =12475764.3*M7 -> 989737.25 | V11: =12475764.3*M8 -> 1026558.8 | W11: =12475764.3*M9 -> 1015526 | X11: =12475764.3*M10 -> 923054.91 | Y11: =12475764.3*M11 -> 1080043.9 | Z11: =12475764.3*M12 -> 943389.66 | AA11: =12475764.3*M13 -> 933468.99 | AB11: =12475764.3*M14 -> 1013505 | AC11: =12475764.3*M15 -> 946086.45 | AD11: =12475764.3*M16 -> 1510289.1 | AE11: =SUM(S11:AD11) -> 12475764 | AF11: =AE11/$AE$20 -> 0.088872766
A12: Agosto | B12: 6706244.7 | C12: =B12/B17 -> 0.072839551 | D12: =7641217.97 -> 7641218 | E12: =D12/D17 -> 0.073107182 | F12: 7400073.4 | G12: =F12/F17 -> 0.078534948 | H12: 8879675.8 | I12: =H12/H17 -> 0.076523669 | J12: =9516468.8 -> 9516468.8 | K12: =J12/J17 -> 0.076828865 | L12: =((D12+F12+H12+J12)/3.15) -> 10615059 | M12: =L12/L17 -> 0.075617785 | N12: =(F12+H12+J12+L12)/3.15 -> 11559136 | O12: =(H12+J12+L12+N12)/3.15 -> 12879473 | Q12: 9 | R12: SEDUC | S12: =38964505.89*M5 -> 3235033.4 | T12: =38964505.89*M6 -> 3305306.3 | U12: =38964505.89*M7 -> 3091163.1 | V12: =38964505.89*M8 -> 3206164.8 | W12: =38964505.89*M9 -> 3171707 | X12: =38964505.89*M10 -> 2882899.8 | Y12: =38964505.89*M11 -> 3373210.3 | Z12: =38964505.89*M12 -> 2946409.6 | AA12: =38964505.89*M13 -> 2915425.2 | AB12: =38964505.89*M14 -> 3165395.1 | AC12: =38964505.89*M15 -> 2954832.3 | AD12: =38964505.89*M16 -> 4716959 | AE12: =SUM(S12:AD12) -> 38964506 | AF12: =AE12/$AE$20 -> 0.27756884
A13: Setembro | B13: 7994407.7 | C13: =B13/B17 -> 0.08683087 | D13: 7402995.9 | E13: =D13/D17 -> 0.070827998 | F13: =6729771.56 -> 6729771.6 | G13: =F13/F17 -> 0.071421219 | H13: =8643003.18 -> 8643003.2 | I13: =H13/H17 -> 0.074484062 | J13: =10310037.68 -> 10310038 | K13: =J13/J17 -> 0.083235548 | L13: =((D13+F13+H13+J13)/3.15) -> 10503431 | M13: =L13/L17 -> 0.074822589 | N13: =(F13+H13+J13+L13)/3.15 -> 11487696 | O13: =(H13+J13+L13+N13)/3.15 -> 12998149 | Q13: 10 | R13: SMS | S13: =27215844.71*M5 -> 2259599.2 | T13: =27215844.71*M6 -> 2308683.3 | U13: =27215844.71*M7 -> 2159109 | V13: =27215844.71*M8 -> 2239435.1 | W13: =27215844.71*M9 -> 2215367.1 | X13: =27215844.71*M10 -> 2013641.7 | Y13: =27215844.71*M11 -> 2356112.7 | Z13: =27215844.71*M12 -> 2058001.9 | AA13: =27215844.71*M13 -> 2036360 | AB13: =27215844.71*M14 -> 2210958.4 | AC13: =27215844.71*M15 -> 2063884.9 | AD13: =27215844.71*M16 -> 3294691.4 | AE13: =SUM(S13:AD13) -> 27215845 | AF13: =AE13/$AE$20 -> 0.19387569
A14: Outubro | B14: 8256815.9 | C14: =B14/B17 -> 0.089681005 | D14: 9451675.9 | E14: =D14/D17 -> 0.090428698 | F14: =7115297.7 -> 7115297.7 | G14: =F14/F17 -> 0.075512702 | H14: =10001253.91 -> 10001254 | I14: =H14/H17 -> 0.086189256 | J14: 9354372.9 | K14: =J14/J17 -> 0.075520223 | L14: =((D14+F14+H14+J14)/3.15) -> 11404000 | M14: =L14/L17 -> 0.081237911 | N14: =(F14+H14+J14+L14)/3.15 -> 12023786 | O14: =(H14+J14+L14+N14)/3.15 -> 13582036 | Q14: 11 | R14: SMAS | S14: =4170062.01*M5 -> 346219.97 | T14: =4170062.01*M6 -> 353740.71 | U14: =4170062.01*M7 -> 330822.67 | V14: =4170062.01*M8 -> 343130.38 | W14: =4170062.01*M9 -> 339442.64 | X14: =4170062.01*M10 -> 308533.9 | Y14: =4170062.01*M11 -> 361007.94 | Z14: =4170062.01*M12 -> 315330.85 | AA14: =4170062.01*M13 -> 312014.84 | AB14: =4170062.01*M14 -> 338767.13 | AC14: =4170062.01*M15 -> 316232.26 | AD14: =4170062.01*M16 -> 504818.71 | AE14: =SUM(S14:AD14) -> 4170062 | AF14: =AE14/$AE$20 -> 0.029705991
A15: Novembro | B15: 7544593.7 | C15: =B15/B17 -> 0.081945238 | D15: 8798730.5 | E15: =D15/D17 -> 0.084181658 | F15: 8267235.2 | G15: =F15/F17 -> 0.087737898 | H15: 7399552.2 | I15: =H15/H17 -> 0.063768194 | J15: =9067503.09 -> 9067503.1 | K15: =J15/J17 -> 0.073204251 | L15: =((D15+F15+H15+J15)/3.15) -> 10645403 | M15: =L15/L17 -> 0.075833947 | N15: =(F15+H15+J15+L15)/3.15 -> 11231649 | O15: =(H15+J15+L15+N15)/3.15 -> 12172733 | Q15: 12 | R15: SMAIC | S15: =1810655.75*M5 -> 150329.94 | T15: =1810655.75*M6 -> 153595.48 | U15: =1810655.75*M7 -> 143644.38 | V15: =1810655.75*M8 -> 148988.43 | W15: =1810655.75*M9 -> 147387.2 | X15: =1810655.75*M10 -> 133966.52 | Y15: =1810655.75*M11 -> 156750.93 | Z15: =1810655.75*M12 -> 136917.78 | AA15: =1810655.75*M13 -> 135477.95 | AB15: =1810655.75*M14 -> 147093.89 | AC15: =1810655.75*M15 -> 137309.17 | AD15: =1810655.75*M16 -> 219194.08 | AE15: =SUM(S15:AD15) -> 1810655.7 | AF15: =AE15/$AE$20 -> 0.012898447
A16: Dezembro | B16: =12149444.83 -> 12149445 | C16: =B16/B17 -> 0.1319606 | D16: 12805493 | E16: =D16/D17 -> 0.12251626 | F16: 11098810 | G16: =F16/F17 -> 0.11778863 | H16: =15020134.53 -> 15020135 | I16: =H16/H17 -> 0.12944119 | J16: 14606142 | K16: =J16/J17 -> 0.11791909 | L16: =((D16+F16+H16+J16)/3.15) -> 16993835 | M16: =L16/L17 -> 0.12105784 | N16: =(F16+H16+J16+L16)/3.15 -> 18323467 | O16: =(H16+J16+L16+N16)/3.15 -> 20617009 | Q16: 13 | R16: Encargos | S16: =3009924.34*M5 -> 249899.38 | T16: =3009924.34*M6 -> 255327.81 | U16: =3009924.34*M7 -> 238785.71 | V16: =3009924.34*M8 -> 247669.34 | W16: =3009924.34*M9 -> 245007.55 | X16: =3009924.34*M10 -> 222697.81 | Y16: =3009924.34*M11 -> 260573.24 | Z16: =3009924.34*M12 -> 227603.81 | AA16: =3009924.34*M13 -> 225210.33 | AB16: =3009924.34*M14 -> 244519.97 | AC16: =3009924.34*M15 -> 228254.44 | AD16: =3009924.34*M16 -> 364374.95 | AE16: =SUM(S16:AD16) -> 3009924.3 | AF16: =AE16/$AE$20 -> 0.021441596
A17: TOTAIS | B17: =SUM(B5:B16) -> 92068727 | C17: =B17/B17 -> 1 | D17: =SUM(D5:D16) -> 1.0452076e+08 | E17: =D17/D17 -> 1 | F17: =SUM(F5:F16) -> 94226502 | G17: =F17/F17 -> 1 | H17: =SUM(H5:H16) -> 1.1603829e+08 | I17: =H17/H17 -> 1 | J17: =SUM(J5:J16) -> 1.238658e+08 | K17: =J17/J17 -> 1 | L17: =SUM(L5:L16) -> 1.4037781e+08 | M17: =L17/L17 -> 1 | N17: =SUM(N5:N16) -> 1.5028354e+08 | O17: =SUM(O5:O16) -> 1.6842806e+08 | Q17: 14 | R17: Reserva | S17: =372483.18*M5 -> 30925.467 | T17: =372483.18*M6 -> 31597.244 | U17: =372483.18*M7 -> 29550.132 | V17: =372483.18*M8 -> 30649.495 | W17: =372483.18*M9 -> 30320.095 | X17: =372483.18*M10 -> 27559.228 | Y17: =372483.18*M11 -> 32246.375 | Z17: =372483.18*M12 -> 28166.353 | AA17: =372483.18*M13 -> 27870.156 | AB17: =372483.18*M14 -> 30259.756 | AC17: =372483.18*M15 -> 28246.87 | AD17: =372483.18*M16 -> 45092.01 | AE17: =SUM(S17:AD17) -> 372483.18 | AF17: =AE17/$AE$20 -> 0.0026534335
A18: % em relação ao ano anterior | D18: =(D17-B17)/B17 -> 0.13524711 | F18: =(F17-D17)/D17 -> -0.09849005 | H18: =(H17-F17)/F17 -> 0.23148253 | J18: =(J17-H17)/H17 -> 0.067456262 | L18: =(L17-J17)/J17 -> 0.13330565 | N18: =(N17-L17)/L17 -> 0.070564768 | O18: =(O17-N17)/N17 -> 0.12073528 | Q18: 15 | R18: FAPS | S18: =25810700.56*M5 -> 2142937 | T18: =25810700.56*M6 -> 2189486.8 | U18: =25810700.56*M7 -> 2047635 | V18: =25810700.56*M8 -> 2123813.9 | W18: =25810700.56*M9 -> 2100988.5 | X18: =25810700.56*M10 -> 1909678.1 | Y18: =25810700.56*M11 -> 2234467.4 | Z18: =25810700.56*M12 -> 1951748 | AA18: =25810700.56*M13 -> 1931223.4 | AB18: =25810700.56*M14 -> 2096807.4 | AC18: =25810700.56*M15 -> 1957327.3 | AD18: =25810700.56*M16 -> 3124587.7 | AE18: =SUM(S18:AD18) -> 25810701 | AF18: =AE18/$AE$20 -> 0.18386596
L19: =140377810.27-L17 -> -0.0023809671 | Q19: 16 | R19: FASM | S19: =4416737.33*M5 -> 366700.22 | T19: =4416737.33*M6 -> 374665.85 | U19: =4416737.33*M7 -> 350392.12 | V19: =4416737.33*M8 -> 363427.87 | W19: =4416737.33*M9 -> 359521.99 | X19: =4416737.33*M10 -> 326784.87 | Y19: =4416737.33*M11 -> 382362.96 | Z19: =4416737.33*M12 -> 333983.89 | AA19: =4416737.33*M13 -> 330471.72 | AB19: =4416737.33*M14 -> 358806.52 | AC19: =4416737.33*M15 -> 334938.63 | AD19: =4416737.33*M16 -> 534680.69 | AE19: =SUM(S19:AD19) -> 4416737.3 | AF19: =AE19/$AE$20 -> 0.031463216
A20: Cronograma | B20: DESPESA CONSOLIDA LIQUIDADA | L20: PREVISTO | N20: REESTIMADA | Q20: = | R20: TOTAL | S20: =SUM(S4:S19) -> 11656178 | T20: =SUM(T4:T19) -> 11901796 | U20: =SUM(U4:U19) -> 11153322 | V20: =SUM(V4:V19) -> 11555276 | W20: =SUM(W4:W19) -> 11434839 | X20: =SUM(X4:X19) -> 10425400 | Y20: =SUM(Y4:Y19) -> 12139134 | Z20: =SUM(Z4:Z19) -> 10647379 | ... AF20: =SUM(AF4:AF19) -> 1
A21: MESES | B21: =B4 -> 2016 | C21: % | D21: =D4 -> 2017 | F21: =F4 -> 2018 | G21: % | H21: =H4 -> 2019 | I21: % | J21: =J4 -> 2020 | K21: % | L21: =L4 -> 2021 | M21: % | N21: =N4 -> 2022 | O21: =O4 -> 2023 | R21: % ao mês | S21: =S20/$AE$20 -> 0.083034334 | T21: =T20/$AE$20 -> 0.084784024 | U21: =U20/$AE$20 -> 0.079452174 | V21: =V20/$AE$20 -> 0.082315546 | W21: =W20/$AE$20 -> 0.081457599 | X21: =X20/$AE$20 -> 0.074266722 | Y21: =Y20/$AE$20 -> 0.086474734 | Z21: =Z20/$AE$20 -> 0.075848024 | ... AE21: =AE20/$AE$20 -> 1
A22: Janeiro | B22: 5345719.2 | C22: =B22/B34 -> 0.058274466 | D22: 5981651 | E22: =D22/D34 -> 0.062053544 | F22: 7670864.2 | G22: =F22/F34 -> 0.072802734 | H22: 7979821.7 | I22: =H22/H34 -> 0.068577943 | J22: =7671797.23 -> 7671797.2 | K22: =J22/J34 -> 0.062068219 | L22: 9502229.8 | M22: =L22/L34 -> 0.072049164 | N22: =(F22+H22+J22+L22)/3.2 -> 10257723 | O22: =(H22+J22+L22+N22)/3.3 -> 10730779 | Q22: Total por Bimestre | S22: 1º Bimestre | T22: =S20+T20 -> 23557974 | U22: 2º Bimestre | V22: =U20+V20 -> 22708598 | W22: 3º Bimestre | X22: =W20+X20 -> 21860239 | Y22: 4º Bimestre | Z22: =Y20+Z20 -> 22786513 | AA22: 5º Bimestre | AB22: =AA20+AB20 -> 21951861 | AC22: 6º Bimestre | AD22: =AC20+AD20 -> 27512625 | AE22: =SUM(S22:AD22) -> 1.4037781e+08 | AF22: =140377810.27-AE20 -> 0
A23: Fevereiro | B23: 5798452 | C23: =B23/B34 -> 0.063209773 | D23: 6665778.9 | E23: =D23/D34 -> 0.069150675 | F23: =7361356.62+32710.31 -> 7394066.9 | G23: =F23/F34 -> 0.070175703 | H23: 7902084.6 | I23: =H23/H34 -> 0.067909876 | J23: =8682002.48 -> 8682002.5 | K23: =J23/J34 -> 0.070241224 | L23: 9870035.5 | M23: =L23/L34 -> 0.074837992 | N23: =(F23+H23+J23+L23)/3 -> 11282730 | O23: =(H23+J23+L23+N23)/3.3 -> 11435410 | Q23: Seq. | R23: ÓRGÃOS | S23: JANEIRO | T23: FEVEREIRO | U23: MARÇO | V23: ABRIL | W23: MAIO | X23: JUNHO | Y23: JULHO | Z23: AGOSTO | AA23: SETEMBRO | AB23: OUTUBRO | AC23: NOVEMBRO | AD23: DEZEMBRO | AE23: TOTAL
A24: Março | B24: 5890259.3 | C24: =B24/B34 -> 0.064210577 | D24: 7484694 | E24: =D24/D34 -> 0.077646086 | F24: 8190765.8 | G24: =F24/F34 -> 0.077737022 | H24: =9215305.68 -> 9215305.7 | I24: =H24/H34 -> 0.079195592 | J24: 9514390.6 | K24: =J24/J34 -> 0.076975611 | L24: =((D24+F24+H24+J24)/3.4)+226036 -> 10345200 | M24: =L24/L34 -> 0.078440849 | N24: =(F24+H24+J24+L24)/3 -> 12421887 | O24: =(H24+J24+L24+N24)/3.3 -> 12574783 | Q24: 1 | R24: Câmara | S24: 272500.6 | T24: 288816.56 | U24: 271577.03 | V24: =261884.04 -> 261884.04 | W24: 286697.43 | X24: 287331.03 | Y24: =282884.08 -> 282884.08 | Z24: =261210.5 -> 261210.5 | AA24: =265584 -> 265584 | AB24: 287264.74 | AE24: =SUM(S24:AD24) -> 2765750 | AF24: =AE24/$AE$40 -> 0.025769733
A25: Abril | B25: 7183262.3 | C25: =B25/B34 -> 0.078305791 | D25: =7391916.3-2329.01 -> 7389587.3 | E25: =D25/D34 -> 0.07665945 | F25: 7513399.3 | G25: =F25/F34 -> 0.071308264 | H25: 9663995.9 | I25: =H25/H34 -> 0.083051599 | J25: =10634576.05 -> 10634576 | K25: =J25/J34 -> 0.086038405 | L25: =((D25+F25+H25+J25)/3.4) -> 10353400 | M25: =L25/L34 -> 0.078503025 | N25: =(F25+H25+J25+L25)/3 -> 12721790 | O25: =(H25+J25+L25+N25)/3.3 -> 13143564 | Q25: 2 | R25: Gabinete | S25: 181653.21 | T25: 174100.48 | U25: 170867.34 | V25: =161288.32 -> 161288.32 | W25: 166287.82 | X25: 178182.14 | Y25: =165804.47 -> 165804.47 | Z25: =172862.23 -> 172862.23 | AA25: =170260.85 -> 170260.85 | AB25: 181889.07 | AE25: =SUM(S25:AD25) -> 1723195.9 | AF25: =AE25/$AE$40 -> 0.016055789
A26: Maio | B26: 6519507.1 | C26: =B26/B34 -> 0.071070099 | D26: 8056881.4 | E26: =D26/D34 -> 0.083581947 | F26: 8332242.9 | G26: =F26/F34 -> 0.079079755 | H26: =9721771.29 -> 9721771.3 | I26: =H26/H34 -> 0.083548116 | J26: =8693274.76 -> 8693274.8 | K26: =J26/J34 -> 0.070332422 | L26: =((D26+F26+H26+J26)/3.4) -> 10236521 | M26: =L26/L34 -> 0.077616809 | N26: =(F26+H26+J26+L26)/3 -> 12327937 | O26: =(H26+J26+L26+N26)/3.3 -> 12418031 | Q26: 3 | R26: SGM | S26: 57093.17 | T26: 52779.72 | U26: 60075 | V26: =55713.19 -> 55713.19 | W26: 52815.68 | X26: 61577.78 | Y26: =54583.25 -> 54583.25 | Z26: =55389.09 -> 55389.09 | AA26: =57158.13 -> 57158.13 | AB26: 59895.36 | AE26: =SUM(S26:AD26) -> 567080.37 | AF26: =AE26/$AE$40 -> 0.0052837421
A27: Junho | B27: 9389677.8 | C27: =B27/B34 -> 0.10235825 | D27: 8550639.5 | E27: =D27/D34 -> 0.088704186 | F27: 9391234.3 | G27: =F27/F34 -> 0.089130444 | H27: 9467661 | I27: =H27/H34 -> 0.081364313 | J27: =10697988.26 -> 10697988 | K27: =J27/J34 -> 0.086551437 | L27: =((D27+F27+H27+J27)/3.4) -> 11208095 | M27: =L27/L34 -> 0.084983618 | N27: =(F27+H27+J27+L27)/3 -> 13588326 | O27: =(H27+J27+L27+N27)/3.3 -> 13624870 | Q27: 4 | R27: SMCP | S27: 124867.31 | T27: 125453.03 | U27: =138017.54 -> 138017.54 | V27: =128644.09 -> 128644.09 | W27: 132426.13 | X27: 135125.87 | Y27: =137106.43 -> 137106.43 | Z27: =132915.97 -> 132915.97 | AA27: =146111.38 -> 146111.38 | AB27: 138426.46 | AE27: =SUM(S27:AD27) -> 1339094.2 | AF27: =AE27/$AE$40 -> 0.012476941
A28: Julho | B28: 7703387 | C28: =B28/B34 -> 0.083975746 | D28: 8123962.6 | E28: =D28/D34 -> 0.084277847 | F28: =8712975.37 -> 8712975.4 | G28: =F28/F34 -> 0.082693216 | H28: 8718239.6 | I28: =H28/H34 -> 0.074923846 | J28: 9134532 | K28: =J28/J34 -> 0.073902387 | L28: =((D28+F28+H28+J28)/3.4) -> 10202856 | M28: =L28/L34 -> 0.07736155 | N28: =(F28+H28+J28+L28)/3 -> 12256201 | O28: =(H28+J28+L28+N28)/3.3 -> 12215706 | Q28: 5 | R28: SMA | S28: 641306.12 | T28: 675401.63 | U28: 760919.67 | V28: =602770.84 -> 602770.84 | W28: 674830.82 | X28: 643394.65 | Y28: =648673.3 -> 648673.3 | Z28: =687994.84 -> 687994.84 | AA28: =655357.97 -> 655357.97 | AB28: 671354.8 | AE28: =SUM(S28:AD28) -> 6662004.6 | AF28: =AE28/$AE$40 -> 0.062072885
A29: Agosto | B29: 8109803.2 | C29: =B29/B34 -> 0.088406149 | D29: 8191361.9 | E29: =D29/D34 -> 0.084977046 | F29: =8881833.91 -> 8881833.9 | G29: =F29/F34 -> 0.08429582 | H29: 9251295.1 | I29: =H29/H34 -> 0.079504882 | J29: =9036456.79 -> 9036456.8 | K29: =J29/J34 -> 0.073108916 | L29: =((D29+F29+H29+J29)/3.4) -> 10400279 | M29: =L29/L34 -> 0.078858479 | N29: =(F29+H29+J29+L29)/3 -> 12523288 | O29: =(H29+J29+L29+N29)/3.3 -> 12488278 | Q29: 6 | R29: SMF | S29: 259694.11 | T29: 254528.62 | U29: =265796.65 -> 265796.65 | V29: =229132.76 -> 229132.76 | W29: 279843.4 | X29: 252792.81 | Y29: =252672.83 -> 252672.83 | Z29: =248042.36 -> 248042.36 | AA29: =249527.57 -> 249527.57 | AB29: 226386.4 | AE29: =SUM(S29:AD29) -> 2518417.5 | AF29: =AE29/$AE$40 -> 0.023465225
A30: Setembro | B30: 7384516.2 | C30: =B30/B34 -> 0.080499689 | D30: =7555140.76 -> 7555140.8 | E30: =D30/D34 -> 0.078376899 | F30: 8405663.2 | G30: =F30/F34 -> 0.079776574 | H30: =9019781.08 -> 9019781.1 | I30: =H30/H34 -> 0.077515269 | J30: =10105595.49 -> 10105595 | K30: =J30/J34 -> 0.081758719 | L30: =((D30+F30+H30+J30)/3.4) -> 10319465 | M30: =L30/L34 -> 0.07824572 | N30: =(F30+H30+J30+L30)/3 -> 12616835 | O30: =(H30+J30+L30+N30)/3.3 -> 12745963 | Q30: 7 | R30: SMTur | S30: 58851.92 | T30: 50153.6 | U30: =55556.25 -> 55556.25 | V30: =58785.61 -> 58785.61 | W30: 62776.26 | X30: 58566.02 | Y30: =65259.27 -> 65259.27 | Z30: =84715.2 -> 84715.2 | AA30: =88705.76 -> 88705.76 | AB30: 138334.23 | AE30: =SUM(S30:AD30) -> 721704.12 | AF30: =AE30/$AE$40 -> 0.0067244409
A31: Outubro | B31: 7353919.7 | C31: =B31/B34 -> 0.080166153 | D31: 7682619.9 | E31: =D31/D34 -> 0.079699365 | F31: 8594186.1 | G31: =F31/F34 -> 0.081565809 | H31: =9257306.49 -> 9257306.5 | I31: =H31/H34 -> 0.079556543 | J31: 9996580.7 | K31: =J31/J34 -> 0.080876741 | L31: =((D31+F31+H31+J31)/3.4) -> 10450204 | M31: =L31/L34 -> 0.079237028 | N31: =(F31+H31+J31+L31)/3 -> 12766092 | O31: =(H31+J31+L31+N31)/3.3 -> 12869753 | Q31: 8 | R31: SMTSUI | S31: 740885.48 | T31: 589309.21 | U31: 913485.51 | V31: =783014.71 -> 783014.71 | W31: 1038389.1 | X31: 974893.93 | Y31: =922550.47 -> 922550.47 | Z31: =1548599.94 -> 1548599.9 | AA31: =786229.3 -> 786229.3 | AB31: 965076.32 | AE31: =SUM(S31:AD31) -> 9262434 | AF31: =AE31/$AE$40 -> 0.086302251
A32: Novembro | B32: 7912382.4 | C32: =B32/B34 -> 0.086254036 | D32: 8077679.6 | E32: =D32/D34 -> 0.083797708 | F32: 8884947.5 | G32: =F32/F34 -> 0.084325371 | H32: 9510627.3 | I32: =H32/H34 -> 0.081733562 | J32: =10537885.72 -> 10537886 | K32: =J32/J34 -> 0.085256137 | L32: =((D32+F32+H32+J32)/3.4) -> 10885629 | M32: =L32/L34 -> 0.082538574 | N32: =(F32+H32+J32+L32)/3 -> 13273030 | O32: =(H32+J32+L32+N32)/3.3 -> 13396113 | Q32: 9 | R32: SEDUC | S32: 2501144.2 | T32: 2645212.9 | U32: =2707776.74 -> 2707776.7 | V32: =2760789.37 -> 2760789.4 | W32: 2538135.1 | X32: 2596091.3 | Y32: =2486286.67 -> 2486286.7 | Z32: =2904138.86 -> 2904138.9 | AA32: =2749841.94 -> 2749841.9 | AB32: 3292207.9 | AE32: =SUM(S32:AD32) -> 27181625 | AF32: =AE32/$AE$40 -> 0.25326339
A33: Dezembro | B33: 13142588 | C33: =B33/B34 -> 0.14326927 | D33: 12634998 | E33: =D33/D34 -> 0.13107525 | F33: 13392877 | G33: =F33/F34 -> 0.12710929 | H33: =15787827.89+865628.68 -> 16653457 | I33: =H33/H34 -> 0.14311846 | J33: 18897584 | K33: =J33/J34 -> 0.15288978 | L33: =((D33+F33+H33+J33)/3.4) -> 18111446 | M33: =L33/L34 -> 0.13732719 | N33: =(F33+H33+J33+L33)/3 -> 22351788 | O33: =(H33+J33+L33+N33)/3.3 -> 23034629 | Q33: 10 | R33: SMSMA | S33: 1923273.2 | T33: 1859487.6 | U33: =3319884.02 -> 3319884 | V33: =1694768.04 -> 1694768 | W33: 2841243.2 | X33: 2332381 | Y33: =2773153.98 -> 2773154 | Z33: =2320018.91 -> 2320018.9 | AA33: =2441388.21 -> 2441388.2 | AB33: 2299921.3 | AE33: =SUM(S33:AD33) -> 23805519 | AF33: =AE33/$AE$40 -> 0.2218067
A34: TOTAIS | B34: =SUM(B22:B33) -> 91733474 | C34: =B34/B34 -> 1 | D34: =SUM(D22:D33) -> 96394995 | E34: =D34/D34 -> 1 | F34: =SUM(F22:F33) -> 1.0536506e+08 | G34: =F34/F34 -> 1 | H34: =SUM(H22:H33) -> 1.1636135e+08 | I34: =H34/H34 -> 1 | J34: =SUM(J22:J33) -> 1.2360266e+08 | K34: =J34/J34 -> 1 | L34: =SUM(L22:L33) -> 1.3188536e+08 | M34: =L34/L34 -> 1 | N34: =SUM(N22:N33) -> 1.5838763e+08 | O34: =SUM(O22:O33) -> 1.6067788e+08 | Q34: 11 | R34: SMAS | S34: 223988.11 | T34: 238926.62 | U34: =444544.53 -> 444544.53 | V34: =350230.29 -> 350230.29 | W34: 301969.11 | X34: 250021.63 | Y34: =324346.38 -> 324346.38 | Z34: =519836.68 -> 519836.68 | AA34: =280877.52 -> 280877.52 | AB34: 280169.05 | AE34: =SUM(S34:AD34) -> 3214909.9 | AF34: =AE34/$AE$40 -> 0.029954757
A35: % em relação ao ano anterior | D35: 0.060015321 | F35: 0.20274498 | H35: 0.15953984 | J35: 0.061875221 | L35: 0.11385731 | N35: 0.085121633 | O35: 0.069107984 | Q35: 12 | R35: SMAIC | S35: 86173.57 | T35: 87289.61 | U35: =110850.94 -> 110850.94 | V35: =170732.58 -> 170732.58 | W35: 123830.35 | X35: 100646.67 | Y35: =152027.1 -> 152027.1 | Z35: =129842.8 -> 129842.8 | AA35: =156982.51 -> 156982.51 | AB35: 166303.81 | AE35: =SUM(S35:AD35) -> 1284679.9 | AF35: =AE35/$AE$40 -> 0.011969939
A36: Superávit | B36: =B17-B34 -> 335252.49 | D36: =D17-D34 -> 8125761.5 | F36: =F17-F34 -> -11138555 | H36: =H17-H34 -> -323055.85 | J36: =J17-J34 -> 263135.53 | L36: =L17-L34 -> 8492451.6 | N36: =N17-N34 -> -8104089.4 | O36: =O17-O34 -> 7750185.4 | Q36: 13 | R36: Encargos | S36: 231987.94 | T36: 219845.87 | U36: =232249.03 -> 232249.03 | V36: =197988.6 -> 197988.6 | W36: 276580.63 | X36: 164311.51 | Y36: =289137.43 -> 289137.43 | Z36: =282248.93 -> 282248.93 | AA36: =245971.82 -> 245971.82 | AB36: 265685.16 | AE36: =SUM(S36:AD36) -> 2406006.9 | AF36: =AE36/$AE$40 -> 0.022417845
Q37: 14 | R37: Reserva | AE37: =SUM(S37:AD37) -> 0 | AF37: =AE37/$AE$40 -> 0
Q38: 15 | R38: FAPS | S38: 1774960.3 | T38: 1896890.3 | U38: =1916270.79 -> 1916270.8 | V38: =1849406 -> 1849406 | W38: 1863619.4 | X38: 1860929.8 | Y38: =1884606.52 -> 1884606.5 | Z38: =1864145.39 -> 1864145.4 | AA38: =1865495.09 -> 1865495.1 | AB38: 1867358.3 | AE38: =SUM(S38:AD38) -> 18643682 | AF38: =AE38/$AE$40 -> 0.17371154
B39: Cronograma | C39: A Vertic | D39: RECEITA/2021 | F39: DIFERENÇA | H39: DESPESA/2021 | I39: A Vertic | J39: DIFERENÇA | L39: SUPERÁVIT/DÉFICIT | Q39: 16 | R39: FASM | S39: 423850.66 | T39: 711839.77 | U39: =329907.73 -> 329907.73 | V39: =490200.6 -> 490200.6 | W39: 504884.87 | X39: 615775.14 | Y39: =842005.18 -> 842005.18 | Z39: =30710.12 -> 30710.12 | AA39: =779118.3 -> 779118.3 | AB39: 501124.29 | AE39: =SUM(S39:AD39) -> 5229416.7 | AF39: =AE39/$AE$40 -> 0.04872482
B40: MESES | C40: % | D40: REALIZADA | F40: RECEITA | H40: EXECUTADA | I40: % | J40: DESPESA | L40: AO MÊS | Q40: = | R40: TOTAL | S40: =SUM(S24:S39) -> 9502229.8 | T40: =SUM(T24:T39) -> 9870035.5 | U40: =SUM(U24:U39) -> 11697779 | V40: =SUM(V24:V39) -> 9795349 | W40: =SUM(W24:W39) -> 11144329 | X40: =SUM(X24:X39) -> 10512021 | Y40: =SUM(Y24:Y39) -> 11281097 | Z40: =SUM(Z24:Z39) -> 11242672 | ... AE40: =SUM(AE24:AE39) -> 1.0732552e+08 | AF40: =AE40/$AE$40 -> 1
B41: Janeiro | C41: =D41/$D$53 -> 0.097155068 | D41: 11654887 | F41: =D41-L5 -> 0 | H41: 9502229.8 | I41: =H41/$H$53 -> 0.088536536 | J41: =H41-L22 -> 0 | L41: =D41-H41 -> 2152657.1 | S41: =S40-$H41 -> 0 | T41: =T40-H42 -> 0 | U41: =U40-$H43 -> 0 | V41: =V40-$H44 -> 0 | W41: =W40-$H45 -> 0 | X41: =X40-$H46 -> 0 | Y41: =Y40-$H47 -> 0 | Z41: =Z40-$H48 -> 0 | AA41: =AA40-$H49 -> 0 | AB41: =AB40-$H50 -> 0 | AC41: =AC40-$H51 -> 0 | AD41: =AD40-$H52 -> 0 | AE41: =AE40-$H53 -> 0
B42: Fevereiro | C42: =D42/$D$53 -> 0.099265514 | D42: 11908060 | F42: =D42-L6 -> 0 | H42: 9870035.5 | I42: =H42/$H$53 -> 0.091963546 | J42: =H42-L23 -> 0 | L42: =D42-H42 -> 2038024.1 | S42: CRONOGRAMA DA DESPESA POR CATEGORIA | W42: EXERCÍCIO DE 2021 | AE42: =85045512.97 -> 85045513
B43: Março | C43: =D43/$D$53 -> 0.093164028 | D43: =11176115.04 -> 11176115 | F43: =D43-L7 -> 39551.047 | H43: 11697779 | I43: =H43/$H$53 -> 0.10899345 | J43: =H43-L24 -> 1352579.2 | L43: =D43-H43 -> -521663.73 | S43: Janeiro | T43: Fevereiro | U43: Março | V43: Abril | W43: Maio | X43: Junho | Y43: Julho | Z43: Agosto | AA43: Setembro | AB43: Outubro | AC43: Novembro | AD43: Dezembro | AE43: TOTAL
B44: Abril | C44: =D44/$D$53 -> 0.098222775 | D44: =11782970.82 -> 11782971 | F44: =D44-L8 -> 232089.4 | H44: =9795349.04 -> 9795349 | I44: =H44/$H$53 -> 0.091267659 | J44: =H44-L25 -> -558050.54 | L44: =D44-H44 -> 1987621.8 | P44: 3. | Q44: DESPESA CORRENTE | S44: =SUM(S45:S47) -> 10156873 | T44: =SUM(T45:T47) -> 10370898 | U44: =SUM(U45:U47) -> 9718698.5 | V44: =SUM(V45:V47) -> 10068950 | W44: =SUM(W45:W47) -> 9964004.7 | X44: =SUM(X45:X47) -> 9084406.9 | Y44: =SUM(Y45:Y47) -> 10577708 | Z44: =SUM(Z45:Z47) -> 9277833.8 | ... AE44: =SUM(AE45:AE47) -> 1.2232137e+08
B45: Maio | C45: =D45/$D$53 -> 0.099942605 | D45: 11989285 | F45: =D45-L9 -> 562544.46 | H45: 11144329 | I45: =H45/$H$53 -> 0.10383671 | J45: =H45-L26 -> 907808.71 | L45: =D45-H45 -> 844955.24 | P45: 3.1. | Q45: Vencimento e Encargos | S45: =89132085.65*S21 -> 7401023.4 | T45: =89132085.65*T21 -> 7556976.9 | U45: =89132085.65*U21 -> 7081738 | V45: =89132085.65*V21 -> 7336956.3 | W45: =89132085.65*W21 -> 7260485.7 | X45: =89132085.65*X21 -> 6619547.8 | Y45: =89132085.65*Y21 -> 7707673.4 | Z45: =89132085.65*Z21 -> 6760492.5 | ... AD45: =89132085.65*AD21 -> 10689799 | AE45: =SUM(S45:AD45) -> 89132086
B46: Junho | C46: =D46/$D$53 -> 0.093968953 | D46: 11272675 | F46: =D46-L10 -> 886423.62 | H46: 10512021 | I46: =H46/$H$53 -> 0.097945216 | J46: =H46-L27 -> -696073.73 | L46: =D46-H46 -> 760653.93 | P46: 3.2. | Q46: Juros e Encargo Dív. | S46: =115171*S21 -> 9563.1473 | T46: =115171*T21 -> 9764.6609 | U46: =115171*U21 -> 9150.5864 | V46: =115171*V21 -> 9480.3637 | W46: =115171*W21 -> 9381.5531 | X46: =115171*X21 -> 8553.3727 | Y46: =115171*Y21 -> 9959.3816 | Z46: =115171*Z21 -> 8735.4927 | ... AD46: =115171*AD21 -> 13812.701 | AE46: =SUM(S46:AD46) -> 115171
B47: Julho | C47: =D47/$D$53 -> 0.11881744 | D47: =14253541.57 -> 14253542 | F47: =D47-L11 -> 2100843.7 | H47: =11281097.36 -> 11281097 | I47: =H47/$H$53 -> 0.10511104 | J47: =H47-L28 -> 1078241.6 | L47: =D47-H47 -> 2972444.2 | P47: 3.3. | Q47: Outras Desp. Corrente | S47: =33074109.33*S21 -> 2746286.6 | T47: =33074109.33*T21 -> 2804156.1 | U47: =33074109.33*U21 -> 2627809.9 | V47: =33074109.33*V21 -> 2722513.4 | W47: =33074109.33*W21 -> 2694137.5 | X47: =33074109.33*X21 -> 2456305.7 | Y47: =33074109.33*Y21 -> 2860074.8 | Z47: =33074109.33*Z21 -> 2508605.8 | ... AD47: =33074109.33*AD21 -> 3966647.7 | AE47: =SUM(S47:AD47) -> 33074109
B48: Agosto | C48: =D48/$D$53 -> 0.098345823 | D48: =11797731.93 -> 11797732 | F48: =D48-L12 -> 1182672.9 | H48: 11242672 | I48: =H48/$H$53 -> 0.10475301 | J48: =H48-L29 -> 842393.1 | L48: =D48-H48 -> 555060.11 | P48: 4. | Q48: DESPESA DE CAPITAL | S48: =SUM(S49:S51) -> 512195.7 | T48: =SUM(T49:T51) -> 522988.64 | U48: =SUM(U49:U51) -> 490099.22 | V48: =SUM(V49:V51) -> 507761.87 | W48: =SUM(W49:W51) -> 502469.64 | X48: =SUM(X49:X51) -> 458112.86 | Y48: =SUM(Y49:Y51) -> 533417.74 | Z48: =SUM(Z49:Z51) -> 467867.08 | ... AE48: =SUM(AE49:AE51) -> 6168480.9
B49: Setembro | C49: =D49/$D$53 -> 0.089008032 | D49: =10677554.69 -> 10677555 | F49: =D49-L13 -> 174123.48 | H49: =10938610.35 -> 10938610 | I49: =H49/$H$53 -> 0.10191994 | J49: =H49-L30 -> 619145.48 | L49: =D49-H49 -> -261055.66 | P49: 4.4. | Q49: Investimentos | S49: =5453968.29*S21 -> 452866.62 | T49: =5453968.29*T21 -> 462409.38 | U49: =5453968.29*U21 -> 433329.64 | V49: =5453968.29*V21 -> 448946.38 | W49: =5453968.29*W21 -> 444267.16 | X49: =5453968.29*X21 -> 405048.35 | Y49: =5453968.29*Y21 -> 471630.46 | Z49: =5453968.29*Z21 -> 413672.72 | ... AD49: =5453968.29*AD21 -> 654105.92 | AE49: =SUM(S49:AD49) -> 5453968.3
B50: Outubro | C50: =D50/$D$53 -> 0.11210976 | D50: 13448878 | F50: =D50-L14 -> 2044877.4 | H50: 11341397 | I50: =H50/$H$53 -> 0.10567288 | J50: =H50-L31 -> 891193.28 | L50: =D50-H50 -> 2107480.4 | P50: 4.5. | Q50: Inversões Financeira | S50: =10608*S21 -> 880.82822 | T50: =10608*T21 -> 899.38893 | U50: =10608*U21 -> 842.82866 | V50: =10608*V21 -> 873.20331 | W50: =10608*W21 -> 864.10221 | X50: =10608*X21 -> 787.82139 | Y50: =10608*Y21 -> 917.32398 | Z50: =10608*Z21 -> 804.59583 | ... AD50: =10608*AD21 -> 1272.2398 | AE50: =SUM(S50:AD50) -> 10608
B51: Novembro | C51: =D51/$D$53 -> 0 | F51: =D51-L15 -> -10645403 | I51: =H51/$H$53 -> 0 | J51: =H51-L32 -> -10885629 | L51: =D51-H51 -> 0 | P51: 4.6. | Q51: Amortização da Dívida | S51: =703904.61*S21 -> 58448.251 | T51: =703904.61*T21 -> 59679.866 | U51: =703904.61*U21 -> 55926.752 | V51: =703904.61*V21 -> 57942.292 | W51: =703904.61*W21 -> 57338.379 | X51: =703904.61*X21 -> 52276.688 | Y51: =703904.61*Y21 -> 60869.964 | Z51: =703904.61*Z21 -> 53389.773 | ... AD51: =703904.61*AD21 -> 84420.765 | AE51: =SUM(S51:AD51) -> 703904.61
B52: Dezembro | C52: =D52/$D$53 -> 0 | F52: =D52-L16 -> -16993835 | I52: =H52/$H$53 -> 0 | J52: =H52-L33 -> -18111446 | L52: =D52-H52 -> 0 | P52: TOTAL DA DESPESA FIXADA | S52: =S44+S48 -> 10669069 | T52: =T44+T48 -> 10893886 | U52: =U44+U48 -> 10208798 | V52: =V44+V48 -> 10576712 | W52: =W44+W48 -> 10466474 | X52: =X44+X48 -> 9542519.8 | Y52: =Y44+Y48 -> 11111125 | Z52: =Z44+Z48 -> 9745700.9 | ... AE52: =AE44+AE48 -> 1.2848985e+08
B53: TOTAIS | C53: =SUM(C41:C52) -> 1 | D53: =SUM(D41:D52) -> 1.199617e+08 | F53: =SUM(F41:F52) -> -20416112 | G53: =(H53-H34)/H34 -> -0.077653157 | H53: =SUM(H41:H52) -> 1.0732552e+08 | I53: =SUM(I41:I52) -> 1 | J53: =SUM(J41:J52) -> -24559838 | L53: =SUM(L41:L52) -> 12636177 | P53: 9.9. | Q53: Reserva de Contigência | S53: =S20-S52 -> 987109.12 | T53: =T20-T52 -> 1007909.4 | U53: =U20-U52 -> 944524.54 | V53: =V20-V52 -> 978564.19 | W53: =W20-W52 -> 968364.95 | X53: =X20-X52 -> 882880.07 | Y53: =Y20-Y52 -> 1028008.5 | Z53: =Z20-Z52 -> 901678.53 | ... AD53: =AD20-AD52 -> 1425748.5 | AE53: =SUM(S53:AD53) -> 11887963
D54: =119961697.95-D53 -> 0 | H54: =107325520.46-H53 -> 0 | P54: TOTAL GERAL PREVISTO | S54: =S52+S53 -> 11656178 | T54: =T52+T53 -> 11901796 | U54: =U52+U53 -> 11153322 | V54: =V52+V53 -> 11555276 | W54: =W52+W53 -> 11434839 | X54: =X52+X53 -> 10425400 | Y54: =Y52+Y53 -> 12139134 | Z54: =Z52+Z53 -> 10647379 | ... AD54: =AD52+AD53 -> 16835807 | AE54: =SUM(S54:AD54) -> 1.4037781e+08
H55: SUPERÁVIT/DÉFICIT | I55: +/- | J55: =D53-H53 -> 12636177 | K55: SOBRE A DESPESA LIQUIDADA.
I56: Restos a Pagar Processados de Exercícios Anteriores Pagos: | J56: =Exec_Orç!K19-J57 -> 6622066.2 | K56: a Pagar: | L56: =Exec_Orç!L19 -> 20150304 | P56: 3. | Q56: DESPESA CORRENTE | S56: =SUM(S57:S59) -> 9502229.8 | T56: =SUM(T57:T59) -> 9863334.6 | U56: =SUM(U57:U59) -> 11673365 | V56: =SUM(V57:V59) -> 9767509.6 | W56: =SUM(W57:W59) -> 11080310 | X56: =SUM(X57:X59) -> 10433551 | Y56: =SUM(Y57:Y59) -> 11130935 | Z56: =SUM(Z57:Z59) -> 10654501 | ... AE56: =SUM(AE57:AE59) -> 1.0623497e+08 | AF56: =AE56/$AE$64 -> 0.98983887
I57: Restos a Pagar Não Processados de Exercícios Anteriores Pagos: | J57: =-Exec_Orç!H26 -> 1129516.2 | K57: Cancelados: | L57: =Exec_Orç!J19 -> 11405.92 | P57: 3.1. | Q57: Vencimento e Encargos | S57: 7483372.4 | T57: 7755753.4 | U57: =7806919.68 -> 7806919.7 | V57: =7464214.06 -> 7464214.1 | W57: =7290775.62 -> 7290775.6 | X57: 7411621.8 | Y57: =7526337.83 -> 7526337.8 | Z57: =7386420.06 -> 7386420.1 | AA57: 7328481.8 | AB57: 7456595.1 | AE57: =SUM(S57:AD57) -> 74910492 | AF57: =AE57/$AE$64 -> 0.69797464
I58: Totais: | J58: =SUM(J56:J57) -> 7751582.3 | L58: =L56+L57 -> 20161710 | M58: Saldo sem Deduções dos Cancelamentos | P58: 3.2. | Q58: Juros e Encargo Dív. | S58: 5579.12 | V58: =11158.24 -> 11158.24 | W58: =11158.24 -> 11158.24 | X58: 5579.12 | Y58: =5579.12 -> 5579.12 | Z58: =5579.12 -> 5579.12 | AB58: 11158.24 | AE58: =SUM(S58:AD58) -> 55791.2 | AF58: =AE58/$AE$64 -> 0.00051983163
P59: 3.3. | Q59: Outras Desp. Corrente | S59: 2013278.3 | T59: 2107581.2 | U59: =3866445.67 -> 3866445.7 | V59: =2292137.34 -> 2292137.3 | W59: =3778375.74 -> 3778375.7 | X59: 3016350.2 | Y59: =3599017.83 -> 3599017.8 | Z59: =3262501.82 -> 3262501.8 | AA59: 3466343.9 | AB59: 3866656.8 | AE59: =SUM(S59:AD59) -> 31268689 | AF59: =AE59/$AE$64 -> 0.29134439
P60: 4. | Q60: DESPESA DE CAPITAL | S60: =SUM(S61:S63) -> 0 | T60: =SUM(T61:T63) -> 6700.86 | U60: =SUM(U61:U63) -> 24413.42 | V60: =SUM(V61:V63) -> 27839.4 | W60: =SUM(W61:W63) -> 64019.8 | X60: =SUM(X61:X63) -> 78470.15 | Y60: =SUM(Y61:Y63) -> 150162.58 | Z60: =SUM(Z61:Z63) -> 588170.82 | ... AE60: =SUM(AE61:AE63) -> 1090548.7 | AF60: =AE60/$AE$64 -> 0.010161131
P61: 4.4. | Q61: Investimentos | T61: 6700.86 | U61: =24413.42 -> 24413.42 | V61: =27839.4 -> 27839.4 | W61: =64019.8 -> 64019.8 | X61: 78470.15 | Y61: =150162.58 -> 150162.58 | Z61: =588170.82 -> 588170.82 | AA61: =143784.64 -> 143784.64 | AB61: 6987 | AE61: =SUM(S61:AD61) -> 1090548.7 | AF61: =AE61/$AE$64 -> 0.010161131
P62: 4.5. | Q62: Inversões Financeira | AE62: =SUM(S62:AD62) -> 0 | AF62: =AE62/$AE$64 -> 0
B63: Giovani Amestoy da Silva | E63: Ihoko Nakashima Mota | I63: Arlei Lopes Souza | P63: 4.6. | Q63: Amortização da Dívida | AE63: =SUM(S63:AD63) -> 0 | AF63: =AE63/$AE$64 -> 0
B64: Prefeito Municipal | E64: Secret. de Município da Fazenda | I64: Contador - CRC/RS: 068452/O-6 | P64: Total da Despesa Liquidada: | S64: =S56+S60 -> 9502229.8 | T64: =T56+T60 -> 9870035.5 | U64: =U56+U60 -> 11697779 | V64: =V56+V60 -> 9795349 | W64: =W56+W60 -> 11144329 | X64: =X56+X60 -> 10512021 | Y64: =Y56+Y60 -> 11281097 | Z64: =Z56+Z60 -> 11242672 | ... AF64: =AF56+AF60 -> 1
S65: =H41-S64 -> 0 | T65: =H42-T64 -> 0 | U65: =H43-U64 -> 0 | V65: =H44-V64 -> 0 | W65: =H45-W64 -> 0 | X65: =H46-X64 -> 0 | Y65: =H47-Y64 -> 0 | Z65: =H48-Z64 -> 0 | AA65: =H49-AA64 -> 0 | AB65: =H50-AB64 -> 0 | AC65: =H51-AC64 -> 0 | AD65: =H52-AD64 -> 0 | AE65: =AE64-H53 -> 0
R66: Giovani Amestoy da Silva | U66: Ihoko Nakashima Mota | Y66: Arlei Lopes Souza | AD66: Nota: + Despesa não Liquidada: | AE66: =111781244.48-AE64 -> 4455724
AD67: Total da DespesaEmpenhada: | AE67: =AE66+AE64 -> 1.1178124e+08
X69: Análise da relação da Despesa Corrente Liquidada em relação a Receita Orçamentária sem os valores das Receitas Intraorçamentária e de Capital
R70: Consolidadas | S70: Janeiro | T70: Fevereiro | U70: Março | V70: Abril | W70: Maio | X70: Junho | Y70: Julho | Z70: Agosto | AA70: Setembro | AB70: Outubro | AC70: Novembro | AD70: Dezembro | AE70: TOTAIS:
C71: EVOLUÇÃO DOS SALDOS DOS RESTOS A PAGAR DO PERÍODO: | R71: Despesas Corr. Líquidada | S71: =S56 -> 9502229.8 | T71: =T56 -> 9863334.6 | U71: =U56 -> 11673365 | V71: =V56 -> 9767509.6 | W71: =W56 -> 11080310 | X71: =X56 -> 10433551 | Y71: =Y56 -> 11130935 | Z71: =Z56 -> 10654501 | ... AD71: =AD56 -> 0 | AE71: =SUM(S71:AD71) -> 1.0623497e+08
A72: Ano: 2020 | B72: Janeiro | C72: Ano | D72: Fevereiro | E72: Março | F72: Abril | H72: Maio | J72: Junho | K72: Julho | L72: Agosto | M72: Setembro | N72: Outubro | O72: Novembro | R72: Rec. Corrente - Deduções | S72: =RCL!K5 -> 9014518.8 | T72: =RCL!J5 -> 9629502.4 | U72: =RCL!I5 -> 9932379.9 | V72: =RCL!H5 -> 8870336.5 | W72: =RCL!G5 -> 12193906 | X72: =RCL!F5 -> 9409782.6 | Y72: =RCL!E5 -> 8599619.9 | Z72: =RCL!D5 -> 11215125 | AA72: =RCL!E5 -> 8599619.9 | AB72: =RCL!D5 -> 11215125 | AC72: 0 | AD72: 0 | AE72: =SUM(S72:AD72) -> 98679916
A73: 4383.53 | B73: 4383.53 | C73: 2004 | D73: 4383.53 | E73: 4383.53 | F73: 4383.53 | H73: 4383.53 | J73: 4383.53 | K73: 4383.53 | L73: 57.84 | M73: 4383.53 | N73: 4383.53 | R73: % da DC s/ RC: | S73: =S71/S72 -> 1.0541028 | T73: =T71/T72 -> 1.0242829 | U73: =U71/U72 -> 1.1752838 | V73: =V71/V72 -> 1.1011431 | W73: =W71/W72 -> 0.90867596 | X73: =X71/X72 -> 1.1087983 | Y73: =Y71/Y72 -> 1.294352 | Z73: =Z71/Z72 -> 0.9500118 | ... AE73: =AE71/AE72 -> 1.0765612
A74: 57.84 | B74: 57.84 | C74: 2005 | D74: 57.84 | E74: 57.84 | F74: 57.84 | H74: 57.84 | J74: 57.84 | K74: 57.84 | L74: 1022.7 | M74: 57.84 | N74: 57.84
A75: 1022.7 | B75: 1022.7 | C75: 2006 | D75: 1022.7 | E75: 1022.7 | F75: 1022.7 | H75: 1022.7 | J75: 1022.7 | K75: 1022.7 | L75: 776.55 | M75: 1022.7 | N75: 376.17 | T75: SECRETARIA MUNICIPAL DA SAÚDE E MEIO AMBIENTE - SMSMA
A76: 776.55 | B76: 776.55 | C76: 2007 | D76: 776.55 | E76: 776.55 | F76: 776.55 | H76: 776.55 | J76: 776.55 | K76: 776.55 | L76: 2046.08 | M76: 776.55 | N76: 776.55
A77: 2046.08 | B77: 2046.08 | C77: 2008 | D77: 2046.08 | E77: 2046.08 | F77: 2046.08 | H77: 2046.08 | J77: 2046.08 | K77: 2046.08 | L77: 2230.9 | M77: 2046.08 | N77: 1737.19 | T77: COMPARATIVO DA DESPESA PREVISTA CONSOLIDADA COM A DESPESA PREVISTA PARA A SAÚDE
A78: 2230.9 | B78: 2230.9 | C78: 2009 | D78: 2230.9 | E78: 2230.9 | F78: 2230.9 | H78: 2230.9 | J78: 2230.9 | K78: 2230.9 | L78: 7980.88 | M78: 2230.9 | N78: 1779.08 | Q78: Seq. | R78: PREVISTO: | S78: =S3 -> JANEIRO | T78: =T3 -> FEVEREIRO | U78: =U3 -> MARÇO | V78: =V3 -> ABRIL | W78: =W3 -> MAIO | X78: =X3 -> JUNHO | Y78: =Y3 -> JULHO | Z78: =Z3 -> AGOSTO | ... AE78: =AE3 -> TOTAL
A79: 7980.88 | B79: 7980.88 | C79: 2010 | D79: 7980.88 | E79: 7980.88 | F79: 7980.88 | H79: 7980.88 | J79: 7980.88 | K79: 7980.88 | L79: 172953.87 | M79: 7980.88 | N79: 6480.66 | Q79: I | R79: TOTAL | S79: =S20 -> 11656178 | T79: =T20 -> 11901796 | U79: =U20 -> 11153322 | V79: =V20 -> 11555276 | W79: =W20 -> 11434839 | X79: =X20 -> 10425400 | Y79: =Y20 -> 12139134 | Z79: =Z20 -> 10647379 | ... AE79: =AE20 -> 1.4037781e+08
A80: 172953.87 | B80: 172953.87 | C80: 2011 | D80: 172953.87 | E80: 172953.87 | F80: 172953.87 | H80: 172953.87 | J80: 172953.87 | K80: 172953.87 | L80: 1907832.2 | M80: 172953.87 | N80: 169801.14
A81: 2016261.2 | B81: 2002707.6 | C81: 2012 | D81: 1989154 | E81: 1975600.3 | F81: 1962046.7 | H81: 1948493.1 | J81: 1934939.5 | K81: 1921385.9 | L81: 10667.58 | M81: 1894278.6 | N81: 1866718.6 | Q81: =Q13 -> 10 | R81: =R13 -> SMS | S81: =S13 -> 2259599.2 | T81: =T13 -> 2308683.3 | U81: =U13 -> 2159109 | V81: =V13 -> 2239435.1 | W81: =W13 -> 2215367.1 | X81: =X13 -> 2013641.7 | ... AE81: =AE13 -> 27215845
A82: 10667.58 | B82: 10667.58 | C82: 2013 | D82: 10667.58 | E82: 10667.58 | F82: 10667.58 | H82: 10667.58 | J82: 10667.58 | K82: 10667.58 | L82: 353929.99 | M82: 10667.58 | N82: 9489.87 | R82: % s/ Consolidado | S82: =(S81/S79)*100 -> 19.385422 | T82: =(T81/T79)*100 -> 19.397773 | U82: =(U81/U79)*100 -> 19.358438 | V82: =(V81/V79)*100 -> 19.380196 | W82: =(W81/W79)*100 -> 19.373837 | X82: =(X81/X79)*100 -> 19.314767 | Y82: =(Y81/Y79)*100 -> 19.409232 | Z82: =(Z81/Z79)*100 -> 19.328717 | ... AE82: =(AE81/AE79)*100 -> 19.387569
A83: 536457.43 | B83: 513641.5 | C83: 2014 | D83: 490825.57 | E83: 468009.64 | F83: 445193.71 | H83: 422377.78 | J83: 399561.85 | K83: 376745.92 | L83: 3106976.3 | M83: 331114.06 | N83: 305978.85
A84: 3209482.3 | B84: 3196828.2 | C84: 2015 | D84: 3184060.8 | E84: 3171406.7 | F84: 3157592.6 | H84: 3144938.5 | J84: 3132284.4 | K84: 3119630.4 | L84: 3147554 | M84: 3094309.4 | N84: 3081655.3 | R84: Bal. Orçamentário | S84: Créditos Orçam. | T84: Disponib. Dotaç. | U84: Empenhado | V84: Liquidado | W84: A Liquidar | X84: Pago | Y84: A Pagar | Z84: Pgtos a EFetuar | AA84: Balcte Orçam.:
A85: 3398020.7 | B85: 3376054.2 | C85: 2016 | D85: 3354087.7 | E85: 3332121.1 | F85: 3255394.1 | H85: 3241116.4 | J85: 3183940.9 | K85: 3161831.7 | L85: 2133121.7 | M85: 3133276.4 | N85: 3117485 | R85: Valores: | S85: =Cruz!I27 -> 1.5534498e+08 | T85: =S85-U85 -> 43563737 | U85: =AE67 -> 1.1178124e+08 | V85: =AE64 -> 1.0732552e+08 | W85: =U85-V85 -> 4455724 | X85: =102398436.72 -> 1.0239844e+08 | Y85: =V85-X85 -> 4927083.7 | Z85: =W85+Y85 -> 9382807.8 | AA85: =Z85-W85 -> 4927083.7
A86: 2431405.7 | B86: 2394120.2 | C86: 2017 | D86: 2356834.7 | E86: 2319549.2 | F86: 2282263.7 | H86: 2244978.2 | J86: 2207692.7 | K86: 2170407.2 | L86: 1950038.6 | M86: 2095836.2 | N86: 2058550.7 | T86: COMPARATIVO DA DESPESA REALIZADA CONSOLIDADA COM A DESPESA REALIZADA NA SAÚDE
A87: 1951977.1 | B87: 1951977.1 | C87: 2018 | D87: 1950772.4 | E87: 1950772.4 | F87: 1950772.4 | H87: 1950038.6 | J87: 1950038.6 | K87: 1950038.6 | L87: 1591853.4 | M87: 1950038.6 | N87: 1948421.9 | Q87: Seq. | R87: REALIZADO | S87: =S40 -> 9502229.8 | T87: =T40 -> 9870035.5 | U87: =U40 -> 11697779 | V87: =V40 -> 9795349 | W87: =W40 -> 11144329 | X87: =X40 -> 10512021 | Y87: =Y40 -> 11281097 | Z87: =Z40 -> 11242672 | ... AE87: =AE40 -> 1.0732552e+08
A88: 1602004.9 | B88: 1602004.9 | C88: 2019 | D88: 1597163.5 | E88: 1595013.1 | F88: 1595013.1 | H88: 1590916.4 | J88: 1590916.4 | K88: 1590916.4 | L88: 6154226.2 | M88: 1589832.4 | N88: 1586258.1
A89: 11681226 | B89: 8367616.4 | C89: 2020 | D89: 7165670.7 | E89: 7195049.5 | F89: 6792191.2 | H89: 6524062.2 | J89: 6409256.2 | K89: 6297433.4 | M89: 6043305.2 | N89: 5949903.7 | Q89: =Q33 -> 10 | R89: =R33 -> SMSMA | S89: =S33 -> 1923273.2 | T89: =T33 -> 1859487.6 | U89: =U33 -> 3319884 | V89: =V33 -> 1694768 | W89: =W33 -> 2841243.2 | X89: =X33 -> 2332381 | ... AE89: =AE33 -> 23805519
A90: =SUM(A73:A89) -> 27028955 | B90: =SUM(B73:B89) -> 23607070 | C90: =23607069.89-B90 -> 0 | D90: =SUM(D73:D89) -> 22290689 | E90: =SUM(E73:E89) -> 22209642 | F90: =SUM(F73:F89) -> 21642587 | H90: =SUM(H73:H89) -> 21269041 | J90: =SUM(J73:J89) -> 21010750 | K90: =SUM(K73:K89) -> 20790509 | L90: =SUM(L73:L89) -> 20543269 | M90: =SUM(M73:M89) -> 20334111 | N90: =SUM(N73:N89) -> 20109854 | O90: =SUM(O73:O89) -> 0 | Q90: II | R90: % s/ Consolidado | S90: =(S89/S87)*100 -> 20.24023 | T90: =(T89/T87)*100 -> 18.839726 | U90: =(U89/U87)*100 -> 28.380465 | V90: =(V89/V87)*100 -> 17.301763 | W90: =(W89/W87)*100 -> 25.494968 | X90: =(X89/X87)*100 -> 22.18775 | Y90: =(Y89/Y87)*100 -> 24.582307 | Z90: =(Z89/Z87)*100 -> 20.635832 | ... AE90: =(AE89/AE87)*100 -> 22.18067
A91: Pagos: | B91: =A90-B90 -> 3421885.4 | D91: =B90-D90 -> 1316380.7 | E91: =D90-E90 -> 81047.3 | F91: =E90-F90 -> 567054.53 | H91: =F90-H90 -> 373546.28 | J91: =H90-J90 -> 258290.63 | K91: =J90-K90 -> 220241.18 | L91: =K90-L90 -> 247240.52 | M91: =L90-M90 -> 209158 | N91: =M90-N90 -> 224256.56
A92: Não Process.: | B92: =22290689.16-B90 -> -1316380.7 | M92: =L90-M90 -> 209158 | N92: =M90-N90 -> 224256.56 | O92: =N90-O90 -> 20109854
M93: =20334110.72-M90 -> 0
R94: % s/ o Total | S94: =S43 -> Janeiro | T94: =T43 -> Fevereiro | U94: =U43 -> Março | V94: =V43 -> Abril | W94: =W43 -> Maio | X94: =X43 -> Junho | Y94: =Y43 -> Julho | Z94: =Z43 -> Agosto | ... AE94: =AE43 -> TOTAL
R95: % ao mês | S95: =S89/$AE$89 -> 0.080791061 | T95: =T89/$AE$89 -> 0.078111617 | U95: =U89/$AE$89 -> 0.13945858 | V95: =V89/$AE$89 -> 0.071192231 | W95: =W89/$AE$89 -> 0.11935229 | X95: =X89/$AE$89 -> 0.097976479 | Y95: =Y89/$AE$89 -> 0.11649206 | Z95: =Z89/$AE$89 -> 0.097457185 | ... AD95: =AD89/$AE$89 -> 0 | AE95: =AE89/$AE$20 -> 0.16958178
S98: DESPESA REALIZADO POR BIMESTRE NA SAÚDE EM 2.021
Q99: Total por Bimestre | S99: 1º Bimestre | T99: =S89+T89 -> 3782760.8 | U99: 2º Bimestre | V99: =U89+V89 -> 5014652.1 | W99: 3º Bimestre | X99: =W89+X89 -> 5173624.2 | Y99: 4º Bimestre | Z99: =Y89+Z89 -> 5093172.9 | AA99: 5º Bimestre | AB99: =AA89+AB89 -> 4741309.5 | AC99: 6º Bimestre | AD99: =AC89+AD89 -> 0 | AE99: =SUM(S99:AD99) -> 23805519
T101: COMPARATIVO DA DESPESA PREVISTA COM A REALIZADA MÊS NO EXERCÍCIO DE 2.020
R102: DIFERENÇA: | S102: =S81-S89 -> 336326.07 | T102: =T81-T89 -> 449195.65 | U102: =U81-U89 -> -1160775 | V102: =V81-V89 -> 544667.06 | W102: =W81-W89 -> -625876.12 | X102: =X81-X89 -> -318739.3 | Y102: =Y81-Y89 -> -417041.3 | Z102: =Z81-Z89 -> -262017.03 | ... AE102: =AE81-AE89 -> 3410325.3
B105: Giovani Amestoy da Silva | E105: Ihoko Nakashima Mota | I105: Arlei Lopes Souza
B106: Prefeito Municipal | E106: Secret. de Município da Fazenda | I106: Contador - CRC/RS: 068452/O-6 | T106: SECRETARIA MUNICIPAL DA EDUCAÇÃO - SEDUC
...

Sheet Cruz
D1: PREFEITURA MUNICIPAL DE CAÇAPAVA DO SUL/RS.
B2: CNPJ: | C2: 88142302/0001-45 | E2: Endereço: RUA XV DE NOVEMBRO, Nº 438 / CENTRO / CAÇAPAVA DO SUL / RS / CEP: 96.570-000
D4: CONTROLE DO DÉFICIT ORÇAMENTÁRIO
D6: INSTRUMENTO DE CONTROLE: TERMÔMETRO DE CRUZ
F7: PREVISTA | I7: ATUALIZADA
A8: EXERCICIO DE 2021 | D8: DESPESAS CONSOLIDADAS | F8: Cota Mensal | G8: Valor Líquidado | H8: Receita | I8: Orçado para | J8: Déficit ou | K8: Estouro ou | L8: % s/
A9: Órgãos de Governo | E9: Período:Janeiro a Outubro | F9: Acumulada | G9: Até o mês | H9: até o Mês | I9: o Exercício | J9: Superávit | K9: Economia | L9: Total de C
A10: Nº | B10: [A] | F10: [B] | G10: [C] | H10: [D] | I10: [E] | J10: [F] B - C | K10: [G] F / B | L10: [H]
A11: 1 | B11: Câmara Municipal | F11: =SUM(SUM(Cronogra!S4:AB4)) -> 3490833.3 | G11: =Cronogra!AE24 -> 2765750 | I11: 3876200 | J11: =F11-G11 -> 725083.32 | K11: =(J11/F11)*100 -> 20.771067 | L11: =(G11/$G$27)*100 -> 2.5769733
A12: 2 | B12: Gabinete do Prefeito | F12: =SUM(SUM(Cronogra!S5:AB5)) -> 1864481.1 | G12: =Cronogra!AE25 -> 1723195.9 | I12: 3020161.5 | J12: =F12-G12 -> 141285.19 | K12: =(J12/F12)*100 -> 7.5777218 | L12: =(G12/$G$27)*100 -> 1.6055789
A13: 3 | B13: Secretaria Geral do Município | F13: =SUM(SUM(Cronogra!S6:AB6)) -> 1013837.6 | G13: =Cronogra!AE26 -> 567080.37 | I13: 1269691.6 | J13: =F13-G13 -> 446757.25 | K13: =(J13/F13)*100 -> 44.065957 | L13: =(G13/$G$27)*100 -> 0.52837421
A14: 4 | B14: Secretaria da Planejamento e Meio Ambiente | F14: =SUM(SUM(Cronogra!S7:AB7)) -> 1470655.6 | G14: =Cronogra!AE27 -> 1339094.2 | I14: 1843204.8 | J14: =F14-G14 -> 131561.4 | K14: =(J14/F14)*100 -> 8.9457653 | L14: =(G14/$G$27)*100 -> 1.2476941
A15: 5 | B15: Secretaria de Municipio da Administração | F15: =SUM(SUM(Cronogra!S8:AB8)) -> 6224382.3 | G15: =Cronogra!AE28 -> 6662004.6 | I15: 8425165.6 | J15: =F15-G15 -> -437622.37 | K15: =(J15/F15)*100 -> -7.0307759 | L15: =(G15/$G$27)*100 -> 6.2072885
A16: 6 | B16: Secretaria da Fazenda | F16: =SUM(SUM(Cronogra!S9:AB9)) -> 2849068.1 | G16: =Cronogra!AE29 -> 2518417.5 | H16: 91169965 | I16: 3507551.9 | J16: =F16-G16 -> 330650.58 | K16: =(J16/F16)*100 -> 11.60557 | L16: =(G16/$G$27)*100 -> 2.3465225
A17: 7 | B17: Secretaria de Municipio da Cultura e do Turismo | F17: =SUM(SUM(Cronogra!S10:AB10)) -> 987048.97 | G17: =Cronogra!AE30 -> 721704.12 | I17: 1291167.8 | J17: =F17-G17 -> 265344.85 | K17: =(J17/F17)*100 -> 26.882643 | L17: =(G17/$G$27)*100 -> 0.67244409
A18: 8 | B18: Secretaria de Transporte, Serviços Urbanos e Interior | F18: =SUM(SUM(Cronogra!S11:AB11)) -> 10019389 | G18: =Cronogra!AE31 -> 9262434 | I18: 13362699 | J18: =F18-G18 -> 756954.75 | K18: =(J18/F18)*100 -> 7.5548995 | L18: =(G18/$G$27)*100 -> 8.6302251
A19: 9 | B19: Secretaria da Educação | F19: =SUM(SUM(Cronogra!S12:AB12)) -> 31292715 | G19: =Cronogra!AE32 -> 27181625 | I19: 45300973 | J19: =F19-G19 -> 4111089.5 | K19: =(J19/F19)*100 -> 13.137529 | L19: =(G19/$G$27)*100 -> 25.326339
A20: 10 | B20: Secretaria de Municipio da Saúde | F20: =SUM(SUM(Cronogra!S13:AB13)) -> 21857268 | G20: =Cronogra!AE33 -> 23805519 | I20: 31135115 | J20: =F20-G20 -> -1948251.1 | K20: =(J20/F20)*100 -> -8.913516 | L20: =(G20/$G$27)*100 -> 22.18067
A21: 11 | B21: Secretaria de Município da Ação Social | F21: =SUM(SUM(Cronogra!S14:AB14)) -> 3349011 | G21: =Cronogra!AE34 -> 3214909.9 | I21: 4768609 | J21: =F21-G21 -> 134101.12 | K21: =(J21/F21)*100 -> 4.0042005 | L21: =(G21/$G$27)*100 -> 2.9954757
A22: 12 | B22: Secretaria de Munic. da Agropecuária Industria e Comércio | F22: =SUM(SUM(Cronogra!S15:AB15)) -> 1454152.5 | G22: =Cronogra!AE35 -> 1284679.9 | I22: 2371623.1 | J22: =F22-G22 -> 169472.56 | K22: =(J22/F22)*100 -> 11.654387 | L22: =(G22/$G$27)*100 -> 1.1969939
A23: 13 | B23: Encargos Gerais do Município | F23: =SUM(SUM(Cronogra!S16:AB16)) -> 2417294.9 | G23: =Cronogra!AE36 -> 2406006.9 | I23: 3034924.3 | J23: =F23-G23 -> 11288.029 | K23: =(J23/F23)*100 -> 0.46696947 | L23: =(G23/$G$27)*100 -> 2.2417845
A24: 14 | B24: Reserva de Contigências | F24: =SUM(SUM(Cronogra!S17:AB17)) -> 299144.3 | G24: =Cronogra!AE37 -> 0 | I24: =8983.18 -> 8983.18 | J24: =F24-G24 -> 299144.3 | K24: =(J24/F24)*100 -> 100 | L24: =(G24/$G$27)*100 -> 0
A25: 15 | B25: Regime Próprio de Previdência | F25: =SUM(SUM(Cronogra!S18:AB18)) -> 20728786 | G25: =Cronogra!AE38 -> 18643682 | H25: 24802718 | I25: 25810701 | J25: =F25-G25 -> 2085103.8 | K25: =(J25/F25)*100 -> 10.058977 | L25: =(G25/$G$27)*100 -> 17.371154
A26: 16 | B26: Fundo de assistência a Saúde do Servidor Municipal | F26: =SUM(SUM(Cronogra!S19:AB19)) -> 3547118 | G26: =Cronogra!AE39 -> 5229416.7 | H26: =3989015.48 -> 3989015.5 | I26: 6318211.3 | J26: =F26-G26 -> -1682298.6 | K26: =(J26/F26)*100 -> -47.427197 | L26: =(G26/$G$27)*100 -> 4.872482
A27: Total | F27: =SUM(F11:F26) -> 1.1286518e+08 | G27: =SUM(G11:G26) -> 1.0732552e+08 | H27: =SUM(H11:H26) -> 1.199617e+08 | I27: =SUM(I11:I26) -> 1.5534498e+08 | J27: =SUM(J11:J26) -> 5539664.5 | L27: =SUM(L11:L26) -> 100
B28: FONTES: | C28: Demonstrativos da Despesas Fixada e Liquidada por Órgão e Receita Efetivamente Realizada.
G29: =G27-Cronogra!AE40 -> 0 | H29: =H27-Cronogra!D53 -> 0 | I29: =155344981.1-I27 -> 0
B30: NOTAS: 1 - | C30: Na coluna: "% s/ Total de C " consta o percentual que cada Órgão representa em relação ao total da Despesa Liquidada, conforme se verifica nos Órgãos de nº 9 que lida
B31: com a Educação representa 25,33% e de Nº 10 que lida com a Saúde 22,18%, respectivamente da Despesa Total Líquidada.
B32: 2 - | C32: O valor constante na coluna: "Cota Mensal Acumulada" foi apurado em conformidade com o Decreto de Desembolso Financeiro e Orçamentário, publicado em janeiro
B33: do corrente ano, que regula os quantitativos referentes ao Cronograma das saídas de acordo com as entradas(Pagamentos igual ou menor que os Recebimentos).
B34: 3 - | C34: =IF(H34>0,"Superávit Orçamentário Consolidado apurado do período","Déficit Orçamentário Consolidado apurado do período") -> Superávit Orçamentário Consolidado apurado do período | H34: =H27-G27 -> 12636177 | I34: SOBRE A DESPESA LIQUIDADA CONSOLIDADA.
B35: 4 - | C35: =IF(H35>0,"Superávit Orçamentário da Pref. Municipal apurado do período","Déficit Orçamentário da Pref. Municipal apurado do período") -> Superávit Orçamentário da Pref. Municipal apurado do período | H35: =H16-SUM(G11:G24) -> 7717542.9
B36: 5 - | C36: Restos a Pagar de exercícios anteriores pagos no período de Janeiro a Outubro de 2021, totalizou: | J36: =Cronogra!J56 -> 6622066.2
C39: Giovani Amestoy da Silva | F39: Ihoko Nakashima Mota | J39: Arlei Lopes Souza
C40: Prefeito Municipal | F40: Secret. de Município da Fazenda | J40: Contador - CRC/RS: 068452/O-6
B74: OBSERVAÇÕES:
B75: 1ª - Os Órgãos que apresentam Déficit Orçamentário estão abaixo do ponto zero na representação gráfica com a coluna invertida para baixo.
B76: 2ª - Os Órgãos que apresentam Superávit Orçamentário e, consequentemente,estão situados acima do ponto zero na representação gráfica, coluna para cima.
B77: 3ª - O déficit é provocado pelo despêndio maior que o previsto para o periodo no Orçamento e Regumentado no Decreto Executivo nº 3037, de 15 Fevereiro de 2013.
B78: 4ª - Percentual da Despesa Corrente sobre a Receita a Receita Corrente, exceto a Receita Intra-Orçamentária: | I78: =Cronogra!AE56/RCL!C5 -> 0.88686745
C82: Giovani Amestoy da Silva | F82: Ihoko Nakashima Mota | J82: Arlei Lopes Souza
C83: Prefeito Municipal | F83: Secret. de Município da Fazenda | J83: Contador - CRC/RS: 068452/O-6

Sheet Exec_Orç
B1: POSIÇÃO DAS OBRIGAÇÕES REALIZADAS ATÉ OUTUBRO DE 2021.
H2: Empenhos de restos a Pagar
A3: Seq. | B3: ÓRGÃOS | C3: 1. Dotações: | D3: 2. Empenhado: | E3: 3. Liquidado | F3: 4. Pago: | G3: 5. A Pagar = 3 - 4 | H3: 6.Empenhado¹ | I3: 7. Liquidado | J3: 8. Cancelado4 | K3: 9. Pago³ | L3: 10. A Pagar²= 6 - 8
A4: 1 | B4: Câmara | C4: =Cruz!I11 -> 3876200 | D4: 2857732 | E4: =Cruz!G11 -> 2765750 | F4: 2721899.8 | G4: =E4-F4 -> 43850.23 | H4: 2150.91 | I4: 2150.91 | K4: 2150.91 | L4: =I4-K4 -> 0 | M4: =I4-(K4+L4) -> 0
A5: 2 | B5: Gabinete | C5: =Cruz!I12 -> 3020161.5 | D5: 1753151.9 | E5: =Cruz!G12 -> 1723195.9 | F5: 1672708.8 | G5: =E5-F5 -> 50487.14 | H5: 430609.76 | I5: 430609.76 | K5: 118297.23 | L5: =I5-K5 -> 312312.53 | M5: =I5-(K5+L5) -> 0 | N5: =312312.53-L5 -> 0
A6: 3 | B6: SGM | C6: =Cruz!I13 -> 1269691.6 | D6: 602787.77 | E6: =Cruz!G13 -> 567080.37 | F6: 550769.26 | G6: =E6-F6 -> 16311.11 | H6: 282751.59 | I6: 247832.9 | K6: 68259.29 | L6: =I6-K6 -> 179573.61 | M6: =I6-(K6+L6) -> 0 | N6: =179573.61-L6 -> 0
A7: 4 | B7: SMCP | C7: =Cruz!I14 -> 1843204.8 | D7: 1357110.9 | E7: =Cruz!G14 -> 1339094.2 | F7: 1290560.2 | G7: =E7-F7 -> 48534.05 | H7: 597406.07 | I7: 597265.67 | J7: 140.4 | K7: 120992.46 | L7: =I7-K7 -> 476273.21 | M7: =I7-(K7+L7) -> 0 | N7: =476273.21-L7 -> 0
A8: 5 | B8: SMA | C8: =Cruz!I15 -> 8425165.6 | D8: 6721062.3 | E8: =Cruz!G15 -> 6662004.6 | F8: 6153174.5 | G8: =E8-F8 -> 508830.11 | H8: 5985138.9 | I8: =5924122.99+38828.3 -> 5962951.3 | K8: 861447.88 | L8: =I8-K8 -> 5101503.4 | M8: =I8-(K8+L8) -> 0 | N8: =5101503.41-L8 -> 0
A9: 6 | B9: SMF | C9: =Cruz!I16 -> 3507551.9 | D9: 2669243 | E9: =Cruz!G16 -> 2518417.5 | F9: 2424036 | G9: =E9-F9 -> 94381.46 | H9: 1143866.1 | I9: 1143866.1 | K9: 301758.4 | L9: =I9-K9 -> 842107.65 | M9: =I9-(K9+L9) -> 0 | N9: =842107.65-L9 -> 0
A10: 7 | B10: SMTur | C10: =Cruz!I17 -> 1291167.8 | D10: 807054.42 | E10: =Cruz!G17 -> 721704.12 | F10: 654142.85 | G10: =E10-F10 -> 67561.27 | H10: 220135.97 | I10: 220079.47 | K10: 73502.82 | L10: =I10-K10 -> 146576.65 | M10: =I10-(K10+L10) -> 0 | N10: =146576.65-L10 -> 0
A11: 8 | B11: SMTSUI | C11: =Cruz!I18 -> 13362699 | D11: 9999955.4 | E11: =Cruz!G18 -> 9262434 | F11: 8559873.6 | G11: =E11-F11 -> 702560.38 | H11: 5336045.9 | I11: 3960661.3 | J11: 1088.13 | K11: 1496868.3 | L11: =I11-K11 -> 2463793 | M11: =I11-(K11+L11) -> 0 | N11: =2463792.98-L11 -> 0
A12: 9 | B12: SEDUC | C12: =Cruz!I19 -> 45300973 | D12: 27490799 | E12: =Cruz!G19 -> 27181625 | F12: 25859687 | G12: =E12-F12 -> 1321937.8 | H12: 5866343.1 | I12: =5715370.28+49517.46 -> 5764887.7 | J12: 7952.71 | K12: 1606212.5 | L12: =I12-K12 -> 4158675.3 | M12: =I12-(K12+L12) -> 0 | N12: =4158675.26-L12 -> 0
A13: 10 | B13: SMSMA | C13: =Cruz!I20 -> 31135115 | D13: 24884430 | E13: =Cruz!G20 -> 23805519 | F13: 22324469 | G13: =E13-F13 -> 1481050.8 | H13: 7766012.8 | I13: 7764842.8 | J13: =742.69 -> 742.69 | K13: 2472256.9 | L13: =I13-K13 -> 5292585.9 | M13: =I13-(K13+L13) -> 0 | N13: =5292585.87-L13 -> 0
A14: 11 | B14: SMAS | C14: =Cruz!I21 -> 4768609 | D14: 3402200.1 | E14: =Cruz!G21 -> 3214909.9 | F14: 3053277.2 | G14: =E14-F14 -> 161632.73 | H14: 1003608.3 | I14: 1002924.3 | K14: 280565.82 | L14: =I14-K14 -> 722358.49 | M14: =I14-(K14+L14) -> 0 | N14: =722358.49-L14 -> 0
A15: 12 | B15: SMAIC | C15: =Cruz!I22 -> 2371623.1 | D15: 1484549.5 | E15: =Cruz!G22 -> 1284679.9 | F15: 1071802.2 | G15: =E15-F15 -> 212877.77 | H15: 386792.28 | I15: 385992.62 | J15: 495.16 | K15: 116220.16 | L15: =I15-K15 -> 269772.46 | M15: =I15-(K15+L15) -> 0 | N15: =269772.46-L15 -> 0
A16: 13 | B16: Encargos | C16: =Cruz!I23 -> 3034924.3 | D16: 2783334.5 | E16: =Cruz!G23 -> 2406006.9 | F16: 2353561.4 | G16: =E16-F16 -> 52445.55 | H16: 336914.37 | I16: 334958.02 | J16: 986.83 | K16: 183117.25 | L16: =I16-K16 -> 151840.77 | M16: =I16-(K16+L16) -> 0 | N16: =151840.77-L16 -> 0
A17: 15 | B17: FAPS | C17: =Cruz!I25 -> 25810701 | D17: 18655063 | E17: =Cruz!G25 -> 18643682 | F17: 18640217 | G17: =E17-F17 -> 3464.47 | H17: 33584.9 | I17: 33584.9 | K17: 654 | L17: =I17-K17 -> 32930.9 | M17: =I17-(K17+L17) -> 0 | N17: =32930.9-L17 -> 0
A18: 16 | B18: FASM | C18: =Cruz!I26 -> 6318211.3 | D18: 6312769.5 | E18: =Cruz!G26 -> 5229416.7 | F18: 5068257.8 | G18: =E18-F18 -> 161158.91 | H18: 49278.4 | I18: 49278.4 | K18: 49278.4 | L18: =I18-K18 -> 0 | M18: =I18-(K18+L18) -> 0
C19: =SUM(C4:C18) -> 1.55336e+08 | D19: =SUM(D4:D18) -> 1.1178124e+08 | E19: =SUM(E4:E18) -> 1.0732552e+08 | F19: =SUM(F4:F18) -> 1.0239844e+08 | G19: =SUM(G4:G18) -> 4927083.7 | H19: =SUM(H4:H18) -> 29440639 | I19: =SUM(I4:I18) -> 27901886 | J19: =SUM(J4:J18) -> 11405.92 | ... L19: =SUM(L4:L18) -> 20150304 | M19: =I19-(K19+L19) -> 0
B20: Verificação: | C20: =C19+Cruz!I24-Cruz!I27 -> 0 | D20: =111781244.48-D19 -> 0 | E20: =107325520.46-E19 -> 0 | F20: =102398436.72-F19 -> 0 | G20: =4927083.74-G19 -> 0 | H20: =29440639.33-H19 -> 0 | I20: =27901886.12-I19 -> 0 | J20: =11405.92-J19 -> 0 | K20: =7751582.33-K19 -> 0 | L20: =20150303.79-L19 -> 0
B21: Fonte: Relatório Consolidado da "Situacao de Empenhos de Restos a Pagar por Orgãos - Posicão até Outubro/21"
B22: Nota: Na SMA o valor de R$ 38.828,30 e na SEDUC o valor de R$ 49.517,46 dos Restos Liquidados consta a maior que no mês de Setembro de 2021 - Resultado de liquidação de Não Processado.
F23: Verificação dos saldos Contábeis com o Relatório "Situacao de Empenhos de Restos a Pagar"
H24: =29440639.33-H19 -> 0 | I24: ¹ 5.3.0.0 - INSCRIÇÃO DE RESTOS A PAGAR
G25: 6.3.2.9.0 RP PROCESSADOS CANCELADOS (3111) R$ 7.518,73 | H25: =20054439.3-L19 -> -95864.49 | I25: ² 6.3.2.1 - RP PROCESSADOS A PAGAR
E26: =1129516.18 -> 1129516.2 | G26: 6.3.1.4 - RP NÃO PROCESSADOS PAGOS | H26: =6622066.15-K19 -> -1129516.2 | I26: ³ 6.3.2.2 - RP PROCESSADOS PAGOS | L26: =K19+H26 -> 6622066.2
G27: 6.3.1.9 - RP NÃO PROCESSADOS CANCELADOS | H27: =3887.19-J19 -> -7518.73 | I27: 4 6.3.2.9. - RP PROCESSADOS CANCELADOS | L27: =J19+H27 -> 3887.19
C29: 1.Receita Realizada: | D29: 2. Empenhado | E29: 3.Desp. Liquidada | F29: 4.Despesa Paga: | G29: 5.Resultado: 1-4 | H29: 6.A Pagar: 3-4
B30: Pref. | C30: =Cruz!H16 -> 91169965 | D30: =SUM(D4:D16) -> 86813411 | E30: =SUM(E4:E16) -> 83452422 | F30: =SUM(F4:F16) -> 78689962 | G30: =C30-F30 -> 12480003 | H30: =E30-F30 -> 4762460.4
B31: FAPS | C31: =Cruz!H25 -> 24802718 | D31: =D17 -> 18655063 | E31: =E17 -> 18643682 | F31: =F17 -> 18640217 | G31: =C31-F31 -> 6162500.2 | H31: =E31-F31 -> 3464.47
B32: FASM | C32: =Cruz!H26 -> 3989015.5 | D32: =D18 -> 6312769.5 | E32: =E18 -> 5229416.7 | F32: =F18 -> 5068257.8 | G32: =C32-F32 -> -1079242.3 | H32: =E32-F32 -> 161158.91
B33: Total: | C33: =SUM(C30:C32) -> 1.199617e+08 | D33: =SUM(D30:D32) -> 1.1178124e+08 | E33: =SUM(E30:E32) -> 1.0732552e+08 | F33: =SUM(F30:F32) -> 1.0239844e+08 | G33: =SUM(G30:G32) -> 17563261 | H33: =SUM(H30:H32) -> 4927083.7
C38: Giovani Amestoy da Silva | F38: Ihoko Nakashima Mota | I38: Arlei Lopes Souza
C39: Prefeito Municipal | F39: Secret. de Município da Fazenda | I39: Contador - CRC/RS: 068452/O-6

Sheet Míni
B1: CALCULO DOS PERCENTUAIS MÍNIMOS LEGAIS
A2: PERÍODO: | B2: 1º de Janeiro a 31 de Outubro de 2021 | E2: Artigos 198 e 212 da CF/88 e E/C nº 29
A4: Análise Horizontal das Receitas em relação ao montante arrecadado no mês em uma previsão de arrecadação de um doze avos ao mês.
A5: Os valores na coluna "Excesso" entre parenteses significa que foi arrecado valor maior que um doze avos ao mês na Receita Realizada.
A7: 1. NÍVEIS: | B7: 2. RECEITAS | C7: 3. PREVISTO | D7: 4. Realizado: | E7: LIVRE: 60% Excesso/Déficit | G7: MDE:25%/5% Excesso/Déficit | I7: FUNDEB 20% Excesso/Déficit | K7: ASPS: 15% | L7: Excesso/Déficit
A8: 1.1.1.3.03.1 | B8: IRRF | C8: 3488232.1 | D8: 2820741.8 | E8: =D8*0.6 -> 1692445.1 | F8: =(((D8*0.6)/12)*10)-E8 -> -282074.18 | G8: =D8*0.25 -> 705185.45 | H8: =(((C8*0.25)/12)*10)-G8 -> 21529.577 | K8: =D8*0.15 -> 423111.27 | L8: =(((C8*0.25)/12)*10)-K8 -> 303603.76
A9: 1.1.1.8.01.1 | B9: IPTU | C9: 4037453.8 | D9: 2541607.6 | E9: =D9*0.6 -> 1524964.5 | F9: =(((D9*0.6)/12)*10)-E9 -> -254160.76 | G9: =D9*0.25 -> 635401.9 | H9: =(((C9*0.25)/12)*10)-G9 -> 205734.32 | K9: =D9*0.15 -> 381241.14 | L9: =(((C9*0.25)/12)*10)-K9 -> 459895.08
A10: 1.1.1.8.01.4 | B10: ITBI | C10: 1078358.3 | D10: 1721629.1 | E10: =D10*0.6 -> 1032977.4 | F10: =(((D10*0.6)/12)*10)-E10 -> -172162.91 | G10: =D10*0.25 -> 430407.27 | H10: =(((C10*0.25)/12)*10)-G10 -> -205749.3 | K10: =D10*0.15 -> 258244.36 | L10: =(((C10*0.25)/12)*10)-K10 -> -33586.389
A11: 1.1.1.8.02.3 | B11: ISQN | C11: 5723855.8 | D11: =3491233.41 -> 3491233.4 | E11: =D11*0.6 -> 2094740 | F11: =(((D11*0.6)/12)*10)-E11 -> -349123.34 | G11: =D11*0.25 -> 872808.35 | H11: =(((C11*0.25)/12)*10)-G11 -> 319661.6 | K11: =D11*0.15 -> 523685.01 | L11: =(((C11*0.25)/12)*10)-K11 -> 668784.94
A12: 1.7.1.8.01.2 | B12: FPM | C12: =18851876.16+4712969.04 -> 23564845 | D12: =17652722.13+4413180.25 -> 22065902 | E12: =D12*0.6 -> 13239541 | F12: =(((D12*0.6)/12)*10)-E12 -> -2206590.2 | G12: =(D12*0.05) -> 1103295.1 | H12: =(((C12*0.25)/12)*10)-G12 -> 3806047.6 | I12: =-D12*0.2 -> -4413180.5 | J12: =(((C12*0.2)/12)*10)+I12 -> -485706.28 | K12: =D12*0.15 -> 3309885.4 | L12: =(((C12*0.25)/12)*10)-K12 -> 1599457.4
A13: 1.7.1.8.01.3 | B13: 1% FPM | C13: =1282878.01 -> 1282878 | D13: =1065524.25 -> 1065524.2 | E13: =D13*0.6 -> 639314.55 | F13: =(((D13*0.6)/12)*10)-E13 -> -106552.42 | G13: =D13*0.25 -> 266381.06 | H13: =(((C13*0.25)/12)*10)-G13 -> 885.18958 | K13: =D13*0.15 -> 159828.64 | L13: =(((C13*0.25)/12)*10)-K13 -> 107437.61
A14: 1.7.1.8.01.4 | B14: 1% FPM | C14: =1014102.37 -> 1014102.4 | E14: =D14*0.6 -> 0 | F14: =(((D14*0.6)/12)*6)-E14 -> 0 | G14: =D14*0.25 -> 0 | H14: =(((C14*0.25)/12)*10)-G14 -> 211271.33 | K14: =D14*0.15 -> 0 | L14: =(((C14*0.25)/12)*10)-K14 -> 211271.33
A15: 1.7.1.8.01.5.1 | B15: ITR | C15: =736320+184080 -> 920400 | D15: =807347.4+201836.68 -> 1009184.1 | E15: =D15*0.6 -> 605510.45 | F15: =(((D15*0.6)/12)*10)-E15 -> -100918.41 | G15: =(D15*0.05) -> 50459.204 | H15: =(((C15*0.25)/12)*10)-G15 -> 141290.8 | I15: =-D15*0.2 -> -201836.82 | J15: =(((C15*0.2)/12)*10)+I15 -> -48436.816 | K15: =D15*0.15 -> 151377.61 | L15: =(((C15*0.25)/12)*10)-K15 -> 40372.388
A16: 1.7.1.8.06.1.1 | B16: L.C. No 87/96 | C16: =130791.45+32697.86 -> 163489.31 | E16: =D16*1 -> 0 | F16: =(((D16*0.6)/12)*6)-E16 -> 0
A17: 1.7.2.8.01.1.1 | B17: ICMS | C17: =22409830.01+5602457.5 -> 28012288 | D17: =23335771.45+5858160.29 -> 29193932 | E17: =D17*0.6 -> 17516359 | F17: =(((D17*0.6)/12)*10)-E17 -> -2919393.2 | G17: =(D17*0.05) -> 1459696.6 | H17: =(((C17*0.25)/12)*10)-G17 -> 4376196.6 | I17: =-D17*0.2 -> -5838786.3 | J17: =(((C17*0.2)/12)*10)+I17 -> -1170071.8 | K17: =D17*0.15 -> 4379089.8 | L17: =(((C17*0.25)/12)*10)-K17 -> 1456803.5
A18: 1.7.2.8.01.2.1 | B18: IPVA | C18: =2323787+580946.75 -> 2904733.8 | D18: =2099493.12+524873.55 -> 2624366.7 | E18: =D18*0.6 -> 1574620 | F18: =(((D18*0.6)/12)*10)-E18 -> -262436.67 | G18: =(D18*0.05) -> 131218.33 | H18: =(((C18*0.25)/12)*10)-G18 -> 473934.53 | I18: =-D18*0.2 -> -524873.33 | J18: =(((C18*0.2)/12)*10)+I18 -> -40751.042 | K18: =D18*0.15 -> 393655 | L18: =(((C18*0.25)/12)*10)-K18 -> 211497.86
A19: 1.7.2.8.01.3.1 | B19: IPI Exp. | C19: =291734.01+72933.5 -> 364667.51 | D19: =261510.34+65377.65 -> 326887.99 | E19: =D19*0.6 -> 196132.79 | F19: =(((D19*0.6)/12)*10)-E19 -> -32688.799 | G19: =(D19*0.05) -> 16344.399 | H19: =(((C19*0.25)/12)*10)-G19 -> 59627.998 | I19: =-D19*0.2 -> -65377.598 | J19: =(((C19*0.2)/12)*10)+I19 -> -4599.6797 | K19: =D19*0.15 -> 49033.198 | L19: =(((C19*0.25)/12)*10)-K19 -> 26939.199
A20: 1.7.5.8.01.1.1 | B20: FUNDEB | C20: =19076280 -> 19076280 | D20: =21817425.62 -> 21817426 | I20: =-SUM(I12+SUM(I15:I19))-11063428.42 -> -19373.848
B21: TOTAIS: | C21: =SUM(C8:C20) -> 91631584 | D21: =SUM(D8:D20) -> 88678435 | E21: =SUM(E8:E20) -> 40116605 | F21: =SUM(F8:F20) -> -6686100.9 | G21: =SUM(G8:G20) -> 5671197.7 | H21: =SUM(H8:H20) -> 9410430.3 | I21: =SUM(I8:I20) -> -11063428 | J21: =SUM(J8:J20) -> -1749565.6 | ... L21: =SUM(L8:L20) -> 5052476.6
C22: Percentual da Receita Realizada em relação a Prevista: | D22: =D21/C21 -> 0.96777149 | F22: Verificação: | G22: Cálculo: | I22: RECURSOS: | J22: ASPS | K22: LIVRE | L22: Total Geral:
C23: % da Despesa liquidada sobre a Receita realizada do FUNDEB | D23: =C27/D20 -> 0.92075757 | F23: Total da MDE | G23: =I33+J33 -> 25106281 | I23: DESPESA | J23: =D27 -> 16113919 | L23: =SUM(J23:K23) -> 16113919
F24: (-) Plus Fundeb | G24: =D20+I21 -> 10753997 | I24: ( - ) 3.1.91.13.20 | J24: =1959943.73 -> 1959943.7 | L24: =SUM(J24:K24) -> 1959943.7
A25: DESPESA | B25: MDE | C25: FUNDEB | D25: ASPS | F25: (-)Rend. da MDE | G25: =B34 -> 400.88 | I25: ( - ) 3.3.91.08 | J25: =208129.16 -> 208129.16 | L25: =SUM(J25:K25) -> 208129.16
A26: EMPENHADO | B26: 5017720.7 | C26: 20088560 | D26: 16431845 | F26: (-)Rend. do FUNDEB | G26: =C34 -> 40831.85 | I26: ( - ) Rendimento | J26: =D34 -> 1046.77 | L26: =SUM(J26:K26) -> 1046.77
A27: LIQUIDADO | B27: 4904902 | C27: 20088560 | D27: 16113919 | F27: (-) 3.3.91.08 | G27: =SUM(I34:J35) -> 348399.39 | I27: ( = ) TOTAIS: | J27: =J23-SUM(J24:J26) -> 13944799 | K27: =K23-SUM(K24:K26) -> 0 | L27: =L23-SUM(L24:L26) -> 13944799
A28: PAGO | B28: 4753719.2 | C28: 19322985 | D28: 15012064 | F28: Valor a aplicado | G28: =G23-SUM(G24:G27) -> 13962651 | I28: índice Apurado: | J28: =(J27/(SUM(D8:D19))*100) -> 20.856399 | K28: =(K27/(SUM(D8:D19)))*100 -> 0 | L28: =(L27/(SUM(D8:D19)))*100 -> 20.856399
A29: % Emp. | B29: =B26/SUM(D8:D19) -> 0.075047039 | C29: =C26/D20 -> 0.92075757 | D29: =D26/SUM(D8:D19) -> 0.24576125 | F29: % da Educação | G29: =G28/(SUM(D8:D19)) -> 0.208831
A30: % Liq. + Rep | B30: =(B27-B34)/SUM(D8:D19) -> 0.073353681 | C30: =(C26-C34)/D20 -> 0.91888605 | D30: =(D27-D34)/SUM(D8:D19) -> 0.24099056 | F30: APLICAÇÃO: | G30: =G28-(SUM(D8:D19)*0.25) -> -2752601 | H30: =IF(G30>0," = A MAIOR","= A MENOR") -> = A MENOR
A31: %pago | B31: =B28/SUM(D8:D19) -> 0.071098526 | C31: =C27/D20 -> 0.92075757 | D31: =D27/SUM(D8:D19) -> 0.24100622 | E31: TOTAIS | H31: Metodologia de Cálculo realizado, conforme Ofício Circ DCF Nº 33/2021 do TCE/RS.
A32: a Liquidar | B32: =B26-B27 -> 112818.7 | C32: =C26-C27 -> 0 | D32: =D26-D27 -> 317926.22 | E32: =SUM(B32:D32) -> 430744.92 | H32: RECURSOS: | I32: MDE | J32: FUNDEB | K32: LIVRE | L32: Total Geral:
A33: a Pagar | B33: =B27-B28 -> 151182.84 | C33: =C27-C28 -> 765575.31 | D33: =D27-D28 -> 1101855.1 | E33: =SUM(B33:D33) -> 2018613.2 | H33: DESPESA | I33: =B26 -> 5017720.7 | J33: =C27 -> 20088560 | K33: 475639.85 | L33: =SUM(I33:K33) -> 25581920
A34: RENDIM.: | B34: 400.88 | C34: 40831.85 | D34: 1046.77 | E34: =SUM(B34:D34) -> 42279.5 | H34: ( - ) 3.1.91.13.20 | L34: =SUM(I34:K34) -> 0
A35: Mínimo Anual de 70% do FUNDEB na Remuneração do Magistério | E35: =(J33-(J34+J35+J37))/D20 -> 0.90518947 | H35: ( - ) 3.3.91.08 | I35: 49575.36 | J35: 298824.03 | K35: 2788.26 | L35: =SUM(I35:K35) -> 351187.65
A36: Dedução a Menor para o FUNDEB no ICMS em R$ 19.373,85 | H36: ( - ) Plus do FUNDEB | J36: =D20+I21 -> 10753997 | L36: =SUM(I36:K36) -> 10753997
A37: Instrução Normativa TCE/RS nº 18/2020 - índices da Saúde e do Ensino. | H37: ( - ) Rendimento | I37: =B34 -> 400.88 | J37: =C34 -> 40831.85 | L37: =SUM(I37:K37) -> 41232.73
H38: ( = ) TOTAIS: | I38: =I33-SUM(I34:I37) -> 4967744.5 | J38: =J33-SUM(J34:J37) -> 8994906.8 | K38: =K33-SUM(K34:K37) -> 472851.59 | L38: =L33-SUM(L34:L37) -> 14435503
H39: Índice Apurado: | I39: =(I38/(SUM(D8:D19)))*100 -> 7.4299574 | J39: =(J38/(SUM(D8:D19)))*100 -> 13.453142 | K39: =(K38/(SUM(D8:D19))*100) -> 0.70721576 | L39: =(L38/(SUM(D8:D19)))*100 -> 21.590316
I40: =I39/L39 -> 0.3441338 | J40: =J39/L39 -> 0.62311004 | K40: =K39/L39 -> 0.032756156
A42: Giovani Amestoy da Silva | D42: Ihoko Nakashima Mota | G42: Arlei Lopes Souza
A43: Prefeito Municipal | D43: Secret. de Município da Fazenda | G43: Contador - CRC/RS: 068452/O-6

Sheet DespSEDUC
A3: Data Base: | B3: 44500
C4: 09 SECRETARIA DE MUNIC. DA EDUCACAO
C5: 09.01 ENSINO FUNDAMENTAL | E5: 09.02 ENSINO INFANTIL PRE-ESCOLA | H5: 09.03 ENSINO INFANTIL - CRECHE | J5: 09.05 ENSINO ESPECIAL | M5: 09.07 ENSINO JOVENS E ADULTOS - EJA
J6: 2.021 - 367
A9: Atividades: | B9: Dotações: | C9: Emp | D9: Líq | E9: Pgtos | F9: Saldo Dotações: | G9: Atividades: | H9: Dotações: | I9: Emp | J9: Líq | K9: Pgtos | L9: Saldo Dotações:
A10: 70% - 361 - 2.013 | B10: 12948853 | C10: 10245951 | D10: 10245951 | E10: 9888577.9 | F10: =B10-C10 -> 2702902.4 | G10: 30% - 361 - 2.014 | H10: 2186514.3 | I10: 1583146.1 | J10: 1583146.1 | K10: 1467651.6 | L10: =H10-I10 -> 603368.13
A11: 70% - PRE - 2.015 | B11: 3344610.6 | C11: 2819771 | D11: 2819771 | E11: 2714483.5 | F11: =B11-C11 -> 524839.66 | G11: 30% PRE 2.016 | H11: 832355.03 | I11: 672999.06 | J11: 672999.06 | K11: 646573.73 | L11: =H11-I11 -> 159355.97
A12: 70% CRECHE 2.017 | B12: 2488155.1 | C12: 1806057.9 | D12: 1806057.9 | E12: 1746791.4 | F12: =B12-C12 -> 682097.14 | G12: 30% CRECHE 2.018 | H12: 1505340.9 | I12: 1289657.1 | J12: 1289657.1 | K12: 1242542.3 | L12: =H12-I12 -> 215683.8
A13: 70% Especial 2.021 | B13: 1478530.4 | C13: 1191807.6 | D13: 1191807.6 | E13: 1153046.1 | F13: =B13-C13 -> 286722.75 | L13: =H13-I13 -> 0
A14: 70% EJA 2.022 | B14: 435256.61 | C14: 365336.16 | D14: 365336.16 | E14: 352482.35 | F14: =B14-C14 -> 69920.45 | G14: 30% EJA 2.023 | H14: 151480.97 | I14: 113833.94 | J14: 113833.94 | K14: 110835.63 | L14: =H14-I14 -> 37647.03
A15: SubTotais:01 | B15: =SUM(B10:B14) -> 20695406 | C15: =SUM(C10:C14) -> 16428924 | D15: =SUM(D10:D14) -> 16428924 | E15: =SUM(E10:E14) -> 15855381 | F15: =SUM(F10:F14) -> 4266482.4 | G15: SubTotais: 03 | H15: =SUM(H10:H14) -> 4675691.1 | I15: =SUM(I10:I14) -> 3659636.2 | J15: =SUM(J10:J14) -> 3659636.2 | K15: =SUM(K10:K14) -> 3467603.3 | L15: =SUM(L10:L14) -> 1016054.9
C17: 60% FUNDEB | D17: =D15 -> 16428924 | E17: =D17/E37 -> 0.81782486 | I17: 40% FUNDEB: | J17: =J15 -> 3659636.2 | K17: =J17/E37 -> 0.18217514
A19: 70% - 361 - 2.013 | B19: 2079867.2 | C19: 257808.77 | D19: 257808.77 | E19: 257808.77 | F19: =B19-C19 -> 1822058.4 | G19: 30% - 361 - 2.014 | H19: 3351965 | I19: 2183162.5 | J19: 2183162.5 | K19: 2147222.1 | L19: =H19-I19 -> 1168802.5
A20: 70% - PRE - 2.015 | B20: 3344610.6 | C20: 2819771 | D20: 2819771 | E20: 2714483.5 | F20: =B20-C20 -> 524839.66 | G20: 30% PRE 2.016 | H20: 606894.6 | I20: 67131.02 | J20: 67131.02 | K20: 67131.02 | L20: =H20-I20 -> 539763.58
A21: 70% CRECHE 2.017 | B21: 885868.11 | C21: 329000.15 | D21: 329000.15 | E21: 319351.34 | F21: =B21-C21 -> 556867.96 | G21: 30% CRECHE 2.018 | H21: 2029870.8 | I21: 163702.37 | J21: 163702.37 | K21: 163702.37 | L21: =H21-I21 -> 1866168.5
A22: 70% EJA 2.022 | B22: 90533.96 | C22: 0 | D22: 0 | E22: 0 | F22: =B22-C22 -> 90533.96 | G22: 30%-361-2.023MDE | H22: 44311.27 | L22: =H22-I22 -> 44311.27
A23: Ens.Especial2021 | B23: 388073.04 | C23: 3103.89 | D23: 3103.89 | E23: 3103.89 | F23: =B23-C23 -> 384969.15 | G23: Livre - 2.014 | H23: 777061.66 | I23: 226801.94 | J23: 226801.94 | K23: 221455.21 | L23: =H23-I23 -> 550259.72
A24: Ens.Especial2120 | B24: 3080 | F24: =B24-C24 -> 3080 | G24: Livre - 2.248 | H24: 309419.84 | L24: =H24-I24 -> 309419.84
A25: 2245
A26: SubTotais:02 | B26: =SUM(B19:B24) -> 6792032.9 | C26: =SUM(C19:C24) -> 3409683.8 | D26: =SUM(D19:D24) -> 3409683.8 | E26: =SUM(E19:E24) -> 3294747.5 | F26: =SUM(F19:F24) -> 3382349.2 | G26: SubTotais: 04 | H26: =SUM(H19:H24) -> 7119523.2 | I26: =SUM(I19:I24) -> 2640797.9 | J26: =SUM(J19:J24) -> 2640797.9 | K26: =SUM(K19:K24) -> 2599510.7 | L26: =SUM(L19:L24) -> 4478725.4
C28: MDE: 0020 | D28: =D26 -> 3409683.8
A31: Descrição: | B31: Matrículas | C31: Proporção | D31: MDE e FUNDEB | E31: FUNDEB: Liquidada | F31: MDE+Livre: Liquidada | H31: Descrição: | I31: Emp | J31: Líq | K31: Pgtos
A32: Fundamental | B32: 2221 | C32: =B32/B37 -> 0.58217562 | D32: =C32*J34 -> 15217513 | E32: =D10+J10 -> 11829097 | F32: =D32-E32 -> 3388415.6 | H32: Fundeb: | I32: =C15+I15 -> 20088560 | J32: =D15+J15 -> 20088560 | K32: =E15+K15 -> 19322985
A33: Pré | B33: 648 | C33: =B33/B37 -> 0.16985583 | D33: =C33*J34 -> 4439868.6 | E33: =D11+J11 -> 3492770 | F33: =D33-E33 -> 947098.63 | H33: MDE: | I33: =C26+I26 -> 6050481.6 | J33: =D26+J26 -> 6050481.6 | K33: =E26+K26 -> 5894258.2
A34: Creche | B34: 480 | C34: =B34/B37 -> 0.12581913 | D34: =C34*J34 -> 3288791.6 | E34: =D12+J12 -> 3095715 | F34: =D34-E34 -> 193076.59 | H34: Total Geral: | I34: =I32+I33 -> 26139041 | J34: =J32+J33 -> 26139041 | K34: =K32+K33 -> 25217243
A35: EJA | B35: 143 | C35: =B35/B37 -> 0.037483617 | D35: =C35*J34 -> 979785.83 | E35: =D13+J13 -> 1191807.6 | F35: =D35-E35 -> -212021.79
A36: Especial | B36: 323 | C36: =B36/B37 -> 0.084665793 | D36: =C36*J34 -> 2213082.7 | E36: =D14+J14 -> 479170.1 | F36: =D36-E36 -> 1733912.6
A37: Fonte SIOPE | B37: =SUM(B32:B36) -> 3815 | C37: =SUM(C32:C36) -> 1 | D37: =SUM(D32:D36) -> 26139041 | E37: =SUM(E32:E36) -> 20088560 | F37: =SUM(F32:F36) -> 6050481.6
D38: =SUM(E38:F38) -> 1 | E38: =E37/D37 -> 0.76852703 | F38: =F37/D37 -> 0.23147297
G39: Despesa Liquidada: | H39: Percentual s/ Total
A40: Repasses FUNDEB | B40: =Míni!D20 -> 21817426 | C40: =D17/B40 -> 0.75301843 | D40: 70,00% para as aplicaçoes mínimas no FUNDEB | G40: =D17 -> 16428924 | H40: =E17 -> 0.81782486
C41: =J17/B40 -> 0.16773914 | D41: 30,00% para as aplicaçoes maximas no FUNDEB | G41: =J17 -> 3659636.2 | H41: =K17 -> 0.18217514
C42: =SUM(C40:C41) -> 0.92075757 | F42: Total Liquidado do FUNDEB: | G42: =SUM(G40:G41) -> 20088560 | H42: =SUM(H40:H41) -> 1
A49: Giovani Amestoy da Silva | E49: Ihoko Nakashima Mota | J49: Arlei Lopes Souza
A50: Prefeito Municipal | E50: Secret. de Município da Fazenda | J50: Contador - CRC/RS: 068452/O-6

Sheet BalOrç_Out
A1: Prefeitura Municipal de Cacapava do Sul-RS | S1: Página 1 de 3
A2: Relatório Resumido da Execução Orçamentária
A3: Balanço Orçamentário
A4: Orçamento Fiscal e da Seguridade Social
A5: Janeiro a Outubro 2021/Bimestre Setembro-Outubro
A7: RREO - Anexo 1 (LRF, Art. 52, inciso I, alineas "a" e "b" do inciso II e §1º) | Q7: R$ 1,00
A8: RECEITAS | B8: PREVISÃO INICIAL | D8: PREVISÃO ATUALIZADA (a) | E8: RECEITAS REALIZADAS | O8: SALDO (a-c)
E9: No Bimestre (b) | F9: % (b/a) | I9: Até o Bimestre (c) | M9: % (c/a)
A10: RECEITAS (EXCETO INTRAORÇAMENTÁRIAS) (I) | B10: 122.816.285,74 | D10: 130.063.835,39 | E10: 19.982.109,31 | F10: 15,36 | I10: 98.579.231,97 | M10: 75,79 | O10: 31.484.603,42
A11: Receitas Correntes | B11: 121.126.571,23 | D11: 128.372.545,60 | E11: 19.814.744,80 | F11: 15,44 | I11: 97.730.878,58 | M11: 76,13 | O11: 30.641.667,02
A12: Impostos, Taxas e Contribuições de Melhoria | B12: 16.660.976,72 | D12: 16.660.976,72 | E12: 2.367.384,31 | F12: 14,21 | I12: 11.081.400,80 | M12: 66,51 | O12: 5.579.575,92
A13: Impostos | B13: 14.327.900,03 | D13: 14.327.900,03 | E13: 2.281.112,03 | F13: 15,92 | I13: 10.575.211,88 | M13: 73,81 | O13: 3.752.688,15
A14: Taxas | B14: 1.336.827,53 | D14: 1.336.827,53 | E14: 84.295,02 | F14: 6,31 | I14: 504.211,23 | M14: 37,72 | O14: 832.616,30
A15: Contribuição de Melhoria | B15: 996.249,16 | D15: 996.249,16 | E15: 1.977,26 | F15: 0,20 | I15: 1.977,69 | M15: 0,20 | O15: 994.271,47
A16: Contribuições | B16: 6.515.567,25 | D16: 6.515.567,25 | E16: 1.254.294,91 | F16: 19,25 | I16: 6.221.571,09 | M16: 95,49 | O16: 293.996,16
A17: Contribuições Sociais | B17: 5.583.836,41 | D17: 5.583.836,41 | E17: 1.066.166,41 | F17: 19,09 | I17: 5.348.030,37 | M17: 95,78 | O17: 235.806,04
A18: Contribuição para o Custeio do Serviço de Iluminação Pública | B18: 931.730,84 | D18: 931.730,84 | E18: 188.128,50 | F18: 20,19 | I18: 873.540,72 | M18: 93,75 | O18: 58.190,12
A19: Receita Patrimonial | B19: 6.420.844,14 | D19: 6.420.844,14 | E19: 227.506,53 | F19: 3,54 | I19: 742.221,45 | M19: 11,56 | O19: 5.678.622,69
A20: Exploração do Patrimônio Imobiliário do Estado | B20: 156.935,38 | D20: 156.935,38 | E20: 7.871,78 | F20: 5,02 | I20: 15.881,21 | M20: 10,12 | O20: 141.054,17
A21: Valores Mobiliários | B21: 6.263.908,76 | D21: 6.263.908,76 | E21: 219.634,75 | F21: 3,51 | I21: 726.340,24 | M21: 11,60 | O21: 5.537.568,52
... A28: Transferências dos Municípios e de suas Entidades | B28: 3.100.000,00 | D28: 3.100.000,00 | E28: 5.608,14 | F28: 0,18 | I28: 28.040,70 | M28: 0,90 | O28: 3.071.959,30
A29: Transferências de Instituições Privadas | B29: 4 | D29: 4,00 | E29: - | F29: - | I29: - | M29: - | O29: 4,00
A30: Transferências de Outras Instituições Públicas | B30: 19.076.280,00 | D30: 25.354.431,00 | E30: 3.984.062,74 | F30: 15,71 | I30: 21.817.425,62 | M30: 86,05 | O30: 3.537.005,38
A31: Transferências de Pessoas Físicas | B31: 300.000,00 | D31: 300.000,00 | E31: - | F31: - | I31: 3.850,00 | M31: 1,28 | O31: 296.150,00
A32: Outras Receitas Correntes | B32: 6.877.380,05 | D32: 6.877.380,05 | E32: 580.157,07 | F32: 8,44 | I32: 1.886.223,18 | M32: 27,43 | O32: 4.991.156,87
A33: Multas Administrativas, Contratuais e Judiciais | B33: 80.000,00 | D33: 80.000,00 | E33: 22.510,62 | F33: 28,14 | I33: 61.308,93 | M33: 76,64 | O33: 18.691,07
A34: Indenizações, Restituições e Ressarcimentos | B34: 3.720.664,90 | D34: 3.720.664,90 | E34: 165.950,76 | F34: 4,46 | I34: 207.003,99 | M34: 5,56 | O34: 3.513.660,91
A35: Demais Receitas Correntes | B35: 3.076.715,15 | D35: 3.076.715,15 | E35: 391.695,69 | F35: 12,73 | I35: 1.617.910,26 | M35: 52,59 | O35: 1.458.804,89
A36: Receitas de Capital | B36: 1.689.714,51 | D36: 1.691.289,79 | E36: 167.364,51 | F36: 9,90 | I36: 848.353,39 | M36: 50,16 | O36: 842.936,40
A37: Amortização de Empréstimos | B37: 60.000,00 | D37: 60.000,00 | E37: - | F37: - | I37: 527,70 | M37: 0,88 | O37: 59.472,30
A38: Transferências de Capital | B38: 1.618.818,66 | D38: 1.618.818,66 | E38: 156.857,14 | F38: 9,69 | I38: 818.477,84 | M38: 50,56 | O38: 800.340,82
A39: Transferências da União e de suas Entidades | B39: 1.598.818,66 | D39: 1.598.818,66 | E39: 156.857,14 | F39: 9,81 | I39: 768.477,84 | M39: 48,07 | O39: 830.340,82
A40: Transf dos Estados e do Distrito Federal e de suas Entidades | B40: 20.000,00 | D40: 20.000,00 | E40: - | F40: - | I40: 50.000,00 | M40: 250,00 | O40: (30.000,00)
A41: Outras Receitas de Capital | B41: 10.895,85 | D41: 12.471,13 | E41: 10.507,37 | F41: 84,25 | I41: 29.347,85 | M41: 235,33 | O41: (16.876,72)
... A46: SUBTOTAL DAS RECEITAS (III) = (I + II) | B46: 140.361.710,27 | D46: 147.609.259,92 | E46: 24.126.432,22 | F46: 16,34 | I46: 119.961.697,95 | M46: 81,27 | O46: 27.647.561,97
A47: FONTE: GOVBR - Responsabilidade Fiscal, SECRETARIA DE MUNICÍPIO DA FAZENDA, 25/Nov/2021, 10h e 31m.
A49: Prefeitura Municipal de Cacapava do Sul-RS | S49: Página 2 de 3
A50: Relatório Resumido da Execução Orçamentária
A51: Balanço Orçamentário
A52: Orçamento Fiscal e da Seguridade Social
A53: Janeiro a Outubro 2021/Bimestre Setembro-Outubro
A55: RREO - Anexo 1 (LRF, Art. 52, inciso I, alineas "a" e "b" do inciso II e §1º) | Q55: R$ 1,00
A56: RECEITAS | B56: PREVISÃO INICIAL | D56: PREVISÃO ATUALIZADA (a) | E56: RECEITAS REALIZADAS | O56: SALDO (a-c)
E57: No Bimestre (b) | F57: % (b/a) | I57: Até o Bimestre (c) | M57: % (c/a)
A58: OPERAÇÕES DE CRÉDITO / REFINANCIAMENTO (IV) | B58: - | D58: - | E58: - | F58: - | I58: - | M58: - | O58: -
A59: Operações de Crédito - Mercado Interno | B59: - | D59: - | E59: - | F59: - | I59: - | M59: - | O59: -
A60: Operações de Crédito - Mercado Externo | B60: - | D60: - | E60: - | F60: - | I60: - | M60: - | O60: -
A61: TOTAL DAS RECEITAS (V) = (III + IV) | B61: 140.361.710,27 | D61: 147.609.259,92 | E61: 24.126.432,22 | F61: 16,34 | I61: 119.961.697,95 | M61: 81,27 | O61: 27.647.561,97
A62: DÉFICIT (VI)¹ | B62: - | D62: - | E62: - | F62: - | I62: - | M62: - | O62: -
A63: TOTAL COM DÉFICIT (VII) = (V + VI) | B63: 140.361.710,27 | D63: 147.609.259,92 | E63: 24.126.432,22 | F63: 16,34 | I63: 119.961.697,95 | M63: 81,27 | O63: 27.647.561,97
A64: SALDOS DE EXERCÍCIOS ANTERIORES | B64: - | D64: 6.768.730,69 | E64: - | F64: - | I64: 6.768.730,69 | M64: - | O64: -
A65: Superávit Financeiro Utilizado para Créditos Adicionais | B65: - | D65: 6.768.730,69 | E65: - | F65: - | I65: 6.768.730,69 | M65: - | O65: -
A67: DESPESAS | B67: DOTAÇÃO INICIAL (d) | D67: DOTAÇÃO ATUALIZADA (e) | E67: DESPESAS EMPENHADAS | J67: SALDO (g)=(e-f) | L67: DESPESAS LIQUIDADAS | P67: SALDO (i)=(e-h) | Q67: DESPESAS PAGAS ATÉ O BIMESTRE (j) | R67: INSCRITAS EM RESTOS A PAGAR NÃO PROCESSADOS (k)
E68: No Bimestre | F68: Até o Bimestre (f) | L68: No Bimestre | O68: Até o Bimestre (h)
A69: DESPESAS (EXCETO INTRAORÇAMENTÁRIAS) (VIII) | B69: 110.886.712,01 | D69: 125.621.292,61 | E69: 18.529.558,84 | F69: 93.080.748,10 | J69: 32.540.544,51 | L69: 18.563.647,39 | O69: 88.625.024,08 | P69: 36.996.268,53 | Q69: 85.486.976,32 | R69: -
A70: DESPESAS CORRENTES | B70: 106.197.640,80 | D70: 118.143.790,58 | E70: 18.459.038,51 | F70: 91.557.069,42 | J70: 26.586.721,16 | L70: 18.412.875,75 | O70: 87.534.475,41 | P70: 30.609.315,17 | Q70: 84.427.971,53 | R70: -
A71: PESSOAL E ENCARGOS SOCIAIS | B71: 73.555.477,31 | D71: 77.452.895,57 | E71: 11.338.899,93 | F71: 57.619.886,91 | J71: 19.833.008,66 | L71: 11.354.278,84 | O71: 57.562.616,43 | P71: 19.890.279,14 | Q71: 57.327.636,75 | R71: -
A72: JUROS E ENCARGOS DA DÍVIDA | B72: 48.629,00 | D72: 76.524,60 | E72: - | F72: 66.949,44 | J72: 9.575,16 | L72: 11.158,24 | O72: 55.791,20 | P72: 20.733,40 | Q72: 44.632,96 | R72: -
A73: OUTRAS DESPESAS CORRENTES | B73: 32.593.534,49 | D73: 40.614.370,41 | E73: 7.120.138,58 | F73: 33.870.233,07 | J73: 6.744.137,34 | L73: 7.047.438,67 | O73: 29.916.067,78 | P73: 10.698.302,63 | Q73: 27.055.701,82 | R73: -
A74: DESPESAS DE CAPITAL | B74: 3.375.300,70 | D74: 7.468.517,85 | E74: 70.520,33 | F74: 1.523.678,68 | J74: 5.944.839,17 | L74: 150.771,64 | O74: 1.090.548,67 | P74: 6.377.969,18 | Q74: 1.059.004,79 | R74: -
A75: INVESTIMENTOS | B75: 3.113.464,32 | D75: 7.456.113,47 | E75: 70.520,33 | F75: 1.523.678,68 | J75: 5.932.434,79 | L75: 150.771,64 | O75: 1.090.548,67 | P75: 6.365.564,80 | Q75: 1.059.004,79 | R75: -
A76: INVERSÕES FINANCEIRAS | B76: 12.563,00 | D76: 11.583,00 | E76: - | F76: - | J76: 11.583,00 | L76: - | O76: - | P76: 11.583,00 | Q76: - | R76: -
A77: AMORTIZAÇÃO DA DÍVIDA | B77: 249.273,38 | D77: 821.38 | E77: - | F77: - | J77: 821.38 | L77: - | O77: - | P77: 821.38 | Q77: - | R77: -
A78: RESERVA DE CONTINGÊNCIA | B78: 1.313.770,51 | D78: 8.984,18 | E78: - | F78: - | J78: 8.984,18 | L78: - | O78: - | P78: 8.984,18 | Q78: - | R78: -
A79: DESPESAS (INTRAORÇAMENTÁRIAS) (IX) | B79: 26.505.978,60 | D79: 26.738.568,83 | E79: 3.716.360,10 | F79: 18.700.496,38 | J79: 8.038.072,45 | L79: 3.716.360,10 | O79: 18.700.496,38 | P79: 8.038.072,45 | Q79: 16.911.460,40 | R79: -
A80: SUBTOTAL DAS DESPESAS (X) = (VIII + IX) | B80: 137.392.690,61 | D80: 152.359.861,44 | E80: 22.245.918,94 | F80: 111.781.244,48 | J80: 40.578.616,96 | L80: 22.280.007,49 | O80: 107.325.520,46 | P80: 45.034.340,98 | Q80: 102.398.436,72 | R80: -
A81: AMORTIZAÇÃO DA DÍV. / REFINANCIAMENTO (XI) | B81: - | D81: - | E81: - | F81: - | J81: - | L81: - | O81: - | P81: - | Q81: - | R81: -
A82: Amortização da Dívida Interna | B82: - | D82: - | E82: - | F82: - | J82: - | L82: - | O82: - | P82: - | Q82: - | R82: -
A83: Amortização da Dívida Externa | B83: - | D83: - | E83: - | F83: - | J83: - | L83: - | O83: - | P83: - | Q83: - | R83: -
A84: TOTAL DAS DESPESAS (XII) = (X + XI) | B84: 137.392.690,61 | D84: 152.359.861,44 | E84: 22.245.918,94 | F84: 111.781.244,48 | J84: 40.578.616,96 | L84: 22.280.007,49 | O84: 107.325.520,46 | P84: 45.034.340,98 | Q84: 102.398.436,72 | R84: -
A85: SUPERÁVIT (XIII) | B85: - | D85: - | E85: - | F85: 8.180.453,47 | J85: - | L85: - | O85: 12.636.177,49 | P85: - | Q85: 17.563.261,23 | R85: -
A86: TOTAL COM SUPERÁVIT (XIV) = (XII + XIII) | B86: 137.392.690,61 | D86: 152.359.861,44 | E86: 22.245.918,94 | F86: 119.961.697,95 | J86: - | L86: 22.280.007,49 | O86: 119.961.697,95 | P86: 45.034.340,98 | Q86: 119.961.697,95 | R86: -
A87: RESERVA DO RPPS | B87: 2.985.119,66 | D87: 2.985.119,66 | E87: - | F87: - | J87: 2.985.119,66 | L87: - | O87: - | P87: 2.985.119,66 | Q87: - | R87: -
A90: FONTE: GOVBR - Responsabilidade Fiscal, SECRETARIA DE MUNICÍPIO DA FAZENDA, 25/Nov/2021, 10h e 31m.
A92: Prefeitura Municipal de Cacapava do Sul-RS | S92: Página 3 de 3
A93: Relatório Resumido da Execução Orçamentária
A94: Balanço Orçamentário
A95: Orçamento Fiscal e da Seguridade Social
A96: Janeiro a Outubro 2021/Bimestre Setembro-Outubro
A98: RREO - Anexo 1 (LRF, Art. 52, inciso I, alineas "a" e "b" do inciso II e §1º) | Q98: R$ 1,00
A99: RECEITAS INTRAORÇAMENTÁRIAS | B99: PREVISÃO INICIAL | D99: PREVISÃO ATUALIZADA (a) | E99: RECEITAS REALIZADAS | L99: SALDO (a-c)
E100: No Bimestre (b) | F100: % (b/a) | G100: Até o Bimestre (c) | K100: % (c/a)
A101: RECEITAS (INTRAORÇAMENTÁRIAS) (II) | B101: 17.545.424,53 | D101: 17.545.424,53 | E101: 4.144.322,91 | F101: 23,62 | G101: 21.382.465,98 | K101: - | L101: (3.837.041,45)
A102: Receitas Correntes Intraorçamentárias | B102: 17.003.424,53 | D102: 17.003.424,53 | E102: 4.144.322,91 | F102: 24,37 | G102: 21.360.394,49 | K102: - | L102: (4.356.969,96)
A103: Contribuições | B103: 7.617.038,59 | D103: 7.617.038,59 | E103: 1.947.547,55 | F103: 25,57 | G103: 9.747.752,40 | K103: - | L103: (2.130.713,81)
A104: Contribuições Sociais | B104: 7.617.038,59 | D104: 7.617.038,59 | E104: 1.947.547,55 | F104: 25,57 | G104: 9.747.752,40 | K104: - | L104: (2.130.713,81)
A105: Outras Receitas Correntes | B105: 9.386.385,94 | D105: 9.386.385,94 | E105: 2.196.775,36 | F105: 23,40 | G105: 11.612.642,09 | K105: - | L105: (2.226.256,15)
A106: Demais Receitas Correntes | B106: 9.386.385,94 | D106: 9.386.385,94 | E106: 2.196.775,36 | F106: 23,40 | G106: 11.612.642,09 | K106: - | L106: (2.226.256,15)
A107: Receitas de Capital Intraorçamentárias | B107: 542.000,00 | D107: 542.000,00 | E107: - | F107: - | G107: 22.071,49 | K107: - | L107: 519.928,51
A108: Amortização de Empréstimos | B108: 542.000,00 | D108: 542.000,00 | E108: - | F108: - | G108: 22.071,49 | K108: - | L108: 519.928,51
A110: DESPESAS INTRAORÇAMENTÁRIAS | B110: DOTAÇÃO INICIAL (d) | D110: DOTAÇÃO ATUALIZADA (e) | E110: DESPESAS EMPENHADAS | J110: SALDO (g)=(e-f) | L110: DESPESAS LIQUIDADAS | P110: SALDO (i)=(e-h) | Q110: DESPESAS PAGAS ATÉ O BIMESTRE (j) | R110: INSCRITAS EM RESTOS A PAGAR NÃO PROCESSADOS (k)
E111: No Bimestre | F111: Até o Bimestre (f) | L111: No Bimestre | O111: Até o Bimestre (h)
A112: DESPESAS (INTRAORÇAMENTÁRIAS) (IX) | B112: 26.505.978,60 | D112: 26.738.568,83 | E112: 3.716.360,10 | F112: 18.700.496,38 | J112: 8.038.072,45 | L112: 3.716.360,10 | O112: 18.700.496,38 | P112: 8.038.072,45 | Q112: 16.911.460,40 | R112: -
A113: DESPESAS CORRENTES | B113: 26.505.934,60 | D113: 26.738.524,83 | E113: 3.716.360,10 | F113: 18.700.496,38 | J113: 8.038.028,45 | L113: 3.716.360,10 | O113: 18.700.496,38 | P113: 8.038.028,45 | Q113: 16.911.460,40 | R113: -
A114: PESSOAL E ENCARGOS SOCIAIS | B114: 24.634.803,56 | D114: 24.775.890,83 | E114: 3.430.798,10 | F114: 17.347.875,41 | J114: 7.428.015,42 | L114: 3.430.798,10 | O114: 17.347.875,41 | P114: 7.428.015,42 | Q114: 15.691.740,95 | R114: -
A115: JUROS E ENCARGOS DA DÍVIDA | B115: 2 | D115: 2,00 | E115: - | F115: - | J115: 2,00 | L115: - | O115: - | P115: 2,00 | Q115: - | R115: -
A116: OUTRAS DESPESAS CORRENTES | B116: 1.871.129,04 | D116: 1.962.632,00 | E116: 285.562,00 | F116: 1.352.620,97 | J116: 610.011,03 | L116: 285.562,00 | O116: 1.352.620,97 | P116: 610.011,03 | Q116: 1.219.719,45 | R116: -
A117: DESPESAS DE CAPITAL | B117: 44 | D117: 44,00 | E117: - | F117: - | J117: 44,00 | L117: - | O117: - | P117: 44,00 | Q117: - | R117: -
A118: AMORTIZAÇÃO DA DÍVIDA | B118: 44 | D118: 44,00 | E118: - | F118: - | J118: 44,00 | L118: - | O118: - | P118: 44,00 | Q118: - | R118: -
A119: 1 O déficit será apurado pela diferença entre a receita realizada e a despesa liquidada nos cinco primeiros bimestres e a despesa empenhada no último bimestre.
...

Sheet Emp
A1: Estado do Rio Grande do Sul - Prefeitura Municipal de Cacapava do Sul
A2: Disponibilidade Financeira do Recurso Vinculado - Outubro de 2021
A4: Unidade Gestora: | C4: CONSOLIDADO
D6: Saldo Inicial Vinc. em C/C Bancária | E6: Receita Realizada no Exercício | F6: Transferências Recebidas | G6: Total do Recurso Vinculado | H6: Empenhos Orçam. Efetuados | I6: Empenhos Restos em 31/12/2020 | J6: Total Empenhado | K6: Transferências Devolvidas | L6: Saldo P/Utilização Recurso Vinculado
A7: Fonte de Recursos
A8: 1 | B8: Recurso Livre - Administração Direta Municipal | D8: 4.682.245,45 | E8: 42.364.863,05 | F8: 3.489.437,00 | G8: 50.536.545,50 | H8: 32.683.287,61 | I8: 14.582.056,70 | J8: 47.265.344,31 | K8: 3.489.437,00 | L8: -218.235,81
A9: 20 | B9: MDE - Manutenção e Desenvolvimento Ensino | D9: 21.322,44 | E9: 5.670.459,50 | F9: 0,00 | G9: 5.691.781,94 | H9: 5.017.720,72 | I9: 4.165.008,25 | J9: 9.182.728,97 | K9: 0,00 | L9: -3.490.947,03
A10: 30 | B10: FUNDEF | D10: 0,00 | E10: 0,00 | F10: 0,00 | G10: 0,00 | H10: 0,00 | I10: 57,84 | J10: 57,84 | K10: 0,00 | L10: -57,84
A11: 31 | B11: FUNDEB (a partir de 01/01/2007 - Instituído pela EC n° 53/2006) | D11: 467.418,85 | E11: 21.858.257,47 | F11: 0,00 | G11: 22.325.676,32 | H11: 20.088.559,86 | I11: 492.837,01 | J11: 20.581.396,87 | K11: 0,00 | L11: 1.744.279,45
A12: 40 | B12: ASPS - Ações de Serviços Públicos de Saúde | D12: 117.931,20 | E12: 10.026.498,33 | F12: 0,00 | G12: 10.144.429,53 | H12: 16.431.844,93 | I12: 7.343.277,16 | J12: 23.775.122,09 | K12: 0,00 | L12: -13.630.692,56
A13: 50 | B13: RPPS (instituído como FUNDO dentro da Administração Direta) | D13: 33.035.663,09 | E13: 24.802.717,52 | F13: 0,00 | G13: 57.838.380,61 | H13: 18.655.063,46 | I13: 33.584,90 | J13: 18.688.648,36 | K13: 0,00 | L13: 39.149.732,25
A14: 900 | B14: COVID-19 | D14: 4,50 | E14: 0,00 | F14: 0,00 | G14: 4,50 | H14: 0,00 | I14: 0,00 | J14: 0,00 | K14: 0,00 | L14: 4,50
A15: 1022 | B15: PROGRAMA NACIONAL DE ALIMENTACAO ESCOLAR PNAE/FNDE. | D15: 232.186,33 | E15: 433.750,68 | F15: 0,00 | G15: 665.937,01 | H15: 437.163,80 | I15: 0,00 | J15: 437.163,80 | K15: 0,00 | L15: 228.773,21
A16: 1023 | B16: SALARIO EDUCACAO | D16: 516.318,48 | E16: 1.301.867,94 | F16: 0,00 | G16: 1.818.186,42 | H16: 461.559,38 | I16: 66.203,55 | J16: 527.762,93 | K16: 0,00 | L16: 1.290.423,49
A17: 1024 | B17: TRANSPORTE ESCOLAR | D17: 228.138,49 | E17: 90.621,40 | F17: 0,00 | G17: 318.759,89 | H17: 131.323,14 | I17: 0,00 | J17: 131.323,14 | K17: 0,00 | L17: 187.436,75
A18: 1025 | B18: CONVENIO UNIAO FUNDACAO NACIONAL DE DESENVOLVIMENTO DA EDUCACAO - FNDE | D18: 1.350.359,29 | E18: 25.853,38 | F18: 0,00 | G18: 1.376.212,67 | H18: 0,00 | I18: 0,00 | J18: 0,00 | K18: 0,00 | L18: 1.376.212,67
A19: 1026 | B19: Recursos do PEATE/RS | D19: 378.419,89 | E19: 875.293,74 | F19: 0,00 | G19: 1.253.713,63 | H19: 761.879,66 | I19: 900,00 | J19: 762.779,66 | K19: 0,00 | L19: 490.933,97
... A89: 8050 | B89: RECURSO EXTRAORÇAMENTÁRIO DO RPPS | D89: 671.158,65 | E89: 0,00 | F89: 0,00 | G89: 671.158,65 | H89: 0,00 | I89: 0,00 | J89: 0,00 | K89: 0,00 | L89: 671.158,65
A91: Total Geral: | D91: 51.253.703,33 | E91: 119.961.697,95 | F91: 3.489.437,00 | G91: 174.704.838,28 | H91: 111.781.244,48 | I91: 29.440.639,33 | J91: 141.221.883,81 | K91: 3.489.437,00 | L91: 29.993.517,47

Sheet Liquid
A1: Estado do Rio Grande do Sul - Prefeitura Municipal de Cacapava do Sul
A2: Disponibilidade Financeira do Recurso Vinculado - Outubro de 2021
A4: Unidade Gestora: | C4: CONSOLIDADO
D6: Saldo Inicial Vinc. em C/C Bancária | E6: Receita Realizada no Exercício | F6: Transferências Recebidas | G6: Total do Recurso Vinculado | H6: Liquidações Orçam. Efetuados | I6: Liquidações de Restos Efetuadas | J6: Total das Liquidações | K6: Transferências Devolvidas | L6: Saldo P/Utilização Recurso Vinculado
A7: Fonte de Recursos
A8: 1 | B8: Recurso Livre - Administração Direta Municipal | D8: 4.682.245,45 | E8: 42.364.863,05 | F8: 3.489.437,00 | G8: 50.536.545,50 | H8: 31.028.075,14 | I8: 329.300,40 | J8: 31.357.375,54 | K8: 3.489.437,00 | L8: 15.689.732,96
A9: 20 | B9: MDE - Manutenção e Desenvolvimento Ensino | D9: 21.322,44 | E9: 5.670.459,50 | F9: 0,00 | G9: 5.691.781,94 | H9: 4.904.902,02 | I9: 257.777,26 | J9: 5.162.679,28 | K9: 0,00 | L9: 529.102,66
A10: 31 | B10: FUNDEB (a partir de 01/01/2007 - Instituído pela EC n° 53/2006) | D10: 467.418,85 | E10: 21.858.257,47 | F10: 0,00 | G10: 22.325.676,32 | H10: 20.088.559,86 | I10: 0,00 | J10: 20.088.559,86 | K10: 0,00 | L10: 2.237.116,46
A11: 40 | B11: ASPS - Ações de Serviços Públicos de Saúde | D11: 117.931,20 | E11: 10.026.498,33 | F11: 0,00 | G11: 10.144.429,53 | H11: 16.113.918,71 | I11: 399.857,31 | J11: 16.513.776,02 | K11: 0,00 | L11: -6.369.346,49
A12: 50 | B12: RPPS (instituído como FUNDO dentro da Administração Direta) | D12: 33.035.663,09 | E12: 24.802.717,52 | F12: 0,00 | G12: 57.838.380,61 | H12: 18.643.681,76 | I12: 0,00 | J12: 18.643.681,76 | K12: 0,00 | L12: 39.194.698,85
A13: 900 | B13: COVID-19 | D13: 4,50 | E13: 0,00 | F13: 0,00 | G13: 4,50 | H13: 0,00 | I13: 0,00 | J13: 0,00 | K13: 0,00 | L13: 4,50
A14: 1022 | B14: PROGRAMA NACIONAL DE ALIMENTACAO ESCOLAR PNAE/FNDE. | D14: 232.186,33 | E14: 433.750,68 | F14: 0,00 | G14: 665.937,01 | H14: 402.715,09 | I14: 0,00 | J14: 402.715,09 | K14: 0,00 | L14: 263.221,92
A15: 1023 | B15: SALARIO EDUCACAO | D15: 516.318,48 | E15: 1.301.867,94 | F15: 0,00 | G15: 1.818.186,42 | H15: 416.605,42 | I15: 6.200,55 | J15: 422.805,97 | K15: 0,00 | L15: 1.395.380,45
A16: 1024 | B16: TRANSPORTE ESCOLAR | D16: 228.138,49 | E16: 90.621,40 | F16: 0,00 | G16: 318.759,89 | H16: 131.323,14 | I16: 0,00 | J16: 131.323,14 | K16: 0,00 | L16: 187.436,75
A17: 1025 | B17: CONVENIO UNIAO FUNDACAO NACIONAL DE DESENVOLVIMENTO DA EDUCACAO - FNDE | D17: 1.350.359,29 | E17: 25.853,38 | F17: 0,00 | G17: 1.376.212,67 | H17: 0,00 | I17: 0,00 | J17: 0,00 | K17: 0,00 | L17: 1.376.212,67
A18: 1026 | B18: Recursos do PEATE/RS | D18: 378.419,89 | E18: 875.293,74 | F18: 0,00 | G18: 1.253.713,63 | H18: 761.879,66 | I18: 0,00 | J18: 761.879,66 | K18: 0,00 | L18: 491.833,97
A19: 1031 | B19: RECURSOS CREDITO EDUCATIVO FUNCRED | D19: 13.638,11 | E19: 201,24 | F19: 0,00 | G19: 13.839,35 | H19: 0,00 | I19: 0,00 | J19: 0,00 | K19: 0,00 | L19: 13.839,35
... A83: 8050 | B83: RECURSO EXTRAORÇAMENTÁRIO DO RPPS | D83: 671.158,65 | E83: 0,00 | F83: 0,00 | G83: 671.158,65 | H83: 0,00 | I83: 0,00 | J83: 0,00 | K83: 0,00 | L83: 671.158,65
A85: Total Geral: | D85: 51.253.703,33 | E85: 119.961.697,95 | F85: 3.489.437,00 | G85: 174.704.838,28 | H85: 107.325.520,46 | I85: 1.210.343,21 | J85: 108.535.863,67 | K85: 3.489.437,00 | L85: 62.679.537,61

Sheet Pgtos
A1: Estado do Rio Grande do Sul - Prefeitura Municipal de Cacapava do Sul
A2: Disponibilidade Financeira do Recurso Vinculado - Outubro de 2021
A4: Unidade Gestora: | C4: CONSOLIDADO
D6: Saldo Inicial Vinc. em C/C Bancária | E6: Receita Realizada no Exercício | F6: Transferências Recebidas | G6: Total do Recurso Vinculado | H6: Pagamentos Orçam. Efetuados | I6: Pagamentos de Restos Efetuados | J6: Total dos Pagamentos | K6: Transferências Devolvidas | L6: Saldo P/Utilização Recurso Vinculado
A7: Fonte de Recursos
A8: 1 | B8: Recurso Livre - Administração Direta Municipal | D8: 4.682.245,45 | E8: 42.364.863,05 | F8: 3.489.437,00 | G8: 50.536.545,50 | H8: 29.330.736,00 | I8: 3.465.765,10 | J8: 32.796.501,10 | K8: 3.489.437,00 | L8: 14.250.607,40
A9: 20 | B9: MDE - Manutenção e Desenvolvimento Ensino | D9: 21.322,44 | E9: 5.670.459,50 | F9: 0,00 | G9: 5.691.781,94 | H9: 4.753.719,18 | I9: 998.699,51 | J9: 5.752.418,69 | K9: 0,00 | L9: -60.636,75
A10: 31 | B10: FUNDEB (a partir de 01/01/2007 - Instituído pela EC n° 53/2006) | D10: 467.418,85 | E10: 21.858.257,47 | F10: 0,00 | G10: 22.325.676,32 | H10: 19.322.984,55 | I10: 249.391,86 | J10: 19.572.376,41 | K10: 0,00 | L10: 2.753.299,91
A11: 40 | B11: ASPS - Ações de Serviços Públicos de Saúde | D11: 117.931,20 | E11: 10.026.498,33 | F11: 0,00 | G11: 10.144.429,53 | H11: 15.012.063,64 | I11: 2.299.190,60 | J11: 17.311.254,24 | K11: 0,00 | L11: -7.166.824,71
A12: 50 | B12: RPPS (instituído como FUNDO dentro da Administração Direta) | D12: 33.035.663,09 | E12: 24.802.717,52 | F12: 0,00 | G12: 57.838.380,61 | H12: 18.640.217,29 | I12: 654,00 | J12: 18.640.871,29 | K12: 0,00 | L12: 39.197.509,32
A13: 900 | B13: COVID-19 | D13: 4,50 | E13: 0,00 | F13: 0,00 | G13: 4,50 | H13: 0,00 | I13: 0,00 | J13: 0,00 | K13: 0,00 | L13: 4,50
A14: 1022 | B14: PROGRAMA NACIONAL DE ALIMENTACAO ESCOLAR PNAE/FNDE. | D14: 232.186,33 | E14: 433.750,68 | F14: 0,00 | G14: 665.937,01 | H14: 402.715,09 | I14: 0,00 | J14: 402.715,09 | K14: 0,00 | L14: 263.221,92
A15: 1023 | B15: SALARIO EDUCACAO | D15: 516.318,48 | E15: 1.301.867,94 | F15: 0,00 | G15: 1.818.186,42 | H15: 319.528,52 | I15: 65.062,83 | J15: 384.591,35 | K15: 0,00 | L15: 1.433.595,07
A16: 1024 | B16: TRANSPORTE ESCOLAR | D16: 228.138,49 | E16: 90.621,40 | F16: 0,00 | G16: 318.759,89 | H16: 96.819,07 | I16: 0,00 | J16: 96.819,07 | K16: 0,00 | L16: 221.940,82
A17: 1025 | B17: CONVENIO UNIAO FUNDACAO NACIONAL DE DESENVOLVIMENTO DA EDUCACAO - FNDE | D17: 1.350.359,29 | E17: 25.853,38 | F17: 0,00 | G17: 1.376.212,67 | H17: 0,00 | I17: 0,00 | J17: 0,00 | K17: 0,00 | L17: 1.376.212,67
A18: 1026 | B18: Recursos do PEATE/RS | D18: 378.419,89 | E18: 875.293,74 | F18: 0,00 | G18: 1.253.713,63 | H18: 499.093,38 | I18: 0,00 | J18: 499.093,38 | K18: 0,00 | L18: 754.620,25
A19: 1031 | B19: RECURSOS CREDITO EDUCATIVO FUNCRED | D19: 13.638,11 | E19: 201,24 | F19: 0,00 | G19: 13.839,35 | H19: 0,00 | I19: 0,00 | J19: 0,00 | K19: 0,00 | L19: 13.839,35
... A83: 8050 | B83: RECURSO EXTRAORÇAMENTÁRIO DO RPPS | D83: 671.158,65 | E83: 0,00 | F83: 0,00 | G83: 671.158,65 | H83: 0,00 | I83: 0,00 | J83: 0,00 | K83: 0,00 | L83: 671.158,65
A85: Total Geral: | D85: 51.253.703,33 | E85: 119.961.697,95 | F85: 3.489.437,00 | G85: 174.704.838,28 | H85: 102.398.436,72 | I85: 7.751.582,33 | J85: 110.150.019,05 | K85: 3.489.437,00 | L85: 61.065.382,23

Sheet Funç
A1: Prefeitura Municipal de Cacapava do Sul - RS
A2: Relatório Resumido de Execução Orçamentária
A3: Demonstrativo da Execução das Despesas por Função/Subfunção
A4: Orçamento Fiscal e da Seguridade Social
A5: Janeiro a Outubro 2021/Bimestre Setembro-Outubro
A7: RREO - ANEXO 2 (LRF, Art. 52, inciso II, alínea 'c') | L7: R$ 1,00
A8: FUNÇÃO/SUBFUNÇÃO | C8: Dotação | D8: Dotação | E8: Despesas Empenhadas | H8: SALDO | I8: Despesas Liquidadas | L8: Saldo
C9: Inicial | D9: Atualizada | E9: No Bimestre | F9: Até o Bimestre | G9: % | I9: No Bimestre | J9: Até o Bimestre | K9: %
D10: (a) | F10: (b) | G10: (b/total b) | H10: (c)=(a-b) | J10: (d) | K10: (d/Total d) | L10: (e)=(a-d)
A12: DESPESAS(EXCETO INTRAORÇAMENTÁRIAS)(I) | C12: 1.1088671e+08 | D12: 1.2562129e+08 | E12: 18529559 | F12: 93080748 | G12: 83.27 | H12: 32540545 | I12: 18563647 | J12: 88625024 | K12: 82.58 | L12: 36996269
A13: Legislativa | C13: 3687000 | D13: 3628000 | E13: 439791.09 | F13: 2681644.6 | G13: 2.4 | H13: 946355.4 | I13: 490627.93 | J13: 2589662.6 | K13: 2.41 | L13: 1038337.4
B14: Ação Legislativa | C14: 3329000 | D14: 3270000 | E14: 403513 | F14: 2442781.2 | G14: 2.19 | H14: 827218.82 | I14: 454349.84 | J14: 2350799.2 | K14: 2.19 | L14: 919200.79
B15: Previdência Básica | C15: 358000 | D15: 358000 | E15: 36278.09 | F15: 238863.42 | G15: 0.21 | H15: 119136.58 | I15: 36278.09 | J15: 238863.42 | K15: 0.22 | L15: 119136.58
A16: Essencial à Justiça | C16: 11713 | D16: 11713 | E16: 0 | F16: 1878.83 | G16: 0 | H16: 9834.17 | I16: 0 | J16: 1878.83 | K16: 0 | L16: 9834.17
B17: Representação Judicial e Extrajudicial | C17: 11713 | D17: 11713 | E17: 0 | F17: 1878.83 | G17: 0 | H17: 9834.17 | I17: 0 | J17: 1878.83 | K17: 0 | L17: 9834.17
A18: Administração | C18: 17377147 | D18: 18355815 | E18: 2464559.1 | F18: 13629601 | G18: 12.19 | H18: 4726214.3 | I18: 2665605.6 | J18: 12981678 | K18: 12.1 | L18: 5374137.2
B19: Administração Geral | C19: 14371289 | D19: 15383138 | E19: 2046927.4 | F19: 11270195 | G19: 10.08 | H19: 4112942.9 | I19: 2206331.5 | J19: 10700362 | K19: 9.97 | L19: 4682775.2
B20: Administração Financeira | C20: 54000 | D20: 54000 | E20: 0 | F20: 0 | G20: 0 | H20: 54000 | I20: 0 | J20: 0 | K20: 0 | L20: 54000
B21: Controle Interno | C21: 5000 | D21: 5000 | E21: 0 | F21: 0 | G21: 0 | H21: 5000 | I21: 0 | J21: 0 | K21: 0 | L21: 5000
B22: Normatização e Fiscalização | C22: 1000 | D22: 1000 | E22: 0 | F22: 0 | G22: 0 | H22: 1000 | I22: 0 | J22: 0 | K22: 0 | L22: 1000
B23: Tecnologia da Informação | C23: 107999 | D23: 85000 | E23: -2379.35 | F23: 68054.21 | G23: 0.06 | H23: 16945.79 | I23: 6672.69 | J23: 60054.21 | K23: 0.06 | L23: 24945.79
B24: Formação de Recursos Humanos | C24: 21778.45 | D24: 15281.9 | E24: 2468 | F24: 7529.55 | G24: 0.01 | H24: 7752.35 | I24: 3453 | J24: 6014.55 | K24: 0.01 | L24: 9267.35
B25: Administração de Receitas | C25: 30100 | D25: 4600 | E25: 1260 | F25: 1260 | G25: 0 | H25: 3340 | I25: 1260 | J25: 1260 | K25: 0 | L25: 3340
B26: Comunicação Social | C26: 5000 | D26: 5000 | E26: 997.14 | F26: 2516.14 | G26: 0 | H26: 2483.86 | I26: 336.9 | J26: 845.9 | K26: 0 | L26: 4154.1
B27: Previdência Básica | C27: 352480.47 | D27: 381893.87 | E27: 61172.57 | F27: 279193.87 | G27: 0.25 | H27: 102700 | I27: 61172.57 | J27: 279193.87 | K27: 0.26 | L27: 102700
B28: Proteção e Benefícios ao Trabalhador | C28: 2137592 | D28: 2134692 | E28: 334913.37 | F28: 1910084.9 | G28: 1.71 | H28: 224607.01 | I28: 372807.47 | J28: 1865993.2 | K28: 1.74 | L28: 268698.77
B29: Turismo | C29: 290908.32 | D29: 286209.55 | E29: 19200 | F29: 90767.08 | G29: 0.08 | H29: 195442.47 | I29: 13571.48 | J29: 67953.57 | K29: 0.06 | L29: 218255.98
A30: Segurança Pública | C30: 225919.9 | D30: 283389.9 | E30: 9888 | F30: 112705.54 | G30: 0.1 | H30: 170684.36 | I30: 7311.41 | J30: 94028.84 | K30: 0.09 | L30: 189361.06
B31: Defesa Terrestre | C31: 600 | D31: 600 | E31: 0 | F31: 0 | G31: 0 | H31: 600 | I31: 0 | J31: 0 | K31: 0 | L31: 600
B32: Defesa Civil | C32: 90815.2 | D32: 109785.2 | E32: 1193 | F32: 67067.16 | G32: 0.06 | H32: 42718.04 | I32: 7311.41 | J32: 58354.27 | K32: 0.05 | L32: 51430.93
B33: Serviços Urbanos | C33: 134504.7 | D33: 173004.7 | E33: 8695 | F33: 45638.38 | G33: 0.04 | H33: 127366.32 | I33: 0 | J33: 35674.57 | K33: 0.03 | L33: 137330.13
A34: Assistência Social | C34: 3350447.4 | D34: 3744604.1 | E34: 461236.05 | F34: 2826076.4 | G34: 2.53 | H34: 918527.74 | I34: 482227.23 | J34: 2638786.2 | K34: 2.46 | L34: 1105817.9
B35: Administração Geral | C35: 2121390 | D35: 2068664.3 | E35: 303148.49 | F35: 1570513.1 | G35: 1.4 | H35: 498151.26 | I35: 295435.41 | J35: 1535754.9 | K35: 1.43 | L35: 532909.37
B36: Assistência ao Idoso | C36: 55423 | D36: 59843 | E36: 11180 | F36: 57500 | G36: 0.05 | H36: 2343 | I36: 0 | J36: 46320 | K36: 0.04 | L36: 13523
B37: Assistência ao Portador de Deficiência | C37: 55111 | D37: 127865.66 | E37: 0 | F37: 57754.66 | G37: 0.05 | H37: 70111 | I37: 6188.12 | J37: 43570.18 | K37: 0.04 | L37: 84295.48
B38: Assistência à Criança e ao Adolescente | C38: 394680.21 | D38: 561145.58 | E38: 42682.25 | F38: 439844.63 | G38: 0.39 | H38: 121300.95 | I38: 45673.79 | J38: 360792.7 | K38: 0.34 | L38: 200352.88
B39: Assistência Comunitária | C39: 511883.18 | D39: 715125.6 | E39: 71939.63 | F39: 535343.36 | G39: 0.48 | H39: 179782.24 | I39: 102644.23 | J39: 487227.68 | K39: 0.45 | L39: 227897.92
B40: Previdência Básica | C40: 117654.01 | D40: 117654.01 | E40: 18813.58 | F40: 98059.55 | G40: 0.09 | H40: 19594.46 | I40: 18813.58 | J40: 98059.55 | K40: 0.09 | L40: 19594.46
B41: Proteção e Benefícios ao Trabalhador | C41: 94305.95 | D41: 94305.95 | E41: 13472.1 | F41: 67061.12 | G41: 0.06 | H41: 27244.83 | I41: 13472.1 | J41: 67061.12 | K41: 0.06 | L41: 27244.83
A42: Previdência Social | C42: 26301031 | D42: 29143791 | E42: 5983013.4 | F42: 24967833 | G42: 22.34 | H42: 4175958.2 | I42: 5013095.9 | J42: 23873098 | K42: 22.24 | L42: 5270692.8
B43: Previdência do Regime Estatutário | C43: 22825581 | D43: 22825581 | E43: 3741071.6 | F43: 18655063 | G43: 16.69 | H43: 4170517.4 | I43: 3732853.4 | J43: 18643682 | K43: 17.37 | L43: 4181899.1
B44: Assistência Hospitalar e Ambulatorial | C44: 3475450 | D44: 6318210.3 | E44: 2241941.8 | F44: 6312769.5 | G44: 5.65 | H44: 5440.78 | I44: 1280242.6 | J44: 5229416.7 | K44: 4.87 | L44: 1088793.7
A45: Saúde | C45: 22152216 | D45: 26726447 | E45: 3757720 | F45: 21528680 | G45: 19.26 | H45: 5197766.9 | I45: 4089285.1 | J45: 20449769 | K45: 19.05 | L45: 6276677.8
B46: Administração Geral | C46: 1181996.3 | D46: 1639485.7 | E46: -97956.71 | F46: 957154.97 | G46: 0.86 | H46: 682330.76 | I46: 110588.77 | J46: 740859.52 | K46: 0.69 | L46: 898626.21
B47: Tecnologia da Informação | C47: 100003 | D47: 70003 | E47: 0 | F47: 60668.61 | G47: 0.05 | H47: 9334.39 | I47: 0 | J47: 60668.61 | K47: 0.06 | L47: 9334.39
B48: Assistência à Criança e ao Adolescente | C48: 196.52 | D48: 196.52 | E48: 0 | F48: 0 | G48: 0 | H48: 196.52 | I48: 0 | J48: 0 | K48: 0 | L48: 196.52
B49: Previdência Básica | C49: 288916.26 | D49: 319888.7 | E49: 49861.86 | F49: 239119.13 | G49: 0.21 | H49: 80769.57 | I49: 49861.86 | J49: 239119.13 | K49: 0.22 | L49: 80769.57
B50: Atenção Básica | C50: 7676180.5 | D50: 9558611.6 | E50: 1835729.1 | F50: 7519414.1 | G50: 6.73 | H50: 2039197.5 | I50: 1663288.7 | J50: 7202411.8 | K50: 6.71 | L50: 2356199.8
B51: Assistência Hospitalar e Ambulatorial | C51: 10006375 | D51: 10554347 | E51: 1456567.4 | F51: 9127016.6 | G51: 8.17 | H51: 1427330.5 | I51: 1775097.1 | J51: 8784580.3 | K51: 8.18 | L51: 1769766.8
B52: Suporte Profilático e Terapêutico | C52: 890617.47 | D52: 980617.47 | E52: 164842.79 | F52: 860056.11 | G52: 0.77 | H52: 120561.36 | I52: 140206.82 | J52: 766014.97 | K52: 0.71 | L52: 214602.5
B53: Vigilância Sanitária | C53: 44010 | D53: 81010 | E53: 20334.9 | F53: 29558.68 | G53: 0.03 | H53: 51451.32 | I53: 10179.9 | J53: 19403.68 | K53: 0.02 | L53: 61606.32
B54: Vigilância Epidemiológica | C54: 1250196.9 | D54: 2812562.9 | E54: 224438.89 | F54: 2203477.1 | G54: 1.97 | H54: 609085.75 | I54: 232154.36 | J54: 2108502.2 | K54: 1.96 | L54: 704060.68
B55: Proteção e Benefícios ao Trabalhador | C55: 713723.63 | D55: 709723.63 | E55: 103901.82 | F55: 532214.4 | G55: 0.48 | H55: 177509.23 | I55: 107907.54 | J55: 528208.68 | K55: 0.49 | L55: 181514.95
A56: Trabalho | C56: 10000 | D56: 10000 | E56: 0 | F56: 0 | G56: 0 | H56: 10000 | I56: 0 | J56: 0 | K56: 0 | L56: 10000
B57: Proteção e Benefícios ao Trabalhador | C57: 10000 | D57: 10000 | E57: 0 | F57: 0 | G57: 0 | H57: 10000 | I57: 0 | J57: 0 | K57: 0 | L57: 10000
A58: Educação | C58: 28654315 | D58: 34222498 | E58: 4654303.3 | F58: 20758428 | G58: 18.57 | H58: 13464070 | I58: 4729349.6 | J58: 20449254 | K58: 19.05 | L58: 13773244
B59: Administração Geral | C59: 1140045 | D59: 1190434.8 | E59: 147757.73 | F59: 744371.44 | G59: 0.67 | H59: 446063.35 | I59: 152073.85 | J59: 743953.61 | K59: 0.69 | L59: 446481.18
B60: Previdência Básica | C60: 72840.78 | D60: 106179.54 | E60: 8714.67 | F60: 46112.14 | G60: 0.04 | H60: 60067.4 | I60: 8714.67 | J60: 46112.14 | K60: 0.04 | L60: 60067.4
B61: Proteção e Benefícios ao Trabalhador | C61: 1440467.9 | D61: 1751387.3 | E61: 221541.2 | F61: 1119980.6 | G61: 1 | H61: 631406.7 | I61: 221541.2 | J61: 1119980.6 | K61: 1.04 | L61: 631406.7
B62: Ensino Fundamental | C62: 15421592 | D62: 18365290 | E62: 2216755.6 | F62: 11002509 | G62: 9.84 | H62: 7362781.5 | I62: 2296606 | J62: 10828992 | K62: 10.09 | L62: 7536298.8
B63: Ensino Médio | C63: 1300000 | D63: 1300000 | E63: 625997.7 | F63: 761879.66 | G63: 0.68 | H63: 538120.34 | I63: 627187.86 | J63: 761879.66 | K63: 0.71 | L63: 538120.34
B64: Ensino Superior | C64: 80 | D64: 80 | E64: 0 | F64: 0 | G64: 0 | H64: 80 | I64: 0 | J64: 0 | K64: 0 | L64: 80
B65: Educação Infantil | C65: 7465686.6 | D65: 9344489.9 | E65: 1167451.5 | F65: 5651521.9 | G65: 5.06 | H65: 3692968 | I65: 1122486.3 | J65: 5550419.7 | K65: 5.17 | L65: 3794070.2
B66: Educação de Jovens e Adultos | C66: 420974.36 | D66: 467074.55 | E66: 61168.5 | F66: 324838.71 | G66: 0.29 | H66: 142235.84 | I66: 61686.4 | J66: 324838.71 | K66: 0.3 | L66: 142235.84
B67: Educação Especial | C67: 1392508.8 | D67: 1697441.8 | E67: 204916.4 | F67: 1107215.2 | G67: 0.99 | H67: 590226.65 | I67: 239053.28 | J67: 1073078.3 | K67: 1 | L67: 624363.52
B68: Preservação e Conservação Ambiental | C68: 120 | D68: 120 | E68: 0 | F68: 0 | G68: 0 | H68: 120 | I68: 0 | J68: 0 | K68: 0 | L68: 120
A69: Cultura | C69: 261033.78 | D69: 337263.13 | E69: 118877.9 | F69: 212503.42 | G69: 0.19 | H69: 124759.71 | I69: 115140.06 | J69: 164031.28 | K69: 0.15 | L69: 173231.85
B70: Patrimônio Histórico, Artístico e Arqueológico | C70: 13906.55 | D70: 13691.45 | E70: 936.05 | F70: 936.05 | G70: 0 | H70: 12755.4 | I70: 360.45 | J70: 360.45 | K70: 0 | L70: 13331
B71: Difusão Cultural | C71: 247127.23 | D71: 323571.68 | E71: 117941.85 | F71: 211567.37 | G71: 0.19 | H71: 112004.31 | I71: 114779.61 | J71: 163670.83 | K71: 0.15 | L71: 159900.85
A72: Direitos da Cidadania | C72: 2000 | D72: 2379 | E72: 0 | F72: 2217.62 | G72: 0 | H72: 161.38 | I72: 210 | J72: 1937.62 | K72: 0 | L72: 441.38
B73: Administração Geral | C73: 1000 | D73: 504 | E73: 0 | F73: 407.62 | G73: 0 | H73: 96.38 | I73: 0 | J73: 407.62 | K73: 0 | L73: 96.38
B74: Direitos Individuais, Coletivos e Difusos | C74: 1000 | D74: 1875 | E74: 0 | F74: 1810 | G74: 0 | H74: 65 | I74: 210 | J74: 1530 | K74: 0 | L74: 345
A75: Urbanismo | C75: 4947529.4 | D75: 5068947.4 | E75: 460220.93 | F75: 3508685.4 | G75: 3.14 | H75: 1560261.9 | I75: 534620.9 | J75: 2973959.8 | K75: 2.77 | L75: 2094987.6
B76: Infra-estrutura Urbana | C76: 3119378.4 | D76: 3239807.6 | E76: 285108.11 | F76: 1731541.1 | G76: 1.55 | H76: 1508266.5 | I76: 178227.79 | J76: 1385081.9 | K76: 1.29 | L76: 1854725.8
B77: Serviços Urbanos | C77: 1828151 | D77: 1829139.8 | E77: 175112.82 | F77: 1777144.3 | G77: 1.59 | H77: 51995.43 | I77: 356393.11 | J77: 1588877.9 | K77: 1.48 | L77: 240261.83
A78: Habitação | C78: 272672.09 | D78: 497797.42 | E78: 0 | F78: 178673.08 | G78: 0.16 | H78: 319124.34 | I78: 0 | J78: 178673.08 | K78: 0.17 | L78: 319124.34
B79: Assistência Comunitária | C79: 4000 | D79: 4000 | E79: 0 | F79: 0 | G79: 0 | H79: 4000 | I79: 0 | J79: 0 | K79: 0 | L79: 4000
B80: Habitação Urbana | C80: 268672.09 | D80: 493797.42 | E80: 0 | F80: 178673.08 | G80: 0.16 | H80: 315124.34 | I80: 0 | J80: 178673.08 | K80: 0.17 | L80: 315124.34
A81: Saneamento | C81: 110876 | D81: 489524.61 | E81: 0 | F81: 454222.31 | G81: 0.41 | H81: 35302.3 | I81: 9560 | J81: 433305.91 | K81: 0.4 | L81: 56218.7
B82: Saneamento Básico Rural | C82: 30329.8 | D82: 30329.8 | E82: 0 | F82: 0 | G82: 0 | H82: 30329.8 | I82: 0 | J82: 0 | K82: 0 | L82: 30329.8
B83: Saneamento Básico Urbano | C83: 80546.2 | D83: 459194.81 | E83: 0 | F83: 454222.31 | G83: 0.41 | H83: 4972.5 | I83: 9560 | J83: 433305.91 | K83: 0.4 | L83: 25888.9
A84: Gestão Ambiental | C84: 111000 | D84: 60300 | E84: 0 | F84: 49165.65 | G84: 0.04 | H84: 11134.35 | I84: 7881.41 | J84: 41755.52 | K84: 0.04 | L84: 18544.48
B85: Preservação e Conservação Ambiental | C85: 9500 | D85: 1502 | E85: 0 | F85: 0 | G85: 0 | H85: 1502 | I85: 0 | J85: 0 | K85: 0 | L85: 1502
B86: Controle Ambiental | C86: 46500 | D86: 3798 | E86: 0 | F86: 3481.9 | G86: 0 | H86: 316.1 | I86: 0 | J86: 2999.6 | K86: 0 | L86: 798.4
B87: Abastecimento | C87: 55000 | D87: 55000 | E87: 0 | F87: 45683.75 | G87: 0.04 | H87: 9316.25 | I87: 7881.41 | J87: 38755.92 | K87: 0.04 | L87: 16244.08
A88: Agricultura | C88: 417795.95 | D88: 884436.3 | E88: 60816.66 | F88: 352543.07 | G88: 0.32 | H88: 531893.23 | I88: 61631.58 | J88: 197758.17 | K88: 0.18 | L88: 686678.13
B89: Administração Geral | C89: 62930.95 | D89: 572004.73 | E89: 8432.18 | F89: 84517.19 | G89: 0.08 | H89: 487487.54 | I89: 8432.18 | J89: 8432.18 | K89: 0.01 | L89: 563572.55
B90: Abastecimento | C90: 48350 | D90: 45350 | E90: 449.93 | F90: 21007.93 | G90: 0.02 | H90: 24342.07 | I90: 699.93 | J90: 21007.93 | K90: 0.02 | L90: 24342.07
B91: Extensão Rural | C91: 229002 | D91: 197542 | E91: 390 | F91: 193744.4 | G91: 0.17 | H91: 3797.6 | I91: 954.92 | J91: 115044.51 | K91: 0.11 | L91: 82497.49
B92: Promoção da Produção Agropecuária | C92: 70513 | D92: 67539.57 | E92: 51544.55 | F92: 51544.55 | G92: 0.05 | H92: 15995.02 | I92: 51544.55 | J92: 51544.55 | K92: 0.05 | L92: 15995.02
B93: Defesa Agropecuária | C93: 7000 | D93: 2000 | E93: 0 | F93: 1729 | G93: 0 | H93: 271 | I93: 0 | J93: 1729 | K93: 0 | L93: 271
A94: Indústria | C94: 6001 | D94: 11 | E94: 0 | F94: 0 | G94: 0 | H94: 11 | I94: 0 | J94: 0 | K94: 0 | L94: 11
B95: Promoção Industrial | C95: 6001 | D95: 11 | E95: 0 | F95: 0 | G95: 0 | H95: 11 | I95: 0 | J95: 0 | K95: 0 | L95: 11
A96: Comércio e Serviços | C96: 73007 | D96: 108007 | E96: 57350 | F96: 86293.95 | G96: 0.08 | H96: 21713.05 | I96: 61675.85 | J96: 81513.71 | K96: 0.08 | L96: 26493.29
B97: Promoção Comercial | C97: 73000 | D97: 108000 | E97: 57350 | F97: 86293.95 | G97: 0.08 | H97: 21706.05 | I97: 61675.85 | J97: 81513.71 | K97: 0.08 | L97: 26486.29
B98: Turismo | C98: 7 | D98: 7 | E98: 0 | F98: 0 | G98: 0 | H98: 7 | I98: 0 | J98: 0 | K98: 0 | L98: 7
A99: Comunicações | C99: 35000 | D99: 44000 | E99: 0 | F99: 30373.11 | G99: 0.03 | H99: 13626.89 | I99: 3990.73 | J99: 24015.02 | K99: 0.02 | L99: 19984.98
B100: Telecomunicações | C100: 35000 | D100: 44000 | E100: 0 | F100: 30373.11 | G100: 0.03 | H100: 13626.89 | I100: 3990.73 | J100: 24015.02 | K100: 0.02 | L100: 19984.98
A101: Transporte | C101: 262643.38 | D101: 672611.38 | E101: 52222 | F101: 669291.75 | G101: 0.6 | H101: 3319.63 | I101: 87832 | J101: 644312.75 | K101: 0.6 | L101: 28298.63
B102: Transporte Rodoviário | C102: 262643.38 | D102: 672611.38 | E102: 52222 | F102: 669291.75 | G102: 0.6 | H102: 3319.63 | I102: 87832 | J102: 644312.75 | K102: 0.6 | L102: 28298.63
...

Sheet RCL_Out_Sist
A1: Prefeitura Municipal de Cacapava do Sul-RS | L1: Página 1 de 2
A2: Relatório Resumido da Execução Orçamentária
A3: Demonstrativo da Receita Corrente Líquida
A4: Orçamento Fiscal e da Seguridade Social
A5: Novembro/2020 a Outubro/2021
A7: RREO - ANEXO 3 (LRF, Art.53, inciso I) | J7: R$ 1,00
A8: ESPECIFICAÇÃO | C8: EVOLUÇÃO DA RECEITA REALIZADA NOS ÚLTIMOS 12 MESES
C9: Novembro/2020 | D9: Dezembro/2020 | E9: Janeiro/2021 | F9: Fevereiro/2021 | G9: Março/2021 | H9: Abril/2021 | I9: Total (Últimos 12 Meses) | K9: Previsão Atualizada 2021
C10: Maio/2021 | D10: Junho/2021 | E10: Julho/2021 | F10: Agosto/2021 | G10: Setembro/2021 | H10: Outubro/2021
A11: RECEITAS CORRENTES (I) | C11: 9.382.722,99 | D11: 14.985.348,45 | E11: 11.171.519,66 | F11: 9.895.489,16 | G11: 10.067.328,70 | H11: 10.665.436,78 | I11: 133.162.378,44 | K11: 139.558.630,25
C12: 11.074.063,37 | D12: 9.904.779,62 | E12: 13.507.270,02 | F12: 10.566.965,13 | G12: 9.535.085,74 | H12: 12.406.368,82
A13: Impostos, Taxas e Contribuições de Melhoria | C13: 791.516,55 | D13: 1.246.176,68 | E13: 2.169.534,08 | F13: 941.842,03 | G13: 868.525,16 | H13: 963.367,63 | I13: 13.119.094,03 | K13: 16.660.976,72
C14: 988.520,25 | D14: 1.033.026,56 | E14: 788.208,47 | F14: 960.992,31 | G14: 1.006.106,11 | H14: 1.361.278,20
A15: IPTU | C15: 85.120,82 | D15: 182.005,58 | E15: 1.451.216,75 | F15: 230.264,45 | G15: 136.497,62 | H15: 100.290,37 | I15: 2.808.733,98 | K15: 4.037.453,83
C16: 108.254,91 | D16: 103.670,88 | E16: 92.357,22 | F16: 91.556,93 | G16: 78.982,33 | H16: 148.516,12
A17: ISS | C17: 322.283,55 | D17: 343.644,30 | E17: 366.361,19 | F17: 264.932,11 | G17: 267.815,39 | H17: 312.930,52 | I17: 4.157.161,26 | K17: 5.723.855,79
C18: 257.718,27 | D18: 289.990,90 | E18: 311.981,98 | F18: 366.655,81 | G18: 453.724,42 | H18: 599.122,82
A19: ITBI | C19: 93.626,44 | D19: 158.651,23 | E19: 67.436,03 | F19: 99.259,48 | G19: 59.467,98 | H19: 175.484,26 | I19: 1.973.906,75 | K19: 1.078.358,27
C20: 305.547,47 | D20: 331.634,49 | E20: 71.832,01 | F20: 194.048,22 | G20: 160.923,96 | H20: 255.995,18
A21: IRRF | C21: 266.936,43 | D21: 529.525,28 | E21: 231.491,83 | F21: 288.140,45 | G21: 302.878,31 | H21: 290.625,11 | I21: 3.617.203,52 | K21: 3.488.232,14
C22: 282.619,14 | D22: 283.252,43 | E22: 280.450,88 | F22: 277.436,46 | G22: 282.519,63 | H22: 301.327,57
A23: Outros Impostos, Taxas e Contribuições de Melhoria | C23: 23.549,31 | D23: 32.350,29 | E23: 53.028,28 | F23: 59.245,54 | G23: 101.865,86 | H23: 84.037,37 | I23: 562.088,52 | K23: 2.333.076,69
C24: 34.380,46 | D24: 24.477,86 | E24: 31.586,38 | F24: 31.294,89 | G24: 29.955,77 | H24: 56.316,51
A25: Contribuições | C25: 497.058,13 | D25: 1.017.848,72 | E25: 624.320,28 | F25: 615.860,45 | G25: 639.249,38 | H25: 642.367,05 | I25: 7.736.477,94 | K25: 6.515.567,25
C26: 617.950,54 | D26: 606.750,37 | E26: 605.559,66 | F26: 615.218,45 | G26: 619.494,17 | H26: 634.800,74
A27: Receita Patrimonial | C27: 348.427,26 | D27: 699.613,03 | E27: 13.176,94 | F27: 12.839,44 | G27: -2.313,78 | H27: 248.400,51 | I27: 1.790.261,74 | K27: 6.420.844,14
C28: 192.554,70 | D28: 26.687,06 | E28: 22.601,63 | F28: 768,42 | G28: 141.429,92 | H28: 86.076,61
A29: Rendimentos de Aplicação Financeira | C29: 347.010,77 | D29: 698.546,54 | E29: 12.303,31 | F29: 11.349,04 | G29: -3.104,18 | H29: 247.760,11 | I29: 1.771.897,55 | K29: 6.263.908,76
C30: 191.914,30 | D30: 26.046,66 | E30: 21.861,23 | F30: -1.424,98 | G30: 138.489,52 | H30: 81.145,23
A31: Outras Receitas Patrimoniais | C31: 1.416,49 | D31: 1.066,49 | E31: 873,63 | F31: 1.490,40 | G31: 790,40 | H31: 640,40 | I31: 18.364,19 | K31: 156.935,38
C32: 640,40 | D32: 640,40 | E32: 740,40 | F32: 2.193,40 | G32: 2.940,40 | H32: 4.931,38
A33: Receita Agropecuária | C33: 8.131,82 | D33: 6.852,63 | E33: 8.743,15 | F33: 4.530,05 | G33: 3.575,72 | H33: 8.860,93 | I33: 75.494,46 | K33: 403.236,70
C34: 9.674,30 | D34: 10.126,36 | E34: 6.383,34 | F34: 4.937,76 | G34: 1.770,51 | H34: 1.907,89
A35: Receita Industrial | C35: - | D35: - | E35: - | F35: - | G35: - | H35: - | I35: - | K35: -
C36: - | D36: - | E36: - | F36: - | G36: - | H36: -
A37: Receita de Serviços | C37: 42.281,96 | D37: 35.701,68 | E37: 36.955,90 | F37: 34.624,23 | G37: 31.803,94 | H37: 29.478,60 | I37: 436.152,37 | K37: 475.566,36
C38: 32.213,56 | D38: 40.563,72 | E38: 38.872,83 | F38: 38.817,04 | G38: 39.307,63 | H38: 35.531,28
A39: Transferências Correntes | C39: 7.547.479,20 | D39: 11.745.635,91 | E39: 8.201.514,12 | F39: 8.158.190,07 | G39: 8.365.469,47 | H39: 8.591.325,24 | I39: 107.737.326,85 | K39: 102.205.059,03
C40: 9.071.928,57 | D40: 8.000.285,18 | E40: 11.871.804,74 | F40: 8.750.099,92 | G40: 7.517.785,02 | H40: 9.915.809,41
A41: Cota-Parte do FPM | C41: 2.073.487,19 | D41: 3.091.729,54 | E41: 2.257.700,33 | F41: 2.959.272,70 | G41: 1.983.538,31 | H41: 2.073.639,00 | I41: 28.296.643,36 | K41: 25.861.825,58
C42: 2.492.228,57 | D42: 2.155.390,73 | E42: 2.945.085,76 | F42: 2.354.690,03 | G42: 1.849.226,16 | H42: 2.060.655,04
A43: Cota-Parte do ICMS | C43: 2.844.810,96 | D43: 3.699.286,25 | E43: 2.214.057,95 | F43: 2.467.027,23 | G43: 3.020.217,97 | H43: 2.371.936,50 | I43: 35.738.028,95 | K43: 28.012.287,51
C44: 2.839.331,96 | D44: 2.810.856,27 | E44: 4.528.224,60 | F44: 3.282.359,42 | G44: 2.630.298,77 | H44: 3.029.621,07
A45: Cota-Parte do IPVA | C45: 19.538,37 | D45: 546.966,17 | E45: 591.865,92 | F45: 232.360,96 | G45: 274.930,20 | H45: 736.655,10 | I45: 3.190.871,21 | K45: 2.904.733,75
C46: 331.766,30 | D46: 166.807,47 | E46: 114.875,45 | F46: 111.479,57 | G46: 36.110,40 | H46: 27.515,30
A48: FONTE: GOVBR - Responsabilidade Fiscal, SECRETARIA DE MUNICÍPIO DA FAZENDA, 18/Nov/2021, 14h e 51m.
A49: Prefeitura Municipal de Cacapava do Sul-RS | L49: Página 2 de 2
A50: Relatório Resumido da Execução Orçamentária
A51: Demonstrativo da Receita Corrente Líquida
A52: Orçamento Fiscal e da Seguridade Social
A53: Novembro/2020 a Outubro/2021
A55: RREO - ANEXO 3 (LRF, Art.53, inciso I) | J55: R$ 1,00
A56: ESPECIFICAÇÃO | C56: EVOLUÇÃO DA RECEITA REALIZADA NOS ÚLTIMOS 12 MESES
C57: Novembro/2020 | D57: Dezembro/2020 | E57: Janeiro/2021 | F57: Fevereiro/2021 | G57: Março/2021 | H57: Abril/2021 | I57: Total (Últimos 12 Meses) | K57: Previsão Atualizada 2021
C58: Maio/2021 | D58: Junho/2021 | E58: Julho/2021 | F58: Agosto/2021 | G58: Setembro/2021 | H58: Outubro/2021
A59: Cota-Parte do ITR | C59: 53.694,53 | D59: 49.855,79 | E59: 23.835,02 | F59: 11.026,25 | G59: 1.139,11 | H59: 2.446,31 | I59: 1.112.734,40 | K59: 920.400,00
C60: 14.712,19 | D60: 7.165,49 | E60: 9.748,68 | F60: 9.908,47 | G60: 127.084,83 | H60: 802.117,73
A61: Transferências da LC 87/1996 | C61: - | D61: 302.473,68 | E61: - | F61: - | G61: - | H61: - | I61: 302.473,68 | K61: 163.489,31
C62: - | D62: - | E62: - | F62: - | G62: - | H62: -
A63: Transferências da LC 61/1989 | C63: 43.940,79 | D63: 55.370,51 | E63: 37.074,89 | F63: 29.226,38 | G63: 30.890,44 | H63: 35.005,30 | I63: 426.199,29 | K63: 364.667,51
C64: 30.378,23 | D64: 31.689,29 | E64: 34.318,38 | F64: 27.385,54 | G64: 34.609,00 | H64: 36.310,54
A65: Transferências do FUNDEB | C65: 1.789.644,71 | D65: 2.077.584,72 | E65: 2.345.321,30 | F65: 1.753.402,70 | G65: 2.159.400,30 | H65: 2.318.104,75 | I65: 25.684.655,05 | K65: 25.354.431,00
C66: 2.297.773,87 | D66: 1.991.614,72 | E66: 3.016.265,19 | F66: 1.951.480,05 | G66: 1.857.880,01 | H66: 2.126.182,73
A67: Outras Transferências Correntes | C67: 722.362,65 | D67: 1.922.369,25 | E67: 731.658,71 | F67: 705.873,85 | G67: 895.353,14 | H67: 1.053.538,28 | I67: 12.985.720,91 | K67: 18.623.224,37
C68: 1.065.737,45 | D68: 836.761,21 | E68: 1.223.286,68 | F68: 1.012.796,84 | G68: 982.575,85 | H68: 1.833.407,00
A69: Outras Receitas Correntes | C69: 147.828,07 | D69: 233.519,80 | E69: 117.275,19 | F69: 127.602,89 | G69: 161.018,81 | H69: 181.636,82 | I69: 2.267.571,05 | K69: 6.877.380,05
C70: 161.221,45 | D70: 187.340,37 | E70: 173.839,35 | F70: 196.131,23 | G70: 209.192,38 | H70: 370.964,69
A71: DEDUÇÕES (II) | C71: 1.335.580,83 | D71: 2.203.605,55 | E71: 1.471.339,13 | F71: 1.527.577,46 | G71: 1.515.232,09 | H71: 1.496.017,03 | I71: 18.923.788,38 | K71: 15.149.401,00
C72: 1.577.053,77 | D72: 1.470.234,42 | E72: 1.746.486,43 | F72: 1.588.592,22 | G72: 1.371.132,71 | H72: 1.620.936,74
A73: Contribuição do Servidor para Plano de Previdência | C73: 284.671,03 | D73: 812.475,06 | E73: 397.457,07 | F73: 397.166,94 | G73: 419.290,91 | H73: 416.933,47 | I73: 5.075.995,16 | K73: 3.941.823,91
C74: 392.131,53 | D74: 392.496,57 | E74: 390.709,29 | F74: 390.052,94 | G74: 394.292,19 | H74: 388.318,16
A75: Compensação Financ. entre Regimes Previdência | C75: 43.815,43 | D75: 86.192,92 | E75: 1.437,94 | F75: 1.437,94 | G75: 43.149,19 | H75: 43.149,19 | I75: 472.332,86 | K75: 21.492,44
C76: 43.238,81 | D76: 43.356,01 | E76: 42.431,42 | F76: 41.374,67 | G76: 41.374,67 | H76: 41.374,67
A77: Dedução de Receita para Formação do FUNDEB | C77: 1.007.094,37 | D77: 1.304.937,57 | E77: 1.072.444,12 | F77: 1.128.972,58 | G77: 1.052.791,99 | H77: 1.035.934,37 | I77: 13.375.460,36 | K77: 11.186.084,65
C78: 1.141.683,43 | D78: 1.034.381,84 | E78: 1.313.345,72 | F78: 1.157.164,61 | G78: 935.465,85 | H78: 1.191.243,91
A79: RECEITA CORRENTE LÍQUIDA (III) = (I-II) | C79: 8.047.142,16 | D79: 12.781.742,90 | E79: 9.700.180,53 | F79: 8.367.911,70 | G79: 8.552.096,61 | H79: 9.169.419,75 | I79: 114.238.590,06 | K79: 124.409.229,25
C80: 9.497.009,60 | D80: 8.434.545,20 | E80: 11.760.783,59 | F80: 8.978.372,91 | G80: 8.163.953,03 | H80: 10.785.432,08
A81: (-) Transferências obrigatórias da União relativas às emendas individuais (art. 166-A, § 1º, da CF) (IV) | C81: - | D81: - | E81: - | F81: - | G81: - | H81: - | I81: - | K81: -
C82: - | D82: - | E82: - | F82: - | G82: - | H82: -
A83: RECEITA CORRENTE LÍQUIDA AJUSTADA PARA CÁLCULO DOS LIMITES DE ENDIVIDAMENTO (V) = (III - IV) | C83: 8.047.142,16 | D83: 12.781.742,90 | E83: 9.700.180,53 | F83: 8.367.911,70 | G83: 8.552.096,61 | H83: 9.169.419,75 | I83: 114.238.590,06 | K83: 124.409.229,25
C84: 9.497.009,60 | D84: 8.434.545,20 | E84: 11.760.783,59 | F84: 8.978.372,91 | G84: 8.163.953,03 | H84: 10.785.432,08
A85: (-) Transferências obrigatórias da União relativas às emendas de bancada (art. 166, § 16, da CF) (VI) | C85: - | D85: - | E85: - | F85: - | G85: - | H85: - | I85: 350.000,00 | K85: -
C86: - | D86: - | E86: - | F86: 350.000,00 | G86: - | H86: -
A87: RECEITA CORRENTE LÍQUIDA AJUSTADA PARA CÁLCULO DOS LIMITES DA DESPESA COM PESSOAL (VII) = (V - VI) | C87: 8.047.142,16 | D87: 12.781.742,90 | E87: 9.700.180,53 | F87: 8.367.911,70 | G87: 8.552.096,61 | H87: 9.169.419,75 | I87: 113.888.590,06 | K87: 124.409.229,25
C88: 9.497.009,60 | D88: 8.434.545,20 | E88: 11.760.783,59 | F88: 8.628.372,91 | G88: 8.163.953,03 | H88: 10.785.432,08
A96: FONTE: GOVBR - Responsabilidade Fiscal, SECRETARIA DE MUNICÍPIO DA FAZENDA, 18/Nov/2021, 14h e 51m.

Sheet RPPS
A1: Prefeitura Municipal de Cacapava do Sul-RS | L1: Página 1 de 5
A2: RELATÓRIO RESUMIDO DA EXECUÇÃO ORÇAMENTÁRIA
A3: DEMONSTRATIVO DAS RECEITAS E DESPESAS PREVIDENCIÁRIAS E DAS RECEITAS E DESPESAS ASSOCIADAS ÀS PENSÕES E INATIVOS MILITARES
A4: ORÇAMENTO FISCAL E DA SEGURIDADE SOCIAL
A5: Janeiro a Outubro 2021/Bimestre Setembro-Outubro
A7: RREO - Anexo 4 (LRF, Art. 53, inciso II) | H7: Em Reais
A8: REGIME PRÓPRIO DE PREVIDÊNCIA DOS SERVIDORES - RPPS
A9: FUNDO EM CAPITALIZAÇÃO (PLANO PREVIDENCIÁRIO)
A10: RECEITAS PREVIDENCIÁRIAS - RPPS (FUNDO EM CAPITALIZAÇÃO) | B10: PREVISÃO ATUALIZADA (a) | E10: RECEITAS REALIZADAS Até o Bimestre (b)
A11: RECEITAS CORRENTES (I) | B11: 25.237.106,94 | E11: 24.636.695,29
A12: Receita de Contribuições dos Segurados | B12: 3.941.823,91 | E12: 3.978.849,07
A13: Ativo | B13: 3.914.085,33 | E13: 3.023.139,58
A14: Inativo | B14: 20.075,63 | E14: 816.597,89
A15: Pensionista | B15: 7.662,95 | E15: 139.111,60
A16: Receita de Contribuições Patronais | B16: 6.266.399,10 | E16: 8.254.078,29
A17: Ativo | B17: 6.217.865,80 | E17: 6.737.995,50
A18: Inativo | B18: 34.754,23 | E18: 1.310.507,11
A19: Pensionista | B19: 13.779,07 | E19: 205.575,68
A20: Receita Patrimonial | B20: 5.623.474,12 | E20: 460.659,32
A21: Receitas Imobiliárias | B21: - | E21: -
... A33: TOTAL DAS RECEITAS DO FUNDO EM CAPITALIZAÇÃO - (IV) = (I+III-II) | B33: 15.850.721,00 | E33: 13.024.053,20
A36: FONTE: GOVBR - Responsabilidade Fiscal, SECRETARIA DE MUNICÍPIO DA FAZENDA, 18/Nov/2021, 15h e 01m.
A48: Prefeitura Municipal de Cacapava do Sul-RS | L48: Página 2 de 5
A49: RELATÓRIO RESUMIDO DA EXECUÇÃO ORÇAMENTÁRIA
A50: DEMONSTRATIVO DAS RECEITAS E DESPESAS PREVIDENCIÁRIAS E DAS RECEITAS E DESPESAS ASSOCIADAS ÀS PENSÕES E INATIVOS MILITARES
A51: ORÇAMENTO FISCAL E DA SEGURIDADE SOCIAL
A52: Janeiro a Outubro 2021/Bimestre Setembro-Outubro
A53: RREO - Anexo 4 (LRF, Art. 53, inciso II) | H53: Em Reais
A54: DESPESAS PREVIDENCIÁRIAS - RPPS (FUNDO EM CAPITALIZAÇÃO) | B54: DOTAÇÃO ATUALIZADA (c) | D54: DESPESAS EMPENHADAS Até o Bimestre (d) | F54: DESPESAS LIQUIDADAS Até o Bimestre (e) | G54: DESPESAS PAGAS Até o Bimestre (f) | J54: INSCRITAS EM RESTOS A PAGAR NÃO PROCESSADOS No Exercício (g)
A55: Benefícios | B55: 22.735.580,90 | D55: 18.626.473,26 | F55: 18.626.473,26 | G55: 18.623.799,64 | J55: -
A56: Aposentadorias | B56: 20.130.620,30 | D56: 16.480.597,43 | F56: 16.480.597,43 | G56: 16.479.909,10 | J56: -
A57: Pensões por Morte | B57: 2.604.960,60 | D57: 2.145.875,83 | F57: 2.145.875,83 | G57: 2.143.890,54 | J57: -
A58: Outras Despesas Previdenciárias | B58: - | D58: - | F58: - | G58: - | J58: -
A59: Compensação Financeira entre os regimes | B59: - | D59: - | F59: - | G59: - | J59: -
A60: Demais Despesas Previdenciárias | B60: - | D60: - | F60: - | G60: - | J60: -
A61: TOTAL DAS DESPESAS DO FUNDO EM CAPITALIZAÇÃO (V) | B61: 22.735.580,90 | D61: 18.626.473,26 | F61: 18.626.473,26 | G61: 18.623.799,64 | J61: -
A62: RESULTADO PREVIDENCIÁRIO - FUNDO EM CAPITALIZAÇÃO (VI) = (IV – V)² | B62: (6.884.859,90) | D62: (5.602.420,06) | F62: (5.602.420,06) | G62: (5.599.746,44)
A63: RECURSOS RPPS ARRECADADOS EM EXERCÍCIOS ANTERIORES | B63: PREVISÃO ORÇAMENTÁRIA
A64: VALOR | B64: -
A66: RESERVA ORÇAMENTÁRIA DO RPPS | B66: PREVISÃO ORÇAMENTÁRIA
A67: VALOR | B67: 2.985.119,66
A69: APORTES DE RECURSOS PARA O FUNDO EM CAPITALIZAÇÃO DO RPPS | B69: APORTES REALIZADOS
A70: Plano de Amortização - Contribuição Patronal Suplementar | B70: -
A71: Plano de Amortização - Aporte Periódico de Valores Predefinidos | B71: -
A72: Outros Aportes para o RPPS | B72: -
A73: Recursos para Cobertura de Déficit Financeiro | B73: -
A75: BENS E DIREITOS DO RPPS (FUNDO EM CAPITALIZAÇÃO) | B75: SALDO ATUAL
A76: Caixa e Equivalentes de Caixa | B76: (4.551.834,70)
A77: Investimentos e Aplicações | B77: 37.473.087,70
A78: Outros Bens e Direitos | B78: -
A79: FONTE: GOVBR - Responsabilidade Fiscal, SECRETARIA DE MUNICÍPIO DA FAZENDA, 18/Nov/2021, 15h e 01m.
A87: RELATÓRIO RESUMIDO DA EXECUÇÃO ORÇAMENTÁRIA | C87: Prefeitura Municipal de Cacapava do Sul-RS | L87: Página 3 de 5
A88: DEMONSTRATIVO DAS RECEITAS E DESPESAS PREVIDENCIÁRIAS E DAS RECEITAS E DESPESAS ASSOCIADAS ÀS PENSÕES E INATIVOS MILITARES
A89: ORÇAMENTO FISCAL E DA SEGURIDADE SOCIAL | C89: Janeiro a Outubro 2021/Bimestre Setembro-Outubro
A90: RREO - Anexo 4 (LRF, Art. 53, inciso II) | H90: Em Reais
A91: FUNDO EM REPARTIÇÃO (PLANO FINANCEIRO)
A92: RECEITAS PREVIDENCIÁRIAS - RPPS (FUNDO EM REPARTIÇÃO) | B92: PREVISÃO ATUALIZADA (a) | D92: RECEITAS REALIZADAS Até o Bimestre (b)
A93: RECEITAS CORRENTES (VII) | B93: - | D93: -
A94: Receita de Contribuições dos Segurados | B94: - | D94: -
A95: Ativo | B95: - | D95: -
A96: Inativo | B96: - | D96: -
A97: Pensionista | B97: - | D97: -
A98: Receita de Contribuições Patronais | B98: - | D98: -
A99: Ativo | B99: - | D99: -
A100: Inativo | B100: - | D100: -
A101: Pensionista | B101: - | D101: -
A102: Receita Patrimonial | B102: - | D102: -
A103: Receitas Imobiliárias | B103: - | D103: -
... A114: TOTAL DAS RECEITAS DO FUNDO EM REPARTIÇÃO (IX) = (VII + VIII) | B114: - | D114: -
A116: DESPESAS PREVIDENCIÁRIAS - RPPS (FUNDO EM REPARTIÇÃO) | B116: DOTAÇÃO ATUALIZADA (c) | D116: DESPESAS EMPENHADAS Até o Bimestre (d) | F116: DESPESAS LIQUIDADAS Até o Bimestre (e) | G116: DESPESAS PAGAS Até o Bimestre (e) | J116: INSCRITAS EM RESTOS A PAGAR NÃO PROCESSADOS No Exercício (g)
A117: Benefícios | B117: - | D117: - | F117: - | G117: - | J117: -
A118: Aposentadorias | B118: - | D118: - | F118: - | G118: - | J118: -
A119: Pensões por Morte | B119: - | D119: - | F119: - | G119: - | J119: -
A120: Outras Despesas Previdenciárias | B120: - | D120: - | F120: - | G120: - | J120: -
A121: Compensação Previdenciária entre os regimes | B121: - | D121: - | F121: - | G121: - | J121: -
A122: Demais Despesas Previdenciárias | B122: - | D122: - | F122: - | G122: - | J122: -
A123: TOTAL DAS DESPESAS DO FUNDO EM REPARTIÇÃO (X) | B123: - | D123: - | F123: - | G123: - | J123: -
A124: RESULTADO PREVIDENCIÁRIO - FUNDO EM REPARTIÇÃO (XI) = (IX – X)² | B124: - | D124: - | F124: - | G124: -
A125: FONTE: GOVBR - Responsabilidade Fiscal, SECRETARIA DE MUNICÍPIO DA FAZENDA, 18/Nov/2021, 15h e 01m.
A126: Prefeitura Municipal de Cacapava do Sul-RS | L126: Página 4 de 5
A127: RELATÓRIO RESUMIDO DA EXECUÇÃO ORÇAMENTÁRIA
A128: DEMONSTRATIVO DAS RECEITAS E DESPESAS PREVIDENCIÁRIAS E DAS RECEITAS E DESPESAS ASSOCIADAS ÀS PENSÕES E INATIVOS MILITARES
A129: ORÇAMENTO FISCAL E DA SEGURIDADE SOCIAL
A130: Janeiro a Outubro 2021/Bimestre Setembro-Outubro
A132: RREO - Anexo 4 (LRF, Art. 53, inciso II) | H132: Em Reais
A133: APORTES DE RECURSOS PARA O FUNDO EM REPARTIÇÃO DO RPPS | B133: APORTES REALIZADOS
A134: Recursos para Cobertura de Insuficiências Financeiras | B134: -
A135: Recursos para Formação de Reserva | B135: -
A137: ADMINISTRAÇÃO DO REGIME PRÓPRIO DE PREVIDÊNICA DOS SERVIDORES - RPPS
A138: RECEITAS DA ADMINISTRAÇÃO - RPPS | B138: PREVISÃO ATUALIZADA (a) | D138: RECEITAS REALIZADAS Até o Bimestre (b)
A139: Receitas Correntes | B139: 135.493,62 | D139: 143.950,74
A140: TOTAL DAS RECEITAS DA ADMINISTRAÇÃO RPPS (XII) | B140: 135.493,62 | D140: 143.950,74
A142: DESPESAS DA ADMINISTRAÇÃO - RPPS | B142: DOTAÇÃO ATUALIZADA (c) | D142: DESPESAS EMPENHADAS Até o Bimestre (d) | F142: DESPESAS LIQUIDADAS Até o Bimestre (e) | G142: DESPESAS PAGAS Até o Bimestre (f) | J142: INSCRITAS EM RESTOS A PAGAR NÃO PROCESSADOS No Exercício (g)
A143: Despesas Correntes (XIII) | B143: 71.520,00 | D143: 28.590,20 | F143: 17.208,50 | G143: 16.417,65 | J143: -
A144: Pessoal e Encargos Sociais | B144: 10 | D144: - | F144: - | G144: - | J144: -
A145: Demais Despesas Correntes | B145: 71.510,00 | D145: 28.590,20 | F145: 17.208,50 | G145: 16.417,65 | J145: -
A146: Despesas de Capital (XIV) | B146: 18.480,00 | D146: - | F146: - | G146: - | J146: -
A147: TOTAL DAS DESPESAS DA ADMINISTRAÇÃO RPPS (XV) = (XIII + XIV) | B147: 90.000,00 | D147: 28.590,20 | F147: 17.208,50 | G147: 16.417,65 | J147: -
A148: RESULTADO DA ADMINISTRAÇÃO RPPS (XVI) = (XII – XV)² | B148: 45.493,62 | D148: 115.360,54 | F148: 126.742,24 | G148: 127.533,09
A149: BENEFICIOS PREVIDENCIÁRIOS MANTIDOS PELO TESOURO
...

Sheet Result
A1: Prefeitura Municipal de Cacapava do Sul-RS | L1: Página 1 de 2
A2: Relatório Resumido da Execução Orçamentária
A3: Demonstrativo dos Resultados Primário e Nominal
A4: Orçamento Fiscal e da Seguridade Social
A5: Janeiro a Outubro 2021/Bimestre Setembro-Outubro
A7: RREO - ANEXO VI(LRF, art. 53, inciso III) | J7: R$ 1,00
A8: ACIMA DA LINHA
A9: RECEITAS PRIMÁRIAS | C9: Previsão Atualizada | D9: Até o Bimestre/2021
D10: Receitas Realizadas
D11: (a)
A12: RECEITAS CORRENTES(I) | C12: 128.372.545,60 | D12: 97.730.878,58
A13: Impostos, Taxas e Contribuições de Melhoria | C13: 16.660.976,72 | D13: 11.081.400,80
A14: IPTU | C14: 4.037.453,83 | D14: 2.541.607,58
A15: ISS | C15: 5.723.855,79 | D15: 3.491.233,41
A16: ITBI | C16: 1.078.358,27 | D16: 1.721.629,08
A17: IRRF | C17: 3.488.232,14 | D17: 2.820.741,81
A18: Outros Impostos, Taxas, e Contribuições de Melhoria | C18: 2.333.076,69 | D18: 506.188,92
A19: Contribuições | C19: 6.515.567,25 | D19: 6.221.571,09
A20: Receita Patrimonial | C20: 6.420.844,14 | D20: 742.221,45
A21: Aplicações Financeiras (II) | C21: 6.263.908,76 | D21: 726.340,24
A22: Outras Receitas Patrimoniais | C22: 156.935,38 | D22: 15.881,21
A23: Transferências Correntes | C23: 91.018.974,38 | D23: 77.380.783,32
... A52: DESPESAS PRIMÁRIAS | C52: Dotação Atualizada | D52: Até o Bimestre/2021
D53: Despesas Empenhadas | F53: Despesas Liquidadas | G53: Despesas Pagas | I53: Restos a Pagar Processados Pagos | K53: Restos a Pagar não Processados
K54: Liquidados | M54: Pagos (c)
G55: (a) | I55: (b)
A56: DESPESAS CORRENTES (XIII) | C56: 118.143.790,58 | D56: 91.557.069,42 | F56: 87.534.475,41 | G56: 84.427.971,53 | I56: 1.875.987,53 | K56: 107.829,35 | M56: 69.001,05
A57: Pessoal e Encargos Sociais | C57: 77.452.895,57 | D57: 57.619.886,91 | F57: 57.562.616,43 | G57: 57.327.636,75 | I57: 223.114,49 | K57: - | M57: -
A58: Juros e Encargos da Dívida (XIV) | C58: 76.524,60 | D58: 66.949,44 | F58: 55.791,20 | G58: 44.632,96 | I58: - | K58: - | M58: -
A59: Outras Despesas Correntes | C59: 40.614.370,41 | D59: 33.870.233,07 | F59: 29.916.067,78 | G59: 27.055.701,82 | I59: 1.652.873,04 | K59: 107.829,35 | M59: 69.001,05
A60: DESPESAS PRIMÁRIAS CORRENTES (XV) = (XIII - XIV) | C60: 118.067.265,98 | D60: 91.490.119,98 | F60: 87.478.684,21 | G60: 84.383.338,57 | I60: 1.875.987,53 | K60: 107.829,35 | M60: 69.001,05
A61: DESPESAS DE CAPITAL (XVI) | C61: 7.468.517,85 | D61: 1.523.678,68 | F61: 1.090.548,67 | G61: 1.059.004,79 | I61: 275.377,25 | K61: 1.110.032,59 | M61: 1.060.515,13
A62: Investimentos | C62: 7.456.113,47 | D62: 1.523.678,68 | F62: 1.090.548,67 | G62: 1.059.004,79 | I62: 275.377,25 | K62: 862.445,29 | M62: 862.445,29
A63: Inversões Financeiras | C63: 11.583,00 | D63: - | F63: - | G63: - | I63: - | K63: - | M63: -
A64: Concessão de Empréstimos e Financiamentos (XVII) | C64: 101,00 | D64: - | F64: - | G64: - | I64: - | K64: - | M64: -
A65: Aquisição de Título de Capital já Integralizado (XVIII) | C65: - | D65: - | F65: - | G65: - | I65: - | K65: - | M65: -
A66: Aquisição de Título de Crédito (XIX) | C66: - | D66: - | F66: - | G66: - | I66: - | K66: - | M66: -
A67: Demais Inversões Financeiras | C67: 11.482,00 | D67: - | F67: - | G67: - | I67: - | K67: - | M67: -
... A69: DESPESAS PRIMÁRIAS DE CAPITAL (XXI) = (XVI - XVII - XVIII - XIX - XX) | C69: 7.467.595,47 | D69: 1.523.678,68 | F69: 1.090.548,67 | G69: 1.059.004,79 | I69: 275.377,25 | K69: 862.445,29 | M69: 862.445,29
A71: FONTE: GOVBR - Responsabilidade Fiscal, SECRETARIA DE MUNICÍPIO DA FAZENDA, 18/Nov/2021, 15h e 27m.
A72: Prefeitura Municipal de Cacapava do Sul-RS | L72: Página 2 de 2
A73: Relatório Resumido da Execução Orçamentária
A74: Demonstrativo dos Resultados Primário e Nominal
A75: Orçamento Fiscal e da Seguridade Social
A76: Janeiro a Outubro 2021/Bimestre Setembro-Outubro
A78: RESERVA DE CONTINGÊNCIA (XXII) | C78: 8.984,18 | D78: - | F78: - | G78: - | I78: - | K78: - | M78: -
A79: DESPESA PRIMÁRIA TOTAL (XXIII) = (XV + XXI + XXII) | C79: 125.543.845,63 | D79: 93.013.798,66 | F79: 88.569.232,88 | G79: 85.442.343,36 | I79: 2.151.364,78 | K79: 970.274,64 | M79: 931.446,34
A81: RESULTADO PRIMÁRIO - Acima da Linha (XXIV) = [XIIa - (XXIIIa +XXIIIb + XXIIIc)] | C81: 9.307.050,14
A83: META FISCAL PARA O RESULTADO PRIMÁRIO | C83: VALOR CORRENTE
A84: Meta fixada no Anexo de Metas Fiscais da LDO para o exercício de referência | C84: 126.749.255,05
A86: JUROS NOMINAIS | C86: Até o Bimestre/2021
C87: VALOR INCORRIDO
A88: Juros, Encargos e Variações Monetárias Ativos (XXV) | C88: 299.983,75
A89: Juros, Encargos e Variações Monetárias Passivos (XXVI) | C89: 55.791,20
A91: RESULTADO NOMINAL - Acima da Linha (XXVII) = XXIV + (XXV - XXVI) | C91: 9.551.242,69
A93: META FISCAL PARA O RESULTADO NOMINAL | C93: VALOR CORRENTE
A94: Meta fixada no Anexo de Metas Fiscais da LDO para o exercício de referência | C94: 5.797.498,65
A96: ABAIXO DA LINHA
A97: CÁLCULO DO RESULTADO NOMINAL | C97: SALDO
C98: Em 31/Dez/2020 | H98: Até o 5º Bimestre
C99: (a) | H99: (b)
A100: DÍVIDA CONSOLIDADA (XXVIII) | C100: 1.674.324,20 | H100: 1.578.444,06
A101: DEDUÇÕES (XXIX) | C101: 636.417,72 | H101: 640.666,69
A102: Disponibilidade de Caixa | C102: - | H102: -
A103: Disponibilidade de Caixa Bruta | C103: 17.546.881,59 | H103: 19.803.492,49
A104: (-) Restos a Pagar Processados (XXX) | C104: 26.650.439,28 | H104: 20.109.854,16
A105: Demais Haveres Financeiros | C105: 636.417,72 | H105: 640.666,69
A106: DÍVIDA CONSOLIDADA LÍQUIDA (XXXI) = (XXVIII - XXIX) | C106: 1.037.906,48 | H106: 937.777,37
A107: RESULTADO NOMINAL - Abaixo da Linha (XXXII) = (XXXIa - XXXIb) | C107: 100.129,11
A109: AJUSTE METODOLÓGICO | C109: Até o Bimestre/2021
A110: VARIAÇÃO SALDO RPP = (XXXIII) = (XXXa - XXXb) | H110: 6.540.585,12
A111: RECEITA DE ALIENAÇÃO DE INVESTIMENTOS PERMANENTES (IX) | H111: -
A112: PASSIVOS RECONHECIDOS NA DC (XXXIV) | H112: -
A113: VARIAÇÃO CAMBIAL (XXXV) | H113: -
A114: PAGAMENTO DE PRECATÓRIOS INTEGRANTES DA DC (XXXVI) | H114: -
A115: AJUSTES RELATIVOS AO RPPS (XXXVII) | H115: -
A116: OUTROS AJUSTES (XXXVIII) | H116: -
A117: RESULTADO NOMINAL AJUSTADO - Abaixo da Linha (XXXIX) = (XXXII - XXXIII - IX + XXXIV + XXXV - XXXVI + XXXVII + XXXVIII) | C117: -6.440.456,01
A119: RESULTADO PRIMÁRIO - Abaixo da Linha (XL) = XXXIX - (XXV - XXVI) | C119: -6.684.648,56
A121: INFORMAÇÕES ADICIONAIS | C121: PREVISÃO ORÇAMENTÁRIA
A122: SALDO DE EXERCÍCIOS ANTERIORES | H122: 6.768.730,69
A123: Recursos Arrecadados em Exercícios Anteriores - RPPS | H123: -
A124: Superávit Financeiro Utilizado para Abertura e Reabertura de Créditos Adicionais | H124: 6.768.730,69
A125: RESERVA ORÇAMENTÁRIA DO RPPS | H125: 2.985.119,66
A131: FONTE: GOVBR - Responsabilidade Fiscal, SECRETARIA DE MUNICÍPIO DA FAZENDA, 18/Nov/2021, 15h e 27m.

Sheet Restos
A2: Prefeitura Municipal de Cacapava do Sul - RS
A3: Relatório Resumido da Execução Orçamentária
A4: Demonstrativo dos Restos a Pagar por Poder e Órgão
A5: Orçamentos Fiscal e da Seguridade Social
A6: Janeiro a Outubro 2021/Bimestre Setembro-Outubro
A8: RREO - ANEXO 7 (LRF, art.53, inciso V) | M8: R$ 1,00
A9: PODER/ÓRGÃO | B9: RESTOS A PAGAR PROCESSADOS | G9: RESTOS A PAGAR NÃO PROCESSADOS | M9: Saldo Total
B11: Inscritos | D11: Pagos | E11: Cancelados | F11: Saldo | G11: Inscritos | I11: Liquidados | J11: Pagos | K11: Cancelados | L11: Saldo
B12: Em Exercícios | C12: Em 31 de | G12: Em Exercícios | H12: Em 31 de
B13: Anteriores | C13: dezembro de 2020 | G13: Anteriores | H13: dezembro de 2020
B14: (a) | C14: (b) | D14: (c) | E14: (d) | F14: e=(a+b)-(c+d) | G14: (f) | H14: (g) | I14: (h) | J14: (i) | K14: (j) | L14: k=(f+g)-(i+j) | M14: L=(e+k)
A15: RESTOS A PAGAR(EXCETO INTRA-ORÇAMENTÁRIOS) (I) | B15: 1303549.9 | C15: 2281327.1 | D15: 2151364.8 | E15: 7518.73 | F15: 1425993.5 | G15: 509042.12 | H15: 2247573 | I15: 1217861.9 | J15: 1129516.2 | K15: 3887.19 | L15: 1623211.8 | M15: 3049205.3
A16: PODER EXECUTIVO | B16: 1303549.9 | C16: 2279176.2 | D16: 2149213.9 | E16: 7518.73 | F16: 1425993.5 | G16: 509042.12 | H16: 2247573 | I16: 1217861.9 | J16: 1129516.2 | K16: 3887.19 | L16: 1623211.8 | M16: 3049205.3
A17: PODER LEGISLATIVO | B17: 0 | C17: 2150.91 | D17: 2150.91 | E17: 0 | F17: 0 | G17: 0 | H17: 0 | I17: 0 | J17: 0 | K17: 0 | L17: 0 | M17: 0
A18: CAMARA MUNICIPAL CACAPAVA DO SUL | B18: 0 | C18: 2150.91 | D18: 2150.91 | E18: 0 | F18: 0 | G18: 0 | H18: 0 | I18: 0 | J18: 0 | K18: 0 | L18: 0 | M18: 0
A19: RESTOS A PAGAR(INTRA-ORÇAMENTÁRIOS) (II) | B19: 14044179 | C19: 9054967.9 | D19: 4470701.4 | E19: 0 | F19: 18628446 | G19: 0 | H19: 0 | I19: 0 | J19: 0 | K19: 0 | L19: 0 | M19: 18628446
A20: PODER EXECUTIVO | B20: 14044179 | C20: 9054967.9 | D20: 4470701.4 | E20: 0 | F20: 18628446 | G20: 0 | H20: 0 | I20: 0 | J20: 0 | K20: 0 | L20: 0 | M20: 18628446
A21: TOTAL (III) = (I+II) | B21: 15347729 | C21: 11336295 | D21: 6622066.2 | E21: 7518.73 | F21: 20054439 | G21: 509042.12 | H21: 2247573 | I21: 1217861.9 | J21: 1129516.2 | K21: 3887.19 | L21: 1623211.8 | M21: 21677651

Sheet MDE
A1: Prefeitura Municipal de Cacapava do Sul-RS | Q1: Página 1 de 5
A2: RELATÓRIO RESUMIDO DA EXECUÇÃO ORÇAMENTÁRIA
A3: DEMONSTRATIVO DAS RECEITAS E DESPESAS COM MANUTENÇÃO E DESENVOLVIMENTO DO ENSINO - MDE
A4: ORÇAMENTO FISCAL E DA SEGURIDADE SOCIAL
A5: Janeiro a Outubro 2021/Bimestre Setembro-Outubro
A7: RREO - Anexo 8 (LDB,art. 72) | L7: Em Reais
A8: RECEITA RESULTANTE DE IMPOSTOS (Arts. 212 e 212-A da Constituição Federal)
A9: RECEITA RESULTANTE DE IMPOSTOS | B9: PREVISÃO ATUALIZADA (a) | H9: RECEITAS REALIZADAS Até o Bimestre (b)
A10: 1- RECEITA DE IMPOSTOS | B10: 14.327.900,03 | H10: 10.575.211,88
A11: 1.1- Receita Resultante do Imposto sobre a Propriedade Predial e Territorial Urbana – IPTU | B11: 4.037.453,83 | H11: 2.541.607,58
A12: 1.2- Receita Resultante do Imposto sobre Transmissão Inter Vivos – ITBI | B12: 1.078.358,27 | H12: 1.721.629,08
A13: 1.3- Receita Resultante do Imposto sobre Serviços de Qualquer Natureza – ISS | B13: 5.723.855,79 | H13: 3.491.233,41
A14: 1.4- Receita Resultante do Imposto de Renda Retido na Fonte – IRRF | B14: 3.488.232,14 | H14: 2.820.741,81
A15: 2- RECEITA DE TRANSFERÊNCIAS CONSTITUCIONAIS E LEGAIS | B15: 58.063.914,35 | H15: 56.285.797,11
A16: 2.1- Cota-Parte FPM | B16: 25.861.825,58 | H16: 23.131.426,63
A17: 2.1.1- Parcela referente à CF, art. 159, I, alínea b | B17: 23.564.845,20 | H17: 22.065.902,38
A18: 2.1.2- Parcela referente à CF, art. 159, I, alíneas d e e | B18: 2.296.980,38 | H18: 1.065.524,25
A19: 2.2- Cota-Parte ICMS | B19: 28.012.287,51 | H19: 29.193.931,74
A20: 2.3- Cota-Parte IPI-Exportação | B20: 364.667,51 | H20: 326.887,99
... A27: 5- VALOR MÍNIMO A SER APLICADO EM MDE ALÉM DO VALOR DESTINADO AO FUNDEB - 5% DE ((2.1.1) + (2.2) + (2.3) + (2.4) + (2.5)) + 25% DE ((1.1) + (1.2) + (1.3) + (1.4) + (2.1.2)+ (2.6)+ (2.7)) | B27: 6.944.566,80 | H27: 5.671.197,68
A29: FUNDEB
A30: RECEITAS RECEBIDAS DO FUNDEB NO EXERCÍCIO | B30: PREVISÃO ATUALIZADA (a) | H30: RECEITAS REALIZADAS Até o Bimestre (b)
A31: 6- RECEITAS RECEBIDAS DO FUNDEB | B31: 25.354.431,00 | H31: 21.817.425,62
A32: 6.1- FUNDEB - Impostos e Transferências de Impostos | B32: 25.354.431,00 | H32: 21.817.425,62
A33: 6.1.1- Principal | B33: 25.354.431,00 | H33: 21.817.425,62
A34: 6.1.2- Rendimentos de Aplicação Financeira | B34: - | H34: -
A35: 6.2- FUNDEB - Complementação da União - VAAF | B35: - | H35: -
A36: 6.2.1- Principal | B36: - | H36: -
A37: 6.2.2- Rendimentos de Aplicação Financeira | B37: - | H37: -
A38: 6.3- FUNDEB - Complementação da União - VAAT | B38: - | H38: -
A39: 6.3.1- Principal | B39: - | H39: -
A41: FONTE: GOVBR - Responsabilidade Fiscal, SECRETARIA DE MUNICÍPIO DA FAZENDA, 18/Nov/2021, 15h e 36m.
A42: Prefeitura Municipal de Cacapava do Sul-RS | Q42: Página 2 de 5
A43: RELATÓRIO RESUMIDO DA EXECUÇÃO ORÇAMENTÁRIA
A44: DEMONSTRATIVO DAS RECEITAS E DESPESAS COM MANUTENÇÃO E DESENVOLVIMENTO DO ENSINO - MDE
A45: ORÇAMENTO FISCAL E DA SEGURIDADE SOCIAL
A46: Janeiro a Outubro 2021/Bimestre Setembro-Outubro
A48: RREO - Anexo 8 (LDB,art. 72) | L48: Em Reais
A49: FUNDEB
A50: RECEITAS RECEBIDAS DO FUNDEB NO EXERCÍCIO | B50: PREVISÃO ATUALIZADA (a) | H50: RECEITAS REALIZADAS Até o Bimestre (b)
A51: 6.3.2- Rendimentos de Aplicação Financeira | B51: - | H51: -
A52: 7- RESULTADO LÍQUIDO DAS TRANSFERÊNCIAS DO FUNDEB (6.1.1 – 4)¹ | B52: 14.201.044,21 | H52: 10.773.371,05
A54: RECURSOS RECEBIDOS EM EXERCÍCIOS ANTERIORES E NÃO UTILIZADOS (SUPERÁVIT) | B54: VALOR
A55: 8- TOTAL DOS RECURSOS DE SUPERÁVIT | B55: -
A56: 8.1- SUPERÁVIT DO EXERCÍCIO IMEDIATAMENTE ANTERIOR | B56: -
A57: 8.2- SUPERÁVIT RESIDUAL DE OUTROS EXERCÍCIOS | B57: -
A58: 9- TOTAL DOS RECURSOS DO FUNDEB DISPONÍVEIS PARA UTILIZAÇÃO (6 + 8) | B58: 21.817.425,62
A60: DESPESAS COM RECURSOS DO FUNDEB (Por Área de Atuação)⁶ | B60: DOTAÇÃO ATUALIZADA (c) | E60: DESPESAS EMPENHADAS Até o Bimestre (d) | H60: DESPESAS LIQUIDADAS Até o Bimestre (e) | J60: DESPESAS PAGAS Até o Bimestre (f) | N60: INSCRITAS EM RESTOS A PAGAR NÃO PROCESSADOS (g)
A61: 10- PROFISSIONAIS DA EDUCAÇÃO BÁSICA | B61: - | E61: - | H61: - | J61: - | N61: -
A62: 10.1- Educação Infantil | B62: - | E62: - | H62: - | J62: - | N62: -
A63: 10.1.1- Creche | B63: - | E63: - | H63: - | J63: - | N63: -
A64: 10.1.2- Pré-escola | B64: - | E64: - | H64: - | J64: - | N64: -
A65: 10.2- Ensino Fundamental | B65: - | E65: - | H65: - | J65: - | N65: -
A66: 11- OUTRAS DESPESAS | B66: - | E66: - | H66: - | J66: - | N66: -
A67: 11.1- Educação Infantil | B67: - | E67: - | H67: - | J67: - | N67: -
A68: 11.1.1- Creche | B68: - | E68: - | H68: - | J68: - | N68: -
A69: 11.1.2- Pré-escola | B69: - | E69: - | H69: - | J69: - | N69: -
A70: 11.2- Ensino Fundamental | B70: - | E70: - | H70: - | J70: - | N70: -
A71: 12- TOTAL DAS DESPESAS COM RECURSOS DO FUNDEB (10 + 11) | B71: - | E71: - | H71: - | J71: - | N71: -
A73: INDICADORES DO FUNDEB
A74: DESPESAS CUSTEADAS COM RECEITAS DO FUNDEB RECEBIDAS NO EXERCÍCIO | B74: DESPESAS EMPENHADAS Até o Bimestre (d) | E74: DESPESAS LIQUIDADAS Até o Bimestre (e) | H74: DESPESAS PAGAS Até o Bimestre (f) | J74: INSCRITAS EM RESTOS A PAGAR NÃO PROCESSADOS (g) | N74: INSCRITAS EM RESTOS A PAGAR NÃO PROCESSADOS (SEM DISPONIBILIDADE DE CAIXA)⁷ (h)
A75: 13- Total das Despesas do FUNDEB com Profissionais da Educação Básica | B75: - | E75: - | H75: - | J75: - | N75: -
A76: 14- Total das Despesas custeadas com FUNDEB - Impostos e Transferências de Impostos | B76: 20.088.559,86 | E76: 20.088.559,86 | H76: 19.322.984,55 | J76: - | N76: -
A77: 15- Total das Despesas custeadas com FUNDEB - Complementação da União - VAAF | B77: - | E77: - | H77: - | J77: - | N77: -
A78: 16- Total das Despesas custeadas com FUNDEB - Complementação da União - VAAT | B78: - | E78: - | H78: - | J78: - | N78: -
A79: 17- Total das Despesas custeadas com FUNDEB - Complementação da União - VAAT Aplicadas na Educação Infantil | B79: - | E79: - | H79: - | J79: - | N79: -
A80: 18- Total das Despesas custeadas com FUNDEB - Complementação da União - VAAT Aplicadas em Despesa de Capital | B80: - | E80: - | H80: - | J80: - | N80: -
A83: FONTE: GOVBR - Responsabilidade Fiscal, SECRETARIA DE MUNICÍPIO DA FAZENDA, 18/Nov/2021, 15h e 36m.
A84: Prefeitura Municipal de Cacapava do Sul-RS | Q84: Página 3 de 5
A85: RELATÓRIO RESUMIDO DA EXECUÇÃO ORÇAMENTÁRIA
A86: DEMONSTRATIVO DAS RECEITAS E DESPESAS COM MANUTENÇÃO E DESENVOLVIMENTO DO ENSINO - MDE
A87: ORÇAMENTO FISCAL E DA SEGURIDADE SOCIAL
A88: Janeiro a Outubro 2021/Bimestre Setembro-Outubro
A90: RREO - Anexo 8 (LDB,art. 72) | L90: Em Reais
A91: INDICADORES - Art. 212-A, inciso XI e § 3º - Constituição Federal² | B91: VALOR EXIGIDO (i) | F91: VALOR APLICADO (j) | I91: VALOR CONSIDERADO APÓS DEDUÇÕES (k) | O91: % APLICADO (l)
A92: 19- Mínimo de 70% do FUNDEB na Remuneração dos Profissionais da Educação Básica | B92: 15.272.197,93 | F92: - | I92: - | O92: -
A93: 20 - Percentual de 50% da Complementação da União ao FUNDEB (VAAT) na Educação Infantil | B93: - | F93: - | I93: - | O93: -
A94: 21- Mínimo de 15% da Complementação da União ao FUNDEB - VAAT em Despesas de Capital | B94: - | F94: - | I94: - | O94: -
A96: INDICADOR - Art.25, § 3º - Lei nº 14.113, de 2020 - (Máximo de 10% de Superávit)³ | B96: VALOR MAXIMO PERMITIDO (m) | F96: VALOR NÃO APLICADO (n) | I96: VALOR NÃO APLICADO APÓS AJUSTE (o) | O96: % NÃO APLICADO (p)
A97: 22- Total da Receita Recebida e não Aplicada no Exercício | B97: 2.181.742,56 | F97: 1.728.865,76 | I97: 1.728.865,76 | O97: 7.92
A99: INDICADOR - Art.25, § 3º - Lei nº 14.113, de 2020 - (Aplicação do Superávit de Exercício Anterior)³ | B99: VALOR DE SUPERÁVIT PERMITIDO NO EXERCÍCIO ANTERIOR (q) | C99: VALOR NÃO APLICADO NO EXERCÍCIO ANTERIOR (r) | G99: VALOR DE SUPERÁVIT APLICADO ATÉ O PRIMEIRO QUADRIMESTRE (s) | I99: VALOR APLICADO ATÉ O PRIMEIRO QUADRIMESTRE QUE INTEGRARÁ O LIMITE CONSTITUCIONAL (t) | K99: VALOR APLICADO APÓS O PRIMEIRO QUADRIMESTRE (u) | P99: VALOR NÃO APLICADO (v) = (r) - (s) - (u)
A100: 23- Total das Despesas do FUNDEB com Profissionais da Educação Básica | B100: - | C100: - | G100: - | I100: - | K100: - | P100: -
A101: 23.1- Total das Despesas custeadas com FUNDEB - Impostos e Transferências de Impostos | B101: - | C101: - | G101: - | I101: - | K101: - | P101: -
A102: 23.2- Total das Despesas custeadas com FUNDEB - Complementação da União - VAAF | B102: - | C102: - | G102: - | I102: - | K102: - | P102: -
A104: DESPESAS COM MANUTENÇÃO E DESENVOLVIMENTO DO ENSINO – MDE – CUSTEADAS COM RECEITA DE IMPOSTOS (EXCETO FUNDEB)
A105: DESPESAS COM AÇÕES TÍPICAS DE MDE - RECEITAS DE IMPOSTOS - EXCETO FUNDEB (Por Área de Atuação)⁶ | B105: DOTAÇÃO ATUALIZADA (c) | E105: DESPESAS EMPENHADAS Até o Bimestre (d) | H105: DESPESAS LIQUIDADAS Até o Bimestre (e) | J105: DESPESAS PAGAS Até o Bimestre (f) | N105: INSCRITAS EM RESTOS A PAGAR NÃO PROCESSADOS (g)
A106: 24- EDUCAÇÃO INFANTIL | B106: 4.741.595,21 | E106: 873.356,30 | H106: 852.238,27 | J106: 821.232,12 | N106: -
A107: 24.1- Creche | B107: 3.041.168,94 | E107: 587.930,93 | H107: 566.812,90 | J107: 547.767,42 | N107: -
A108: 24.2- Pré-escola | B108: 1.700.426,27 | E108: 285.425,37 | H108: 285.425,37 | J108: 273.464,70 | N108: -
A109: 25- ENSINO FUNDAMENTAL | B109: 8.256.629,47 | E109: 4.144.364,42 | H109: 4.052.663,75 | J109: 3.932.487,06 | N109: -
A110: 26- TOTAL DAS DESPESAS COM AÇÕES TÍPICAS DE MDE (24 + 25) | B110: 12.998.224,68 | E110: 5.017.720,72 | H110: 4.904.902,02 | J110: 4.753.719,18 | N110: -
A111: APURAÇÃO DAS DESPESAS PARA FINS DE LIMITE MÍNIMO CONSTITUCIONAL | N111: VALOR
A112: 27- TOTAL DAS DESPESAS DE MDE CUSTEADAS COM RECURSOS DE IMPOSTOS (FUNDEB E RECEITA DE IMPOSTOS) = (L14(d ou e) + L26(d ou e) + L23.1(t)) | N112: 24.993.461,88
A113: 28 (-) RESULTADO LÍQUIDO DAS TRANSFERÊNCIAS DO FUNDEB = (L7) | N113: 10.773.371,05
A114: 29 (-) RESTOS A PAGAR NÃO PROCESSADOS INSCRITOS NO EXERCÍCIO SEM DISPONIBILIDADE FINANCEIRA DE RECURSOS DO FUNDEB IMPOSTOS⁴ = (L14h) | N114: -
A115: 30 (-) RESTOS A PAGAR NÃO PROCESSADOS INSCRITOS NO EXERCÍCIO SEM DISPONIBILIDADE FINANCEIRA DE RECURSOS DE IMPOSTOS⁴ ᵉ ⁷ | N115: -
A116: 31 (-) CANCELAMENTO, NO EXERCÍCIO, DE RESTOS A PAGAR INSCRITOS COM DISPONIBILIDADE FINANCEIRA DE RECURSOS DE IMPOSTOS VINCULADOS AO ENSINO | N116: 7.661,99
A117: 32- TOTAL DAS DESPESAS PARA FINS DE LIMITE (27 – (28 + 29 + 30 + 31)) | N117: 14.212.428,84
A119: APURAÇÃO DO LIMITE MÍNIMO CONSTITUCIONAL² ᵉ ⁵ | B119: VALOR EXIGIDO (x) | H119: VALOR APLICADO (w) | N119: % APLICADO (y)
A120: 33- APLICAÇÃO EM MDE SOBRE A RECEITA RESULTANTE DE IMPOSTOS | B120: 16.715.252,25 | H120: 14.212.428,84 | N120: 21.26
...

Sheet Reg_Ouro
J1: Página 1 de 1
D3: PREFEITURA MUNICIPAL DE CACAPAVA DO SUL-RS
D4: RELATÓRIO RESUMIDO DA EXECUÇÃO ORÇAMENTÁRIA
D5: DEMONSTRATIVO DAS RECEITAS DE OPERAÇÕES DE CRÉDITO E DESPESAS DE CAPITAL (REGRA DE OURO)
D6: ORÇAMENTOS FISCAL E DA SEGURIDADE SOCIAL
D7: JANEIRO A OUTUBRO 2021/BIMESTRE SETEMBRO-OUTUBRO
A11: RREO – ANEXO 9 (LRF, art.53, § 1º, inciso I) | K11: Em Reais
A12: RECEITAS | F12: PREVISÃO ATUALIZADA | H12: RECEITAS REALIZADAS | I12: SALDO NÃO REALIZADO
F13: (a) | H13: (b) | I13: (c) = (a-b)
A14: RECEITAS DE OPERAÇÕES DE CRÉDITO¹ (I) | F14: - | H14: - | I14: -
A16: DESPESAS | F16: DOTAÇÃO ATUALIZADA | H16: DESPESAS | I16: SALDO NÃO EXECUTADO
H17: EMPENHADAS
F18: (d) | H18: (e) | I18: (f)=(d-e)
A19: DESPESAS DE CAPITAL | F19: 7.468.561,85 | H19: 1.523.678,68 | I19: 5.944.883,17
A20: Investimentos | F20: 7.456.113,47 | H20: 1.523.678,68 | I20: 5.932.434,79
A21: Inversões Financeiras | F21: 11.583,00 | H21: - | I21: 11.583,00
A22: Amortização da Dívida | F22: 865.38 | H22: - | I22: 865.38
A23: (-)Incentivos Fiscais a Contribuinte | F23: - | H23: - | I23: -
A24: (-)Incentivos Fiscais a Contribuinte por Instituições Financeiras | F24: - | H24: - | I24: -
A25: DESPESAS DE CAPITAL LÍQUIDA (II) | F25: 7.468.561,85 | H25: 1.523.678,68 | I25: 5.944.883,17
A27: RESULTADO PARA APURAÇÃO DA REGRA DE OURO (III)=(II–I) | F27: 7.468.561,85 | H27: 1.523.678,68 | I27: 5.944.883,17
A28: Notas: ¹ Operações de Crédito descritas na CF, art. 167, inciso III
A40: FONTE: GOVBR - Responsabilidade Fiscal, SECRETARIA DE MUNICÍPIO DA FAZENDA, 18/Nov/2021, 15h e 55m.

Sheet AlienAplic
A1: PREFEITURA MUNICIPAL DE CACAPAVA DO SUL - RS
A2: RELATÓRIO RESUMIDO DA EXECUÇÃO ORÇAMENTÁRIA
A3: DEMONSTRATIVO DA RECEITA DE ALIENAÇÃO DE ATIVOS E APLICAÇÃO DOS RECURSOS
A4: ORÇAMENTOS FISCAL E DA SEGURIDADE SOCIAL
A5: JANEIRO A OUTUBRO 2021/BIMESTRE SETEMBRO-OUTUBRO
A6: RREO - ANEXO 11 (LRF, art. 53, § 1º, inciso III) | J6: Em Reais
A7: RECEITAS | D7: PREVISÃO ATUALIZADA | E7: RECEITAS REALIZADAS | J7: SALDO
D8: (a) | E8: (b) | J8: (c)=(a-b)
A9: RECEITAS DE ALIENAÇÃO DE ATIVOS (I) | D9: 0 | E9: 0 | J9: 0
C10: Receita de Alienação de Bens Móveis | D10: 0 | E10: 0 | J10: 0
C11: Receita de Alienação de Bens Imóveis | D11: 0 | E11: 0 | J11: 0
C12: Receita de Alienação de Bens Intangíveis | D12: 0 | E12: 0 | J12: 0
C13: Receita de Rendimentos de Aplicações Financeiras | D13: 0 | E13: 0 | J13: 0
A15: DESPESAS | D15: DOTAÇÃO ATUALIZADA | E15: DESPESAS | F15: DESPESAS | G15: DESPESAS | H15: DESPESAS | I15: PAGAMENTO | J15: SALDO
E16: EMPENHADAS | F16: LIQUIDADAS | G16: PAGAS | H16: INSCRITAS EM RESTOS A | I16: DE RESTOS A PAGAR
H17: PAGAR NÃO PROCESSADOS
D18: (d) | E18: (e) | G18: (f) | I18: (g) | J18: (h)=(d-e)
A19: APLICAÇÃO DOS RECURSOS DA ALIENAÇÃO DE ATIVOS (II) | D19: 0 | E19: 0 | F19: 0 | G19: 0 | H19: 0 | I19: 0 | J19: 0
A20: Despesas de Capital | D20: 0 | E20: 0 | F20: 0 | G20: 0 | H20: 0 | I20: 0 | J20: 0
B21: Investimentos | D21: 0 | E21: 0 | F21: 0 | G21: 0 | H21: 0 | I21: 0 | J21: 0
B22: Inversões Financeiras | D22: 0 | E22: 0 | F22: 0 | G22: 0 | H22: 0 | I22: 0 | J22: 0
B23: Amortização da Dívida | D23: 0 | E23: 0 | F23: 0 | G23: 0 | H23: 0 | I23: 0 | J23: 0
A24: Despesas Correntes dos Regimes de Previdência | D24: 0 | E24: 0 | F24: 0 | G24: 0 | H24: 0 | I24: 0 | J24: 0
B25: Regime Próprio dos Servidores Públicos | D25: 0 | E25: 0 | F25: 0 | G25: 0 | H25: 0 | I25: 0 | J25: 0
A27: SALDO FINANCEIRO A APLICAR | D27: 2020 | E27: 2021 | J27: SALDO ATUAL
D28: (i) | E28: (j) = (Ib - (IIf + IIg)) | J28: (k) = (IIIi + IIIj)
A29: VALOR (III) | E29: 0 | J29: 0

Sheet ASPS
A1: Prefeitura Municipal de Cacapava do Sul-RS | AG1: Página 1 de 5
A2: Relatório Resumido da Execução Orçamentária
A3: Demonstrativo das Receitas e Despesas com Ações e Serviços Públicos de Saúde
A4: Orçamento Fiscal e da Seguridade Social
A5: Janeiro a Outubro 2021/Bimestre Setembro-Outubro
A7: RREO – ANEXO XII (LC n° 141/2012 art.35)
A8: RECEITAS RESULTANTES DE IMPOSTOS E TRANSFERÊNCIAS CONSTITUCIONAIS E LEGAIS | J8: PREVISÃO INICIAL | Q8: PREVISÃO ATUALIZADA (a) | X8: RECEITAS REALIZADAS
X9: Até o Bimestre (b) | AE9: % (b/a) x 100
A10: RECEITA DE IMPOSTOS (I) | J10: 14.327.900,03 | Q10: 14.327.900,03 | X10: 10.575.211,88 | AE10: 73,81
A11: Receita Resultante do Imposto Predial e Territorial Urbano - IPTU | J11: 4.037.453,83 | Q11: 4.037.453,83 | X11: 2.541.607,58 | AE11: 62,95
A12: IPTU | J12: 3.167.486,58 | Q12: 3.167.486,58 | X12: 2.071.394,10 | AE12: 65,40
A13: Multas, Juros de Mora, Divida Ativa e Outros Encargos do IPTU | J13: 869.967,25 | Q13: 869.967,25 | X13: 470.213,48 | AE13: 54,05
A14: Receita Resultante do Imposto sobre Transmissão Inter Vivos - ITBI | J14: 1.078.358,27 | Q14: 1.078.358,27 | X14: 1.721.629,08 | AE14: 159,65
A15: ITBI | J15: 1.060.847,40 | Q15: 1.060.847,40 | X15: 1.721.629,08 | AE15: 162,29
A16: Multas, Juros de Mora, Dívida Ativa e Outros Encargos do ITBI | J16: 17.510,87 | Q16: 17.510,87 | X16: - | AE16: -
A17: Receita Resultante do Imposto sobre Serviços de Qualquer Natureza - ISS | J17: 5.723.855,79 | Q17: 5.723.855,79 | X17: 3.491.233,41 | AE17: 60,99
A18: ISS | J18: 5.602.856,40 | Q18: 5.602.856,40 | X18: 3.132.367,22 | AE18: 55,91
A19: Multas, Juros de Mora, Dívida Ativa e Outros Encargos do ISS | J19: 120.999,39 | Q19: 120.999,39 | X19: 358.866,19 | AE19: 296,59
A20: Receita Resultante do Imposto sobre a Renda e Proventos de Qualquer Natureza Retido na Fonte – IRRF | J20: 3.488.232,14 | Q20: 3.488.232,14 | X20: 2.820.741,81 | AE20: 80,86
A21: RECEITA DE TRANSFERÊNCIAS CONSTITUCIONAIS E LEGAIS (II) | J21: 55.930.423,28 | Q21: 55.930.423,28 | X21: 55.220.272,86 | AE21: 98,73
... A30: TOTAL DAS RECEITAS RESULTANTES DE IMPOSTOS E TRANFERÊNCIAS CONSTITUCIONAIS E LEGAIS - (III) = (I) + (II) | J30: 70.258.323,31 | Q30: 70.258.323,31 | X30: 65.795.484,74 | AE30: 93,65
A32: DESPESAS COM AÇÕES E SERVIÇOS PÚBLICOS DE SAÚDE (ASPS) – POR SUBFUNÇÃO E CATEGORIA ECONÔMICA | F32: DOTAÇÃO INICIAL | H32: DOTAÇÃO ATUALIZADA (c) | M32: DESPESAS EMPENHADAS | T32: DESPESAS LIQUIDADAS | AC32: DESPESAS PAGAS
M33: Até o bimestre (d) | P33: % (d/c) x 100 | T33: Até o bimestre (e) | Y33: % (e/c) x 100 | AC33: Até o bimestre (f) | AG33: % (f/c) x 100
A34: ATENÇÃO BÁSICA (IV) | F34: 3.376.172,48 | H34: 3.687.215,31 | M34: 2.915.280,37 | P34: 79,06 | T34: 2.873.528,79 | Y34: 77,93 | AC34: 2.862.308,46 | AG34: 77,63
A35: Despesas Correntes | F35: 3.376.172,48 | H35: 3.687.215,31 | M35: 2.915.280,37 | P35: 79,06 | T35: 2.873.528,79 | Y35: 77,93 | AC35: 2.862.308,46 | AG35: 77,63
A36: Despesas de Capital | F36: - | H36: - | M36: - | P36: - | T36: - | Y36: - | AC36: - | AG36: -
A37: ASSISTÊNCIA HOSPITALAR E AMBULATORIAL (V) | F37: 8.766.283,95 | H37: 9.154.976,25 | M37: 7.841.330,98 | P37: 85,65 | T37: 7.731.827,31 | Y37: 84,45 | AC37: 7.118.058,31 | AG37: 77,75
A38: Despesas Correntes | F38: 8.766.279,95 | H38: 9.138.805,08 | M38: 7.825.287,48 | P38: 85,63 | T38: 7.727.351,98 | Y38: 84,56 | AC38: 7.113.582,98 | AG38: 77,84
A39: Despesas de Capital | F39: 4,00 | H39: 16.171,17 | M39: 16.043,50 | P39: 99,21 | T39: 4.475,33 | Y39: 27,67 | AC39: 4.475,33 | AG39: 27,67
A40: SUPORTE PROFILÁTICO E TERAPÊUTICO (VI) | F40: 403.453,40 | H40: 443.453,40 | M40: 387.848,33 | P40: 87,46 | T40: 373.089,53 | Y40: 84,13 | AC40: 361.130,94 | AG40: 81,44
A41: Despesas Correntes | F41: 403.453,40 | H41: 443.453,40 | M41: 387.848,33 | P41: 87,46 | T41: 373.089,53 | Y41: 84,13 | AC41: 361.130,94 | AG41: 81,44
A42: Despesas de Capital | F42: - | H42: - | M42: - | P42: - | T42: - | Y42: - | AC42: - | AG42: -
A43: VIGILÂNCIA SANITÁRIA (VII) | F43: 30.008,00 | H43: 50.008,00 | M43: 20.000,00 | P43: 39,99 | T43: 10.000,00 | Y43: 20,00 | AC43: 5.000,00 | AG43: 10,00
A44: Despesas Correntes | F44: 30.007,00 | H44: 50.007,00 | M44: 20.000,00 | P44: 39,99 | T44: 10.000,00 | Y44: 20,00 | AC44: 5.000,00 | AG44: 10,00
A45: Despesas de Capital | F45: 1,00 | H45: 1,00 | M45: - | P45: - | T45: - | Y45: - | AC45: - | AG45: -
A47: FONTE: GOVBR - Responsabilidade Fiscal, SECRETARIA DE MUNICÍPIO DA FAZENDA, 18/Nov/2021, 16h e 01m.
A49: Prefeitura Municipal de Cacapava do Sul-RS | AG49: Página 2 de 5
A50: Relatório Resumido da Execução Orçamentária
A51: Demonstrativo das Receitas e Despesas com Ações e Serviços Públicos de Saúde
A52: Orçamento Fiscal e da Seguridade Social
A53: Janeiro a Outubro 2021/Bimestre Setembro-Outubro
A55: RREO – ANEXO XII (LC n° 141/2012 art.35)
A56: DESPESAS COM AÇÕES E SERVIÇOS PÚBLICOS DE SAÚDE (ASPS) – POR SUBFUNÇÃO E CATEGORIA ECONÔMICA | F56: DOTAÇÃO INICIAL | H56: DOTAÇÃO ATUALIZADA (c) | M56: DESPESAS EMPENHADAS | T56: DESPESAS LIQUIDADAS | AC56: DESPESAS PAGAS
M57: Até o bimestre (d) | P57: % (d/c) x 100 | T57: Até o bimestre (e) | Y57: % (e/c) x 100 | AC57: Até o bimestre (f) | AG57: % (f/c) x 100
A58: VIGILÂNCIA EPIDEMIOLÓGICA (VIII) | F58: 432.648,90 | H58: 392.649,90 | M58: 284.395,88 | P58: 72,43 | T58: 284.395,88 | Y58: 72,43 | AC58: 283.837,62 | AG58: 72,29
A59: Despesas Correntes | F59: 432.648,90 | H59: 392.649,90 | M59: 284.395,88 | P59: 72,43 | T59: 284.395,88 | Y59: 72,43 | AC59: 283.837,62 | AG59: 72,29
A60: Despesas de Capital | F60: - | H60: - | M60: - | P60: - | T60: - | Y60: - | AC60: - | AG60: -
A61: ALIMENTAÇÃO E NUTRIÇÃO (IX) | F61: - | H61: - | M61: - | P61: - | T61: - | Y61: - | AC61: - | AG61: -
A62: Despesas Correntes | F62: - | H62: - | M62: - | P62: - | T62: - | Y62: - | AC62: - | AG62: -
A63: Despesas de Capital | F63: - | H63: - | M63: - | P63: - | T63: - | Y63: - | AC63: - | AG63: -
A64: OUTRAS SUBFUNÇÕES (X) | F64: 7.143.703,20 | H64: 6.423.967,07 | M64: 4.982.989,37 | P64: 77,57 | T64: 4.841.077,20 | Y64: 75,36 | AC64: 4.381.728,31 | AG64: 68,21
A65: Despesas Correntes | F65: 6.977.226,16 | H65: 6.262.489,03 | M65: 4.875.348,73 | P65: 77,85 | T65: 4.733.436,56 | Y65: 75,58 | AC65: 4.274.087,67 | AG65: 68,25
A66: Despesas de Capital | F66: 166.477,04 | H66: 161.478,04 | M66: 107.640,64 | P66: 66,66 | T66: 107.640,64 | Y66: 66,66 | AC66: 107.640,64 | AG66: 66,66
A67: TOTAL (XI) = (IV + V + VI + VII + VIII + IX + X) | F67: 20.152.269,93 | H67: 20.152.269,93 | M67: 16.431.844,93 | P67: 81,54 | T67: 16.113.918,71 | Y67: 79,96 | AC67: 15.012.063,64 | AG67: 74,49
A69: APURAÇÃO DO CUMPRIMENTO DO LIMITE MÍNIMO PARA APLICAÇÃO EM ASPS | O69: DESPESAS EMPENHADAS (d) | U69: DESPESAS LIQUIDADAS (e) | AD69: DESPESAS PAGAS (f)
A70: Total das Despesas com ASPS (XII) = (XI) | O70: 16.431.844,93 | U70: 16.113.918,71 | AD70: 15.012.063,64
A71: (-) Restos a Pagar Não Processados Inscritos Indevidamente no Exercício sem Disponibilidade Financeira (XIII)¹ | O71: - | U71: - | AD71: -
A72: (-) Despesas Custeadas com Recursos Vinculados à Parcela do Percentual Mínimo que não foi Aplicada em ASPS em Exercícios Anteriores (XIV)³ | O72: - | U72: - | AD72: -
A73: (-) Despesas Custeadas com Disponibilidade de Caixa Vinculada aos Restos a Pagar Cancelados (XV)² | O73: - | U73: - | AD73: -
